Workbook

Sheet Intro
J2: 2013 | L2: 2012 | N2: =PMB!F2 -> 2011 | P2: =PMB!H2 -> 2010 | R2: =PMB!J2 -> 2009 | T2: =PMB!L2 -> 2008 | V2: =PMB!N2 -> 2007
A3: YEARLY BUSINESS CONFIDENCE SURVEY AND INDEX
C4: Pietermaritzburg Business Confidence Index | J4: =PMB!B280 -> 49.95 | L4: =PMB!D280 -> 68.2 | N4: =PMB!F280 -> 63.45 | P4: =PMB!H280 -> 58.87944 | R4: =PMB!J280 -> 63.5 | T4: =PMB!L280 -> 65.95 | V4: =PMB!N280 -> 83
C6: Durban Business Confidence Index | J6: =Durban!B280 -> 69.65 | L6: =Durban!D280 -> 68.55 | N6: =Durban!F280 -> 74.95 | P6: =Durban!H280 -> 68.5 | R6: =Durban!J280 -> 65.75 | T6: =Durban!L280 -> 68.131868 | V6: =Durban!N280 -> 81.094527
C8: Richards Bay Business Confidence Index | J8: =RBay!B280 -> 41.65 | L8: =RBay!D280 -> 78.55 | N8: =RBay!F280 -> 73.7 | P8: =RBay!H280 -> 66.65 | R8: =RBay!J280 -> 69.05 | T8: =RBay!L280 -> 61.38069 | V8: =RBay!N280 -> 80.904523
C10: Port Shepstone Business Confidence Index | J10: ='Port Shepstone'!B280 -> 68.75 | L10: ='Port Shepstone'!D280 -> 66.65 | N10: ='Port Shepstone'!F280 -> 61.3
C12: Rest of KZN Business Confidence Index | J12: =Other!B280 -> 53.4 | L12: =Other!D280 -> 70.6 | N12: =Other!F280 -> 78.1
C14: Provincial Business Confidence Index | J14: =Regional!D280 -> 64.753247 | L14: =Regional!F280 -> 69.298701 | N14: =Regional!H280 -> 73.248701 | P14: =Regional!J280 -> 67.260127 | R14: =Regional!L280 -> 65.775352 | T14: =Regional!N280 -> 67.316407 | V14: =Regional!P280 -> 81.292541
C16: Product Business Confidence Index | J16: =Product2013!B280 -> 52 | L16: =Product2011!J280 -> 70.05 | N16: =Product2011!L280 -> 71.821429
C18: Services Business Confidence Index | J18: =Services2013!B280 -> 58.3 | L18: =Services2011!J280 -> 85.3 | N18: =Services2011!L280 -> 73.714935
C20: Regional Sales Multipliers | N20: How much of total sales?
C22: Regional Purchases Multipliers | N22: How much of total purchases?
C23: Demograpic | E23: Factors | G23: Financial

Sheet Durban
A1: Business Survey - Durban
B2: 2013 | D2: 2012 | F2: 2011 | H2: 2010 | J2: 2009 | L2: 2008 | N2: 2007 | P2: 2005
B3: =D3 -> As a percentage | C3: =E3 -> Less than Ogive | D3: =F3 -> As a percentage | E3: =G3 -> Less than Ogive | F3: =H3 -> As a percentage | G3: =I3 -> Less than Ogive | H3: =J3 -> As a percentage | I3: =K3 -> Less than Ogive | ... K3: =M3 -> Less than Ogive | L3: As a percentage | M3: Less than Ogive | N3: As a percentage | O3: Less than Ogive | P3: As a percentage | Q3: Less than Ogive
A4: Industry by sector in which your business operates?
A5: Agriculture, Forestry, Hunting (Processing of Farm Products) | F5: 1.6 | J5: 3.4 | L5: 1.1
A6: Farming (Basic production of agri products)
A7: Mining
A8: Quarrying
A9: Manufacturing | B9: 7.1 | D9: 24.2 | F9: 25.9 | H9: 24 | J9: 21.7 | L9: 27.5 | N9: 30 | P9: 21.43
A10: Electricity, Gas & Water | F10: 2.8 | L10: 1.1 | N10: 1
A11: Construction | D11: 3.2 | F11: 4.6 | H11: 8 | J11: 2.8 | L11: 3.3 | N11: 4 | P11: 7.14
A12: Educational Institutions | B12: 3.6 | D12: 4.8 | F12: 1.9 | H12: 4 | J12: 1.9 | L12: 3.3 | N12: 3
A13: Tourism, Catering & Accommodation | B13: 10.7 | D13: 6.5 | F13: 5.6 | H13: 3 | J13: 2.9 | L13: 6.6 | N13: 4
A14: Wholesale & Retail | D14: 11.3 | F14: 5.6 | H14: 9 | J14: 14.3 | L14: 7.7 | N14: 8 | P14: 21.43
A15: Vehicle Sales | J15: 1 | L15: 1.1 | N15: 1
A16: Transport, Storage & Communications | D16: 4.8 | F16: 7.4 | H16: 2 | J16: 9.6 | L16: 11 | N16: 11
A17: Banks & Financial | B17: 3.7 | D17: 3.3 | F17: 3.7 | H17: 7 | L17: 2.2 | N17: 4 | P17: 7.14
A18: Legal | B18: 3.6 | L18: 0
A19: Insurance , Pension & Medical Aid Funds | B19: 7.1 | H19: 1 | L19: 3.3 | N19: 1
A20: Real Estate | D20: 3.2 | F20: 2.8 | H20: 3 | N20: 6
A21: Business Services | B21: 32.1 | D21: 14.5 | F21: 13 | H21: 12 | J21: 14.3 | L21: 7.7 | N21: 5
A22: Central Government
A23: Local Government
A24: Provincial Government | D24: 1.6 | F24: 0.9
A25: Social & Personal Services | B25: 3.6 | D25: 3.2 | F25: 1.9 | J25: 2.9 | L25: 1.1
A26: IT | B26: 7.1 | D26: 6.5 | F26: 5.6 | H26: 4 | L26: 4.4 | N26: 5
A27: Taxis
A28: Other | B28: 21.4 | C28: =SUM(B5:B28) -> 100 | D28: 12.9 | E28: =SUM(D5:D28) -> 100 | F28: 16.7 | G28: =SUM(F5:F28) -> 100 | H28: 23 | I28: =SUM(H5:H28) -> 100 | J28: 25.3 | K28: =SUM(J5:J28) -> 100.1 | L28: 18.7 | N28: 16 | P28: 35.71
A30: How many employees do you have?
A31: 0 - 10 | B31: 67.8 | C31: =B31 -> 67.8 | D31: 46.7 | E31: =D31 -> 46.7 | F31: 32.4 | G31: =F31 -> 32.4 | H31: 37 | I31: =H31 -> 37 | J31: 14.3 | K31: =J31 -> 14.3 | L31: 34.1 | M31: =L31 -> 34.1 | N31: 39 | O31: =N31 -> 39 | P31: 33 | Q31: =P31 -> 33
A32: 11. - 30 | B32: 17.9 | C32: =C31+B32 -> 85.7 | D32: 29 | E32: =E31+D32 -> 75.7 | F32: 26.9 | G32: =G31+F32 -> 59.3 | H32: 30 | I32: =I31+H32 -> 67 | J32: 0 | K32: =K31+J32 -> 14.3 | L32: 33 | M32: =M31+L32 -> 67.1 | N32: 29 | O32: =O31+N32 -> 68 | P32: 17 | Q32: =Q31+P32 -> 50
A33: 31 - 50 | B33: 3.6 | C33: =C32+B33 -> 89.3 | D33: 6.5 | E33: =E32+D33 -> 82.2 | F33: 6.5 | G33: =G32+F33 -> 65.8 | H33: 7 | I33: =I32+H33 -> 74 | J33: 28.6 | K33: =K32+J33 -> 42.9 | L33: 4.4 | M33: =M32+L33 -> 71.5 | N33: 10 | O33: =O32+N33 -> 78 | P33: 10 | Q33: =Q32+P33 -> 60
A34: 51 - 100 | B34: 0 | C34: =C33+B34 -> 89.3 | D34: 4.8 | E34: =E33+D34 -> 87 | F34: 8.3 | G34: =G33+F34 -> 74.1 | H34: 8 | I34: =I33+H34 -> 82 | J34: 14.3 | K34: =K33+J34 -> 57.2 | L34: 8.8 | M34: =M33+L34 -> 80.3 | N34: 6 | O34: =O33+N34 -> 84 | P34: 7 | Q34: =Q33+P34 -> 67
A35: 101 - 200 | B35: 0 | C35: =C34+B35 -> 89.3 | D35: 6.5 | E35: =E34+D35 -> 93.5 | F35: 11.1 | G35: =G34+F35 -> 85.2 | H35: 1 | I35: =I34+H35 -> 83 | J35: 14.3 | K35: =K34+J35 -> 71.5 | L35: 8.8 | M35: =M34+L35 -> 89.1 | N35: 9 | O35: =O34+N35 -> 93 | P35: 20 | Q35: =Q34+P35 -> 87
A36: > 200 | B36: 10.7 | C36: =C35+B36 -> 100 | D36: 6.5 | E36: =E35+D36 -> 100 | F36: 14.8 | G36: =G35+F36 -> 100 | H36: 17 | I36: =I35+H36 -> 100 | J36: 28.6 | K36: =K35+J36 -> 100.1 | L36: 11 | M36: =M35+L36 -> 100.1 | N36: 6 | O36: =O35+N36 -> 99 | P36: 13 | Q36: =Q35+P36 -> 100
A38: Labour Relations? (1= least important & 10 = critical important)
A39: 1 | B39: 14.1 | C39: =B39 -> 14.1 | D39: 1.5 | E39: =D39 -> 1.5 | F39: 3.8 | G39: =F39 -> 3.8 | H39: 7 | I39: =H39 -> 7 | J39: 5.3 | K39: =J39 -> 5.3 | L39: 7.7 | M39: =L39 -> 7.7 | N39: 8 | O39: =N39 -> 8 | P39: 7.14 | Q39: =P39 -> 7.14
A40: 2 | B40: 0 | C40: =C39+B40 -> 14.1 | D40: 6.5 | E40: =E39+D40 -> 8 | F40: 7.4 | G40: =G39+F40 -> 11.2 | H40: 6 | I40: =I39+H40 -> 13 | J40: 6.1 | K40: =K39+J40 -> 11.4 | L40: 8.8 | M40: =M39+L40 -> 16.5 | N40: 10 | O40: =O39+N40 -> 18 | P40: 21.43 | Q40: =Q39+P40 -> 28.57
A41: 3 | B41: 14.3 | C41: =C40+B41 -> 28.4 | D41: 6.5 | E41: =E40+D41 -> 14.5 | F41: 5.6 | G41: =G40+F41 -> 16.8 | H41: 7 | I41: =I40+H41 -> 20 | J41: 4.3 | K41: =K40+J41 -> 15.7 | L41: 7.7 | M41: =M40+L41 -> 24.2 | N41: 9 | O41: =O40+N41 -> 27 | P41: 12 | Q41: =Q40+P41 -> 40.57
A42: 4 | B42: 3.6 | C42: =C41+B42 -> 32 | D42: 1.6 | E42: =E41+D42 -> 16.1 | F42: 4.6 | G42: =G41+F42 -> 21.4 | H42: 4 | I42: =I41+H42 -> 24 | J42: 5.5 | K42: =K41+J42 -> 21.2 | L42: 5.5 | M42: =M41+L42 -> 29.7 | N42: 1 | O42: =O41+N42 -> 28 | P42: 0 | Q42: =Q41+P42 -> 40.57
A43: 5 | B43: 3.6 | C43: =C42+B43 -> 35.6 | D43: 11.3 | E43: =E42+D43 -> 27.4 | F43: 11.1 | G43: =G42+F43 -> 32.5 | H43: 12 | I43: =I42+H43 -> 36 | J43: 2.3 | K43: =K42+J43 -> 23.5 | L43: 6.6 | M43: =M42+L43 -> 36.3 | N43: 10 | O43: =O42+N43 -> 38 | P43: 7.14 | Q43: =Q42+P43 -> 47.71
A44: 6 | B44: 3.6 | C44: =C43+B44 -> 39.2 | D44: 8.1 | E44: =E43+D44 -> 35.5 | F44: 8.3 | G44: =G43+F44 -> 40.8 | H44: 4 | I44: =I43+H44 -> 40 | J44: 0 | K44: =K43+J44 -> 23.5 | L44: 0 | M44: =M43+L44 -> 36.3 | N44: 6 | O44: =O43+N44 -> 44 | P44: 2 | Q44: =Q43+P44 -> 49.71
A45: 7 | B45: 10.7 | C45: =C44+B45 -> 49.9 | D45: 3.2 | E45: =E44+D45 -> 38.7 | F45: 11.1 | G45: =G44+F45 -> 51.9 | H45: 14 | I45: =I44+H45 -> 54 | J45: 6.6 | K45: =K44+J45 -> 30.1 | L45: 6.6 | M45: =M44+L45 -> 42.9 | N45: 11 | O45: =O44+N45 -> 55 | P45: 0 | Q45: =Q44+P45 -> 49.71
A46: 8 | B46: 17.9 | C46: =C45+B46 -> 67.8 | D46: 33.9 | E46: =E45+D46 -> 72.6 | F46: 19.4 | G46: =G45+F46 -> 71.3 | H46: 18 | I46: =I45+H46 -> 72 | J46: 33.2 | K46: =K45+J46 -> 63.3 | L46: 24.2 | M46: =M45+L46 -> 67.1 | N46: 23 | O46: =O45+N46 -> 78 | P46: 14.29 | Q46: =Q45+P46 -> 64
A47: 9 | B47: 3.6 | C47: =C46+B47 -> 71.4 | D47: 9.7 | E47: =E46+D47 -> 82.3 | F47: 9.3 | G47: =G46+F47 -> 80.6 | H47: 16 | I47: =I46+H47 -> 88 | J47: 15.8 | K47: =K46+J47 -> 79.1 | L47: 13.2 | M47: =M46+L47 -> 80.3 | N47: 9 | O47: =O46+N47 -> 87 | P47: 7.14 | Q47: =Q46+P47 -> 71.14
A48: 10 | B48: 28.6 | C48: =C47+B48 -> 100 | D48: 17.7 | E48: =E47+D48 -> 100 | F48: 19.4 | G48: =G47+F48 -> 100 | H48: 12 | I48: =I47+H48 -> 100 | J48: 21.7 | K48: =K47+J48 -> 100.8 | L48: 19.8 | M48: =M47+L48 -> 100.1 | N48: 13 | O48: =O47+N48 -> 100 | P48: 28.57 | Q48: =Q47+P48 -> 99.71
A50: Crime and Violence? (1= least important & 10 = critical important)
A51: 1 | B51: 7.1 | C51: =B51 -> 7.1 | D51: 1.6 | E51: =D51 -> 1.6 | F51: 1.9 | G51: =F51 -> 1.9 | H51: 4 | I51: =H51 -> 4 | J51: 3.3 | K51: =J51 -> 3.3 | L51: 3.3 | M51: =L51 -> 3.3 | N51: 3 | O51: =N51 -> 3 | P51: 7.14 | Q51: =P51 -> 7.14
A52: 2 | B52: 3.6 | C52: =C51+B52 -> 10.7 | D52: 11.3 | E52: =E51+D52 -> 12.9 | F52: 3.7 | G52: =G51+F52 -> 5.6 | H52: 4 | I52: =I51+H52 -> 8 | J52: 6.4 | K52: =K51+J52 -> 9.7 | L52: 8.8 | M52: =M51+L52 -> 12.1 | N52: 0 | O52: =O51+N52 -> 3 | P52: 7.14 | Q52: =Q51+P52 -> 14.28
A53: 3 | B53: 7.1 | C53: =C52+B53 -> 17.8 | D53: 6.5 | E53: =E52+D53 -> 19.4 | F53: 8.3 | G53: =G52+F53 -> 13.9 | H53: 5 | I53: =I52+H53 -> 13 | J53: 6.6 | K53: =K52+J53 -> 16.3 | L53: 6.6 | M53: =M52+L53 -> 18.7 | N53: 4 | O53: =O52+N53 -> 7 | P53: 0 | Q53: =Q52+P53 -> 14.28
A54: 4 | B54: 7.2 | C54: =C53+B54 -> 25 | D54: 3.2 | E54: =E53+D54 -> 22.6 | F54: 8.3 | G54: =G53+F54 -> 22.2 | H54: 6 | I54: =I53+H54 -> 19 | J54: 2.4 | K54: =K53+J54 -> 18.7 | L54: 3.3 | M54: =M53+L54 -> 22 | N54: 4 | O54: =O53+N54 -> 11 | P54: 7.14 | Q54: =Q53+P54 -> 21.42
A55: 5 | B55: 10.7 | C55: =C54+B55 -> 35.7 | D55: 11.3 | E55: =E54+D55 -> 33.9 | F55: 8.3 | G55: =G54+F55 -> 30.5 | H55: 8 | I55: =I54+H55 -> 27 | J55: 6.9 | K55: =K54+J55 -> 25.6 | L55: 9.9 | M55: =M54+L55 -> 31.9 | N55: 5 | O55: =O54+N55 -> 16 | P55: 7.14 | Q55: =Q54+P55 -> 28.56
A56: 6 | B56: 3.6 | C56: =C55+B56 -> 39.3 | D56: 3.2 | E56: =E55+D56 -> 37.1 | F56: 7.5 | G56: =G55+F56 -> 38 | H56: 7 | I56: =I55+H56 -> 34 | J56: 4.3 | K56: =K55+J56 -> 29.9 | L56: 3.3 | M56: =M55+L56 -> 35.2 | N56: 5 | O56: =O55+N56 -> 21 | P56: 7.14 | Q56: =Q55+P56 -> 35.7
A57: 7 | B57: 3.6 | C57: =C56+B57 -> 42.9 | D57: 9.7 | E57: =E56+D57 -> 46.8 | F57: 7.4 | G57: =G56+F57 -> 45.4 | H57: 8 | I57: =I56+H57 -> 42 | J57: 12.4 | K57: =K56+J57 -> 42.3 | L57: 12.1 | M57: =M56+L57 -> 47.3 | N57: 10 | O57: =O56+N57 -> 31 | P57: 0 | Q57: =Q56+P57 -> 35.7
A58: 8 | B58: 7.1 | C58: =C57+B58 -> 50 | D58: 17.7 | E58: =E57+D58 -> 64.5 | F58: 18.5 | G58: =G57+F58 -> 63.9 | H58: 14 | I58: =I57+H58 -> 56 | J58: 16.2 | K58: =K57+J58 -> 58.5 | L58: 16.5 | M58: =M57+L58 -> 63.8 | N58: 15 | O58: =O57+N58 -> 46 | P58: 21.43 | Q58: =Q57+P58 -> 57.13
A59: 9 | B59: 14.3 | C59: =C58+B59 -> 64.3 | D59: 12.9 | E59: =E58+D59 -> 77.4 | F59: 10.2 | G59: =G58+F59 -> 74.1 | H59: 15 | I59: =I58+H59 -> 71 | J59: 18.8 | K59: =K58+J59 -> 77.3 | L59: 15.4 | M59: =M58+L59 -> 79.2 | N59: 14 | O59: =O58+N59 -> 60 | P59: 21.43 | Q59: =Q58+P59 -> 78.56
A60: 10 | B60: 35.7 | C60: =C59+B60 -> 100 | D60: 22.6 | E60: =E59+D60 -> 100 | F60: 25.9 | G60: =G59+F60 -> 100 | H60: 29 | I60: =I59+H60 -> 100 | J60: 22.6 | K60: =K59+J60 -> 99.9 | L60: 20.9 | M60: =M59+L60 -> 100.1 | N60: 41 | O60: =O59+N60 -> 101 | P60: 21.43 | Q60: =Q59+P60 -> 99.99
A62: Political Stability? (1= least important & 10 = critical important)
A63: 1 | B63: 7.1 | C63: =B63 -> 7.1 | D63: 3.2 | E63: =D63 -> 3.2 | F63: 0.8 | G63: =F63 -> 0.8 | H63: 1 | I63: =H63 -> 1 | J63: 0 | K63: =J63 -> 0 | L63: 0 | M63: =L63 -> 0 | N63: 1 | O63: =N63 -> 1 | P63: 0 | Q63: =P63 -> 0
A64: 2 | B64: 3.6 | C64: =C63+B64 -> 10.7 | D64: 4.8 | E64: =E63+D64 -> 8 | F64: 2.8 | G64: =G63+F64 -> 3.6 | H64: 1 | I64: =I63+H64 -> 2 | J64: 0 | K64: =K63+J64 -> 0 | L64: 2.2 | M64: =M63+L64 -> 2.2 | N64: 3 | O64: =O63+N64 -> 4 | P64: 0 | Q64: =Q63+P64 -> 0
A65: 3 | B65: 3.6 | C65: =C64+B65 -> 14.3 | D65: 3.2 | E65: =E64+D65 -> 11.2 | F65: 1.9 | G65: =G64+F65 -> 5.5 | H65: 3 | I65: =I64+H65 -> 5 | J65: 1.2 | K65: =K64+J65 -> 1.2 | L65: 5.5 | M65: =M64+L65 -> 7.7 | N65: 4 | O65: =O64+N65 -> 8 | P65: 0 | Q65: =Q64+P65 -> 0
A66: 4 | B66: 3.6 | C66: =C65+B66 -> 17.9 | D66: 1.6 | E66: =E65+D66 -> 12.8 | F66: 5.6 | G66: =G65+F66 -> 11.1 | H66: 3 | I66: =I65+H66 -> 8 | J66: 3.2 | K66: =K65+J66 -> 4.4 | L66: 4.4 | M66: =M65+L66 -> 12.1 | N66: 1 | O66: =O65+N66 -> 9 | P66: 0 | Q66: =Q65+P66 -> 0
A67: 5 | B67: 0 | C67: =C66+B67 -> 17.9 | D67: 8.1 | E67: =E66+D67 -> 20.9 | F67: 8.3 | G67: =G66+F67 -> 19.4 | H67: 3 | I67: =I66+H67 -> 11 | J67: 7.8 | K67: =K66+J67 -> 12.2 | L67: 6.6 | M67: =M66+L67 -> 18.7 | N67: 5 | O67: =O66+N67 -> 14 | P67: 7.14 | Q67: =Q66+P67 -> 7.14
A68: 6 | B68: 3.6 | C68: =C67+B68 -> 21.5 | D68: 9.7 | E68: =E67+D68 -> 30.6 | F68: 8.3 | G68: =G67+F68 -> 27.7 | H68: 7 | I68: =I67+H68 -> 18 | J68: 2.7 | K68: =K67+J68 -> 14.9 | L68: 2.2 | M68: =M67+L68 -> 20.9 | N68: 4 | O68: =O67+N68 -> 18 | P68: 0 | Q68: =Q67+P68 -> 7.14
A69: 7 | B69: 3.6 | C69: =C68+B69 -> 25.1 | D69: 6.5 | E69: =E68+D69 -> 37.1 | F69: 6.5 | G69: =G68+F69 -> 34.2 | H69: 9 | I69: =I68+H69 -> 27 | J69: 3.8 | K69: =K68+J69 -> 18.7 | L69: 5.5 | M69: =M68+L69 -> 26.4 | N69: 8 | O69: =O68+N69 -> 26 | P69: 7.14 | Q69: =Q68+P69 -> 14.28
A70: 8 | B70: 14.3 | C70: =C69+B70 -> 39.4 | D70: 19.4 | E70: =E69+D70 -> 56.5 | F70: 25 | G70: =G69+F70 -> 59.2 | H70: 27 | I70: =I69+H70 -> 54 | J70: 22.7 | K70: =K69+J70 -> 41.4 | L70: 18.7 | M70: =M69+L70 -> 45.1 | N70: 23 | O70: =O69+N70 -> 49 | P70: 50 | Q70: =Q69+P70 -> 64.28
A71: 9 | B71: 21.3 | C71: =C70+B71 -> 60.7 | D71: 16.1 | E71: =E70+D71 -> 72.6 | F71: 13.9 | G71: =G70+F71 -> 73.1 | H71: 20 | I71: =I70+H71 -> 74 | J71: 22.9 | K71: =K70+J71 -> 64.3 | L71: 22 | M71: =M70+L71 -> 67.1 | N71: 20 | O71: =O70+N71 -> 69 | P71: 14.29 | Q71: =Q70+P71 -> 78.57
A72: 10 | B72: 39.3 | C72: =C71+B72 -> 100 | D72: 27.4 | E72: =E71+D72 -> 100 | F72: 26.9 | G72: =G71+F72 -> 100 | H72: 26 | I72: =I71+H72 -> 100 | J72: 36 | K72: =K71+J72 -> 100.3 | L72: 33 | M72: =M71+L72 -> 100.1 | N72: 29 | O72: =O71+N72 -> 98 | P72: 21.43 | Q72: =Q71+P72 -> 100
A74: New technology/R&D/Training? (1= least important & 10 = critical important)
A75: 1 | B75: 0 | C75: =B75 -> 0 | D75: 0 | E75: =D75 -> 0 | F75: 0 | G75: =F75 -> 0 | I75: =H75 -> 0 | J75: 0 | K75: =J75 -> 0 | L75: 0 | M75: =L75 -> 0 | N75: 3 | O75: =N75 -> 3 | P75: 0 | Q75: =P75 -> 0
A76: 2 | B76: 3.7 | C76: =C75+B76 -> 3.7 | D76: 3.2 | E76: =E75+D76 -> 3.2 | F76: 1.9 | G76: =G75+F76 -> 1.9 | H76: 2 | I76: =I75+H76 -> 2 | J76: 1.9 | K76: =K75+J76 -> 1.9 | L76: 1.1 | M76: =M75+L76 -> 1.1 | N76: 1 | O76: =O75+N76 -> 4 | P76: 7.14 | Q76: =Q75+P76 -> 7.14
A77: 3 | B77: 0 | C77: =C76+B77 -> 3.7 | D77: 1.6 | E77: =E76+D77 -> 4.8 | F77: 1.9 | G77: =G76+F77 -> 3.8 | H77: 3 | I77: =I76+H77 -> 5 | J77: 4.4 | K77: =K76+J77 -> 6.3 | L77: 6.6 | M77: =M76+L77 -> 7.7 | N77: 4 | O77: =O76+N77 -> 8 | P77: 7.14 | Q77: =Q76+P77 -> 14.28
A78: 4 | B78: 0 | C78: =C77+B78 -> 3.7 | D78: 1.6 | E78: =E77+D78 -> 6.4 | F78: 4.6 | G78: =G77+F78 -> 8.4 | H78: 7 | I78: =I77+H78 -> 12 | J78: 5.1 | K78: =K77+J78 -> 11.4 | L78: 5.5 | M78: =M77+L78 -> 13.2 | N78: 5 | O78: =O77+N78 -> 13 | P78: 7.14 | Q78: =Q77+P78 -> 21.42
A79: 5 | B79: 7.1 | C79: =C78+B79 -> 10.8 | D79: 3.2 | E79: =E78+D79 -> 9.6 | F79: 7.4 | G79: =G78+F79 -> 15.8 | H79: 19 | I79: =I78+H79 -> 31 | J79: 4.9 | K79: =K78+J79 -> 16.3 | L79: 6.6 | M79: =M78+L79 -> 19.8 | N79: 13 | O79: =O78+N79 -> 26 | P79: 21.43 | Q79: =Q78+P79 -> 42.85
A80: 6 | B80: 3.6 | C80: =C79+B80 -> 14.4 | D80: 6.5 | E80: =E79+D80 -> 16.1 | F80: 7.4 | G80: =G79+F80 -> 23.2 | H80: 2 | I80: =I79+H80 -> 33 | J80: 5.9 | K80: =K79+J80 -> 22.2 | L80: 7.7 | M80: =M79+L80 -> 27.5 | N80: 10 | O80: =O79+N80 -> 36 | P80: 7.14 | Q80: =Q79+P80 -> 49.99
A81: 7 | B81: 21.4 | C81: =C80+B81 -> 35.8 | D81: 11.3 | E81: =E80+D81 -> 27.4 | F81: 15.7 | G81: =G80+F81 -> 38.9 | H81: 12 | I81: =I80+H81 -> 45 | J81: 21.5 | K81: =K80+J81 -> 43.7 | L81: 19.8 | M81: =M80+L81 -> 47.3 | N81: 9 | O81: =O80+N81 -> 45 | P81: 7.14 | Q81: =Q80+P81 -> 57.13
A82: 8 | B82: 21.4 | C82: =C81+B82 -> 57.2 | D82: 22.6 | E82: =E81+D82 -> 50 | F82: 21.3 | G82: =G81+F82 -> 60.2 | H82: 30 | I82: =I81+H82 -> 75 | J82: 23.7 | K82: =K81+J82 -> 67.4 | L82: 26.4 | M82: =M81+L82 -> 73.7 | N82: 24 | O82: =O81+N82 -> 69 | P82: 14.29 | Q82: =Q81+P82 -> 71.42
A83: 9 | B83: 7.1 | C83: =C82+B83 -> 64.3 | D83: 16.1 | E83: =E82+D83 -> 66.1 | F83: 15.7 | G83: =G82+F83 -> 75.9 | H83: 5 | I83: =I82+H83 -> 80 | J83: 4.1 | K83: =K82+J83 -> 71.5 | L83: 13.2 | M83: =M82+L83 -> 86.9 | N83: 14 | O83: =O82+N83 -> 83 | P83: 14.29 | Q83: =Q82+P83 -> 85.71
A84: 10 | B84: 35.7 | C84: =C83+B84 -> 100 | D84: 33.9 | E84: =E83+D84 -> 100 | F84: 24.1 | G84: =G83+F84 -> 100 | H84: 20 | I84: =I83+H84 -> 100 | J84: 28.6 | K84: =K83+J84 -> 100.1 | L84: 13.2 | M84: =M83+L84 -> 100.1 | N84: 18 | O84: =O83+N84 -> 101 | P84: 14.29 | Q84: =Q83+P84 -> 100
A86: Rates and Taxes? (1= least important & 10 = critical important)
A87: 1 | B87: 3.6 | C87: =B87 -> 3.6 | D87: 0 | E87: =D87 -> 0 | F87: 2 | G87: =F87 -> 2 | H87: 4 | I87: =H87 -> 4 | J87: 0 | K87: =J87 -> 0 | L87: 1.1 | M87: =L87 -> 1.1 | N87: 3 | O87: =N87 -> 3 | P87: 0 | Q87: =P87 -> 0
A88: 2 | B88: 0 | C88: =C87+B88 -> 3.6 | D88: 3.2 | E88: =E87+D88 -> 3.2 | F88: 3.7 | G88: =G87+F88 -> 5.7 | H88: 3 | I88: =I87+H88 -> 7 | J88: 0 | K88: =K87+J88 -> 0 | L88: 0 | M88: =M87+L88 -> 1.1 | N88: 1 | O88: =O87+N88 -> 4 | P88: 0 | Q88: =Q87+P88 -> 0
A89: 3 | B89: 7.1 | C89: =C88+B89 -> 10.7 | D89: 3.2 | E89: =E88+D89 -> 6.4 | F89: 2.8 | G89: =G88+F89 -> 8.5 | H89: 5 | I89: =I88+H89 -> 12 | J89: 12.6 | K89: =K88+J89 -> 12.6 | L89: 6.6 | M89: =M88+L89 -> 7.7 | N89: 3 | O89: =O88+N89 -> 7 | P89: 0 | Q89: =Q88+P89 -> 0
A90: 4 | B90: 3.6 | C90: =C89+B90 -> 14.3 | D90: 1.6 | E90: =E89+D90 -> 8 | F90: 4.6 | G90: =G89+F90 -> 13.1 | H90: 7 | I90: =I89+H90 -> 19 | J90: 3.1 | K90: =K89+J90 -> 15.7 | L90: 7.7 | M90: =M89+L90 -> 15.4 | N90: 1 | O90: =O89+N90 -> 8 | P90: 0 | Q90: =Q89+P90 -> 0
A91: 5 | B91: 10.7 | C91: =C90+B91 -> 25 | D91: 8.1 | E91: =E90+D91 -> 16.1 | F91: 12 | G91: =G90+F91 -> 25.1 | H91: 14 | I91: =I90+H91 -> 33 | J91: 0 | K91: =K90+J91 -> 15.7 | L91: 4.4 | M91: =M90+L91 -> 19.8 | N91: 16 | O91: =O90+N91 -> 24 | P91: 7.14 | Q91: =Q90+P91 -> 7.14
A92: 6 | B92: 10.7 | C92: =C91+B92 -> 35.7 | D92: 6.5 | E92: =E91+D92 -> 22.6 | F92: 4.6 | G92: =G91+F92 -> 29.7 | H92: 5 | I92: =I91+H92 -> 38 | J92: 8.4 | K92: =K91+J92 -> 24.1 | L92: 6.6 | M92: =M91+L92 -> 26.4 | N92: 9 | O92: =O91+N92 -> 33 | P92: 14.29 | Q92: =Q91+P92 -> 21.43
A93: 7 | B93: 10.7 | C93: =C92+B93 -> 46.4 | D93: 9.7 | E93: =E92+D93 -> 32.3 | F93: 14.8 | G93: =G92+F93 -> 44.5 | H93: 13 | I93: =I92+H93 -> 51 | J93: 12.8 | K93: =K92+J93 -> 36.9 | L93: 9.9 | M93: =M92+L93 -> 36.3 | N93: 24 | O93: =O92+N93 -> 57 | P93: 28.57 | Q93: =Q92+P93 -> 50
A94: 8 | B94: 3.6 | C94: =C93+B94 -> 50 | D94: 22.6 | E94: =E93+D94 -> 54.9 | F94: 18.5 | G94: =G93+F94 -> 63 | H94: 24 | I94: =I93+H94 -> 75 | J94: 15.4 | K94: =K93+J94 -> 52.3 | L94: 17.6 | M94: =M93+L94 -> 53.9 | N94: 15 | O94: =O93+N94 -> 72 | P94: 14.29 | Q94: =Q93+P94 -> 64.29
A95: 9 | B95: 10.7 | C95: =C94+B95 -> 60.7 | D95: 29 | E95: =E94+D95 -> 83.9 | F95: 12 | G95: =G94+F95 -> 75 | H95: 10 | I95: =I94+H95 -> 85 | J95: 19.5 | K95: =K94+J95 -> 71.8 | L95: 18.7 | M95: =M94+L95 -> 72.6 | N95: 13 | O95: =O94+N95 -> 85 | P95: 7.14 | Q95: =Q94+P95 -> 71.43
A96: 10 | B96: 39.3 | C96: =C95+B96 -> 100 | D96: 16.1 | E96: =E95+D96 -> 100 | F96: 25 | G96: =G95+F96 -> 100 | H96: 15 | I96: =I95+H96 -> 100 | J96: 28.2 | K96: =K95+J96 -> 100 | L96: 27.5 | M96: =M95+L96 -> 100.1 | N96: 15 | O96: =O95+N96 -> 100 | P96: 28.57 | Q96: =Q95+P96 -> 100
A98: Cost of money? (1= least important & 10 = critical important)
A99: 1 | B99: 10.8 | C99: =B99 -> 10.8 | D99: 0 | E99: =D99 -> 0 | F99: 2.8 | G99: =F99 -> 2.8 | H99: 2 | I99: =H99 -> 2 | J99: 0 | K99: =J99 -> 0 | L99: 0 | M99: =L99 -> 0 | N99: 3 | O99: =N99 -> 3 | P99: 0 | Q99: =P99 -> 0
A100: 2 | B100: 0 | C100: =C99+B100 -> 10.8 | D100: 1.7 | E100: =E99+D100 -> 1.7 | F100: 2.6 | G100: =G99+F100 -> 5.4 | H100: 1 | I100: =I99+H100 -> 3 | J100: 0 | K100: =K99+J100 -> 0 | L100: 0 | M100: =M99+L100 -> 0 | N100: 3 | O100: =O99+N100 -> 6 | P100: 0 | Q100: =Q99+P100 -> 0
A101: 3 | B101: 7.1 | C101: =C100+B101 -> 17.9 | D101: 1.6 | E101: =E100+D101 -> 3.3 | F101: 1.9 | G101: =G100+F101 -> 7.3 | H101: 4 | I101: =I100+H101 -> 7 | J101: 0 | K101: =K100+J101 -> 0 | L101: 2.2 | M101: =M100+L101 -> 2.2 | N101: 3 | O101: =O100+N101 -> 9 | P101: 7.14 | Q101: =Q100+P101 -> 7.14
A102: 4 | B102: 0 | C102: =C101+B102 -> 17.9 | D102: 4.8 | E102: =E101+D102 -> 8.1 | F102: 3.7 | G102: =G101+F102 -> 11 | H102: 2 | I102: =I101+H102 -> 9 | J102: 0 | K102: =K101+J102 -> 0 | L102: 2.2 | M102: =M101+L102 -> 4.4 | N102: 1 | O102: =O101+N102 -> 10 | P102: 14.29 | Q102: =Q101+P102 -> 21.43
A103: 5 | B103: 14.3 | C103: =C102+B103 -> 32.2 | D103: 9.7 | E103: =E102+D103 -> 17.8 | F103: 8.3 | G103: =G102+F103 -> 19.3 | H103: 9 | I103: =I102+H103 -> 18 | J103: 3.1 | K103: =K102+J103 -> 3.1 | L103: 4.4 | M103: =M102+L103 -> 8.8 | N103: 11 | O103: =O102+N103 -> 21 | P103: 14.29 | Q103: =Q102+P103 -> 35.72
A104: 6 | B104: 10.7 | C104: =C103+B104 -> 42.9 | D104: 1.6 | E104: =E103+D104 -> 19.4 | F104: 7.4 | G104: =G103+F104 -> 26.7 | H104: 17 | I104: =I103+H104 -> 35 | J104: 2.8 | K104: =K103+J104 -> 5.9 | L104: 8.8 | M104: =M103+L104 -> 17.6 | N104: 8 | O104: =O103+N104 -> 29 | P104: 0 | Q104: =Q103+P104 -> 35.72
A105: 7 | B105: 7.1 | C105: =C104+B105 -> 50 | D105: 11.3 | E105: =E104+D105 -> 30.7 | F105: 13 | G105: =G104+F105 -> 39.7 | H105: 13 | I105: =I104+H105 -> 48 | J105: 9.6 | K105: =K104+J105 -> 15.5 | L105: 6.6 | M105: =M104+L105 -> 24.2 | N105: 16 | O105: =O104+N105 -> 45 | P105: 7.14 | Q105: =Q104+P105 -> 42.86
A106: 8 | B106: 14.3 | C106: =C105+B106 -> 64.3 | D106: 25.8 | E106: =E105+D106 -> 56.5 | F106: 16.7 | G106: =G105+F106 -> 56.4 | H106: 21 | I106: =I105+H106 -> 69 | J106: 18.7 | K106: =K105+J106 -> 34.2 | L106: 14.3 | M106: =M105+L106 -> 38.5 | N106: 16 | O106: =O105+N106 -> 61 | P106: 7.14 | Q106: =Q105+P106 -> 50
A107: 9 | B107: 3.6 | C107: =C106+B107 -> 67.9 | D107: 17.7 | E107: =E106+D107 -> 74.2 | F107: 16.7 | G107: =G106+F107 -> 73.1 | H107: 11 | I107: =I106+H107 -> 80 | J107: 21.8 | K107: =K106+J107 -> 56 | L107: 19.8 | M107: =M106+L107 -> 58.3 | N107: 13 | O107: =O106+N107 -> 74 | P107: 21.43 | Q107: =Q106+P107 -> 71.43
...

Sheet PMB
A1: Business Survey - PMB
B2: 2013 | D2: 2012 | F2: 2011 | H2: 2010 | J2: 2009 | L2: 2008 | N2: 2007 | P2: 2005 | R2: 2004
B3: =F3 -> As a percentage | C3: =G3 -> Less than Ogive | D3: =H3 -> As a percentage | E3: =I3 -> Less than Ogive | F3: =J3 -> As a percentage | G3: =K3 -> Less than Ogive | H3: =J3 -> As a percentage | I3: =K3 -> Less than Ogive | J3: =L3 -> As a percentage | K3: =M3 -> Less than Ogive | L3: As a percentage | M3: Less than Ogive | N3: As a percentage | O3: Less than Ogive | P3: As a percentage | Q3: Less than Ogive | R3: As a percentage | S3: Less than Ogive
A4: Industry by sector in which your business operates?
A5: Agriculture, Forestry, Hunting (Processing of Farm Products) | J5: 1.6 | N5: 5 | P5: 1.72 | R5: 3.85
A6: Farming (Basic production of agri products) | J6: 4.8
A7: Mining
A8: Quarrying
A9: Manufacturing | B9: 28.6 | D9: 31.8 | F9: 34.6 | H9: 6.2 | J9: 19 | L9: 19.1 | N9: 23 | P9: 32.76 | R9: 13.85
A10: Electricity, Gas & Water | D10: 4.5 | F10: 3.8 | J10: 3.2
A11: Construction | F11: 7.7 | H11: 6.2 | J11: 3.2 | L11: 6.4 | N11: 5 | P11: 5.17 | R11: 3
A12: Educational Institutions | B12: 14.3 | D12: 4.5 | F12: 7.7 | J12: 1.6 | L12: 4.3
A13: Tourism, Catering & Accommodation | D13: 9.1 | F13: 11.5 | H13: 6.2 | J13: 22.2 | L13: 6.4 | N13: 10 | R13: 24.8
A14: Wholesale & Retail | F14: 7.7 | H14: 12.5 | J14: 7.9 | L14: 2.1 | N14: 8 | P14: 7.8 | R14: 10.77
A15: Vehicle Sales | L15: 2.1 | N15: 3
A16: Transport, Storage & Communications | J16: 1.6 | P16: 5.17 | R16: 0.77
A17: Banks & Financial | J17: 4.8 | L17: 4.3 | P17: 15.97 | R17: 10.62
A18: Legal | D18: 4.5 | H18: 12.5 | J18: 1.6 | L18: 2.1 | N18: 5 | P18: 4 | R18: 4
A19: Insurance , Pension & Medical Aid Funds | J19: 1.6 | L19: 2.1 | N19: 3
A20: Real Estate | H20: 12.5 | J20: 1.6 | L20: 4.3 | P20: 3.45 | R20: 2.3
A21: Business Services | B21: 14.3 | D21: 4.7 | F21: 11.6 | H21: 12.5 | J21: 6.3 | L21: 14.9 | N21: 13 | P21: 2 | R21: 3.7
A22: Central Government
A23: Local Government
A24: Provincial Government
A25: Social & Personal Services | J25: 1.6 | N25: 5
A26: IT | D26: 4.5 | H26: 12.5 | L26: 2.1 | N26: 8
A27: Taxis | N27: 3
A28: Other | B28: 14.3 | D28: 36.4 | F28: 15.4 | H28: 18.8 | J28: 17.5 | L28: 29.8 | N28: 10 | P28: 22 | R28: 23.08
A30: How many employees do you have?
A31: 0 - 10 | B31: 28.5 | C31: =B31 -> 28.5 | D31: 41 | E31: =D31 -> 41 | F31: 46.3 | G31: =F31 -> 46.3 | H31: 41.3 | I31: =H31 -> 41.3 | J31: 47.6 | K31: =J31 -> 47.6 | L31: 34 | M31: =L31 -> 34 | N31: 44 | O31: =N31 -> 44 | P31: 20 | Q31: =P31 -> 20 | R31: 40 | S31: =R31 -> 40
A32: 11. - 30 | B32: 14.3 | C32: =C31+B32 -> 42.8 | D32: 22.7 | E32: =E31+D32 -> 63.7 | F32: 19.2 | G32: =G31+F32 -> 65.5 | H32: 23.5 | I32: =I31+H32 -> 64.8 | J32: 19 | K32: =K31+J32 -> 66.6 | L32: 21.3 | M32: =M31+L32 -> 55.3 | N32: 15 | O32: =O31+N32 -> 59 | P32: 24 | Q32: =Q31+P32 -> 44 | R32: 32 | S32: =S31+R32 -> 72
A33: 31 - 50 | B33: 28.6 | C33: =C32+B33 -> 71.4 | D33: 18.2 | E33: =E32+D33 -> 81.9 | F33: 7.7 | G33: =G32+F33 -> 73.2 | H33: 5.9 | I33: =I32+H33 -> 70.7 | J33: 11.1 | K33: =K32+J33 -> 77.7 | L33: 8.5 | M33: =M32+L33 -> 63.8 | N33: 15 | O33: =O32+N33 -> 74 | P33: 10.2 | Q33: =Q32+P33 -> 54.2 | R33: 9.1 | S33: =S32+R33 -> 81.1
A34: 51 - 100 | B34: 14.3 | C34: =C33+B34 -> 85.7 | D34: 13.6 | E34: =E33+D34 -> 95.5 | F34: 11.5 | G34: =G33+F34 -> 84.7 | H34: 11.8 | I34: =I33+H34 -> 82.5 | J34: 6.3 | K34: =K33+J34 -> 84 | L34: 10.6 | M34: =M33+L34 -> 74.4 | N34: 8 | O34: =O33+N34 -> 82 | P34: 8.5 | Q34: =Q33+P34 -> 62.7 | R34: 7.69 | S34: =S33+R34 -> 88.79
A35: 101 - 200 | B35: 0 | C35: =C34+B35 -> 85.7 | D35: 4.5 | E35: =E34+D35 -> 100 | F35: 11.5 | G35: =G34+F35 -> 96.2 | I35: =I34+H35 -> 82.5 | J35: 3.2 | K35: =K34+J35 -> 87.2 | L35: 17 | M35: =M34+L35 -> 91.4 | N35: 8 | O35: =O34+N35 -> 90 | P35: 21.6 | Q35: =Q34+P35 -> 84.3 | R35: 8.92 | S35: =S34+R35 -> 97.71
A36: > 200 | B36: 14.3 | C36: =C35+B36 -> 100 | D36: 0 | E36: =E35+D36 -> 100 | F36: 3.8 | G36: =G35+F36 -> 100 | H36: 17.6 | I36: =I35+H36 -> 100.1 | J36: 12.7 | K36: =K35+J36 -> 99.9 | L36: 8.6 | M36: =M35+L36 -> 100 | N36: 10 | O36: =O35+N36 -> 100 | P36: 16 | Q36: =Q35+P36 -> 100.3 | R36: 2.31 | S36: =S35+R36 -> 100.02
A38: Labour Relations? (1= least important & 10 = critical important)
A39: 1 | B39: 0 | C39: =B39 -> 0 | D39: 13.7 | E39: =D39 -> 13.7 | F39: 7.8 | G39: =F39 -> 7.8 | H39: 5.9 | I39: =H39 -> 5.9 | J39: 7.9 | K39: =J39 -> 7.9 | L39: 6.4 | M39: =L39 -> 6.4 | N39: 8 | O39: =N39 -> 8 | P39: 1.7241379 | Q39: =P39 -> 1.7241379 | R39: 7.87 | S39: =R39 -> 7.87
A40: 2 | B40: 0 | C40: =C39+B40 -> 0 | D40: 9.1 | E40: =E39+D40 -> 22.8 | F40: 0 | G40: =G39+F40 -> 7.8 | H40: 11.8 | I40: =I39+H40 -> 17.7 | J40: 7.9 | K40: =K39+J40 -> 15.8 | L40: 4.3 | M40: =M39+L40 -> 10.7 | N40: 5 | O40: =O39+N40 -> 13 | P40: 3.4482759 | Q40: =Q39+P40 -> 5.1724138 | R40: 6.74 | S40: =S39+R40 -> 14.61
A41: 3 | B41: 0 | C41: =C40+B41 -> 0 | D41: 9.1 | E41: =E40+D41 -> 31.9 | F41: 0 | G41: =G40+F41 -> 7.8 | I41: =I40+H41 -> 17.7 | J41: 7.9 | K41: =K40+J41 -> 23.7 | L41: 6.4 | M41: =M40+L41 -> 17.1 | N41: 5 | O41: =O40+N41 -> 18 | P41: 3.4482759 | Q41: =Q40+P41 -> 8.6206897 | R41: 8.99 | S41: =S40+R41 -> 23.6
A42: 4 | B42: 14.3 | C42: =C41+B42 -> 14.3 | D42: 0 | E42: =E41+D42 -> 31.9 | F42: 3.8 | G42: =G41+F42 -> 11.6 | H42: 5.9 | I42: =I41+H42 -> 23.6 | J42: 12.7 | K42: =K41+J42 -> 36.4 | L42: 4.3 | M42: =M41+L42 -> 21.4 | N42: 5 | O42: =O41+N42 -> 23 | P42: 6.8965517 | Q42: =Q41+P42 -> 15.517241 | R42: 1.12 | S42: =S41+R42 -> 24.72
A43: 5 | B43: 0 | C43: =C42+B43 -> 14.3 | D43: 4.5 | E43: =E42+D43 -> 36.4 | F43: 11.5 | G43: =G42+F43 -> 23.1 | H43: 5.9 | I43: =I42+H43 -> 29.5 | J43: 0 | K43: =K42+J43 -> 36.4 | L43: 14.9 | M43: =M42+L43 -> 36.3 | N43: 10 | O43: =O42+N43 -> 33 | P43: 12.068966 | Q43: =Q42+P43 -> 27.586207 | R43: 12.36 | S43: =S42+R43 -> 37.08
A44: 6 | B44: 0 | C44: =C43+B44 -> 14.3 | D44: 9.1 | E44: =E43+D44 -> 45.5 | F44: 7.7 | G44: =G43+F44 -> 30.8 | H44: 11.8 | I44: =I43+H44 -> 41.3 | J44: 6.3 | K44: =K43+J44 -> 42.7 | L44: 8.5 | M44: =M43+L44 -> 44.8 | N44: 10 | O44: =O43+N44 -> 43 | P44: 3.4482759 | Q44: =Q43+P44 -> 31.034483 | R44: 5.62 | S44: =S43+R44 -> 42.7
A45: 7 | B45: 0 | C45: =C44+B45 -> 14.3 | D45: 4.5 | E45: =E44+D45 -> 50 | F45: 15.4 | G45: =G44+F45 -> 46.2 | H45: 11.8 | I45: =I44+H45 -> 53.1 | J45: 12.7 | K45: =K44+J45 -> 55.4 | L45: 12.8 | M45: =M44+L45 -> 57.6 | N45: 18 | O45: =O44+N45 -> 61 | P45: 15.517241 | Q45: =Q44+P45 -> 46.551724 | R45: 8.99 | S45: =S44+R45 -> 51.69
A46: 8 | B46: 28.6 | C46: =C45+B46 -> 42.9 | D46: 13.6 | E46: =E45+D46 -> 63.6 | F46: 26.9 | G46: =G45+F46 -> 73.1 | H46: 11.8 | I46: =I45+H46 -> 64.9 | J46: 20.6 | K46: =K45+J46 -> 76 | L46: 12.8 | M46: =M45+L46 -> 70.4 | N46: 21 | O46: =O45+N46 -> 82 | P46: 20.689655 | Q46: =Q45+P46 -> 67.241379 | R46: 19.1 | S46: =S45+R46 -> 70.79
A47: 9 | B47: 28.5 | C47: =C46+B47 -> 71.4 | D47: 9.1 | E47: =E46+D47 -> 72.7 | F47: 0 | G47: =G46+F47 -> 73.1 | H47: 11.8 | I47: =I46+H47 -> 76.7 | J47: 11.1 | K47: =K46+J47 -> 87.1 | L47: 23.4 | M47: =M46+L47 -> 93.8 | N47: 10 | O47: =O46+N47 -> 92 | P47: 17.241379 | Q47: =Q46+P47 -> 84.482759 | R47: 10.11 | S47: =S46+R47 -> 80.9
A48: 10 | B48: 28.6 | C48: =C47+B48 -> 100 | D48: 27.3 | E48: =E47+D48 -> 100 | F48: 26.9 | G48: =G47+F48 -> 100 | I48: =I47+H48 -> 76.7 | J48: 12.7 | K48: =K47+J48 -> 99.8 | L48: 6.4 | M48: =M47+L48 -> 100.2 | N48: 8 | O48: =O47+N48 -> 100 | P48: 15.517241 | Q48: =Q47+P48 -> 100 | R48: 19.1 | S48: =S47+R48 -> 100
A50: Crime and Violence? (1= least important & 10 = critical important)
A51: 1 | B51: 14.3 | C51: =B51 -> 14.3 | D51: 0 | E51: =D51 -> 0 | F51: 0 | G51: =F51 -> 0 | H51: 5.9 | I51: =H51 -> 5.9 | J51: 6.3 | K51: =J51 -> 6.3 | L51: 2.1 | M51: =L51 -> 2.1 | N51: 0 | O51: =N51 -> 0 | P51: 0 | Q51: =P51 -> 0 | R51: 5.13 | S51: =R51 -> 5.13
A52: 2 | B52: 0 | C52: =C51+B52 -> 14.3 | D52: 13.6 | E52: =E51+D52 -> 13.6 | F52: 7.7 | G52: =G51+F52 -> 7.7 | H52: 11.8 | I52: =I51+H52 -> 17.7 | J52: 9.5 | K52: =K51+J52 -> 15.8 | L52: 4.3 | M52: =M51+L52 -> 6.4 | N52: 5 | O52: =O51+N52 -> 5 | P52: 8.6206897 | Q52: =Q51+P52 -> 8.6206897 | R52: 7.59 | S52: =S51+R52 -> 12.72
A53: 3 | B53: 28.5 | C53: =C52+B53 -> 42.8 | D53: 0 | E53: =E52+D53 -> 13.6 | F53: 3.8 | G53: =G52+F53 -> 11.5 | H53: 5.9 | I53: =I52+H53 -> 23.6 | J53: 15.9 | K53: =K52+J53 -> 31.7 | L53: 6.4 | M53: =M52+L53 -> 12.8 | N53: 8 | O53: =O52+N53 -> 13 | P53: 3.4482759 | Q53: =Q52+P53 -> 12.068966 | R53: 10.26 | S53: =S52+R53 -> 22.98
A54: 4 | B54: 0 | C54: =C53+B54 -> 42.8 | D54: 9.1 | E54: =E53+D54 -> 22.7 | F54: 7.7 | G54: =G53+F54 -> 19.2 | H54: 11.8 | I54: =I53+H54 -> 35.4 | J54: 4.8 | K54: =K53+J54 -> 36.5 | L54: 4.3 | M54: =M53+L54 -> 17.1 | N54: 0 | O54: =O53+N54 -> 13 | P54: 13.793103 | Q54: =Q53+P54 -> 25.862069 | R54: 2.56 | S54: =S53+R54 -> 25.54
A55: 5 | B55: 0 | C55: =C54+B55 -> 42.8 | D55: 27.3 | E55: =E54+D55 -> 50 | F55: 15.4 | G55: =G54+F55 -> 34.6 | H55: 17.6 | I55: =I54+H55 -> 53 | J55: 6.3 | K55: =K54+J55 -> 42.8 | L55: 14.9 | M55: =M54+L55 -> 32 | N55: 5 | O55: =O54+N55 -> 18 | P55: 13.793103 | Q55: =Q54+P55 -> 39.655172 | R55: 5.98 | S55: =S54+R55 -> 31.52
A56: 6 | B56: 0 | C56: =C55+B56 -> 42.8 | D56: 0 | E56: =E55+D56 -> 50 | F56: 7.8 | G56: =G55+F56 -> 42.4 | I56: =I55+H56 -> 53 | J56: 11.1 | K56: =K55+J56 -> 53.9 | L56: 12.8 | M56: =M55+L56 -> 44.8 | N56: 5 | O56: =O55+N56 -> 23 | P56: 5.1724138 | Q56: =Q55+P56 -> 44.827586 | R56: 3.42 | S56: =S55+R56 -> 34.94
A57: 7 | B57: 0 | C57: =C56+B57 -> 42.8 | D57: 4.6 | E57: =E56+D57 -> 54.6 | F57: 3.8 | G57: =G56+F57 -> 46.2 | H57: 5.9 | I57: =I56+H57 -> 58.9 | J57: 4.8 | K57: =K56+J57 -> 58.7 | L57: 17 | M57: =M56+L57 -> 61.8 | N57: 15 | O57: =O56+N57 -> 38 | P57: 15.517241 | Q57: =Q56+P57 -> 60.344828 | R57: 13.68 | S57: =S56+R57 -> 48.62
A58: 8 | B58: 14.3 | C58: =C57+B58 -> 57.1 | D58: 9.1 | E58: =E57+D58 -> 63.7 | F58: 11.15 | G58: =G57+F58 -> 57.35 | I58: =I57+H58 -> 58.9 | J58: 14.3 | K58: =K57+J58 -> 73 | L58: 10.6 | M58: =M57+L58 -> 72.4 | N58: 18 | O58: =O57+N58 -> 56 | P58: 12.068966 | Q58: =Q57+P58 -> 72.413793 | R58: 16.24 | S58: =S57+R58 -> 64.86
A59: 9 | B59: 28.6 | C59: =C58+B59 -> 85.7 | D59: 13.6 | E59: =E58+D59 -> 77.3 | F59: 0 | G59: =G58+F59 -> 57.35 | H59: 17.6 | I59: =I58+H59 -> 76.5 | J59: 6.3 | K59: =K58+J59 -> 79.3 | L59: 10.6 | M59: =M58+L59 -> 83 | N59: 18 | O59: =O58+N59 -> 74 | P59: 6.8965517 | Q59: =Q58+P59 -> 79.310345 | R59: 6.84 | S59: =S58+R59 -> 71.7
A60: 10 | B60: 14.3 | C60: =C59+B60 -> 100 | D60: 22.7 | E60: =E59+D60 -> 100 | F60: 42.3 | G60: =G59+F60 -> 99.65 | H60: 23.5 | I60: =I59+H60 -> 100 | J60: 20.6 | K60: =K59+J60 -> 99.9 | L60: 17 | M60: =M59+L60 -> 100 | N60: 26 | O60: =O59+N60 -> 100 | P60: 20.689655 | Q60: =Q59+P60 -> 100 | R60: 28.21 | S60: =S59+R60 -> 99.91
A62: Political Stability? (1= least important & 10 = critical important)
A63: 1 | B63: 14.3 | C63: =B63 -> 14.3 | D63: 4.7 | E63: =D63 -> 4.7 | F63: 0 | G63: =F63 -> 0 | H63: 5.9 | I63: =H63 -> 5.9 | J63: 3.2 | K63: =J63 -> 3.2 | L63: 2.1 | M63: =L63 -> 2.1 | N63: 0 | O63: =N63 -> 0 | P63: 0 | Q63: =P63 -> 0 | R63: 1.57 | S63: =R63 -> 1.57
A64: 2 | B64: 0 | C64: =C63+B64 -> 14.3 | D64: 0 | E64: =E63+D64 -> 4.7 | F64: 7.8 | G64: =G63+F64 -> 7.8 | H64: 11.8 | I64: =I63+H64 -> 17.7 | J64: 1.6 | K64: =K63+J64 -> 4.8 | L64: 2.1 | M64: =M63+L64 -> 4.2 | N64: 3 | O64: =O63+N64 -> 3 | P64: 3.4482759 | Q64: =Q63+P64 -> 3.4482759 | R64: 4.72 | S64: =S63+R64 -> 6.29
A65: 3 | B65: 0 | C65: =C64+B65 -> 14.3 | D65: 0 | E65: =E64+D65 -> 4.7 | F65: 3.8 | G65: =G64+F65 -> 11.6 | I65: =I64+H65 -> 17.7 | J65: 6.3 | K65: =K64+J65 -> 11.1 | L65: 2.1 | M65: =M64+L65 -> 6.3 | N65: 5 | O65: =O64+N65 -> 8 | P65: 3.4482759 | Q65: =Q64+P65 -> 6.8965517 | R65: 3.94 | S65: =S64+R65 -> 10.23
A66: 4 | B66: 0 | C66: =C65+B66 -> 14.3 | D66: 0 | E66: =E65+D66 -> 4.7 | F66: 7.7 | G66: =G65+F66 -> 19.3 | H66: 5.9 | I66: =I65+H66 -> 23.6 | J66: 9.5 | K66: =K65+J66 -> 20.6 | L66: 4.3 | M66: =M65+L66 -> 10.6 | N66: 0 | O66: =O65+N66 -> 8 | P66: 1.7241379 | Q66: =Q65+P66 -> 8.6206897 | R66: 4.72 | S66: =S65+R66 -> 14.95
A67: 5 | B67: 0 | C67: =C66+B67 -> 14.3 | D67: 18.2 | E67: =E66+D67 -> 22.9 | F67: 11.5 | G67: =G66+F67 -> 30.8 | H67: 5.9 | I67: =I66+H67 -> 29.5 | J67: 9.5 | K67: =K66+J67 -> 30.1 | L67: 8.5 | M67: =M66+L67 -> 19.1 | N67: 5 | O67: =O66+N67 -> 13 | P67: 8.6206897 | Q67: =Q66+P67 -> 17.241379 | R67: 9.45 | S67: =S66+R67 -> 24.4
A68: 6 | B68: 14.3 | C68: =C67+B68 -> 28.6 | D68: 4.5 | E68: =E67+D68 -> 27.4 | F68: 11.5 | G68: =G67+F68 -> 42.3 | I68: =I67+H68 -> 29.5 | J68: 7.9 | K68: =K67+J68 -> 38 | L68: 8.5 | M68: =M67+L68 -> 27.6 | N68: 13 | O68: =O67+N68 -> 26 | P68: 3.4482759 | Q68: =Q67+P68 -> 20.689655 | R68: 11.02 | S68: =S67+R68 -> 35.42
A69: 7 | B69: 0 | C69: =C68+B69 -> 28.6 | D69: 4.5 | E69: =E68+D69 -> 31.9 | F69: 3.8 | G69: =G68+F69 -> 46.1 | H69: 5.9 | I69: =I68+H69 -> 35.4 | J69: 14.3 | K69: =K68+J69 -> 52.3 | L69: 21.3 | M69: =M68+L69 -> 48.9 | N69: 13 | O69: =O68+N69 -> 39 | P69: 8.6206897 | Q69: =Q68+P69 -> 29.310345 | R69: 10.24 | S69: =S68+R69 -> 45.66
A70: 8 | B70: 14.3 | C70: =C69+B70 -> 42.9 | D70: 13.9 | E70: =E69+D70 -> 45.8 | F70: 7.7 | G70: =G69+F70 -> 53.8 | H70: 17.6 | I70: =I69+H70 -> 53 | J70: 20.6 | K70: =K69+J70 -> 72.9 | L70: 8.5 | M70: =M69+L70 -> 57.4 | N70: 18 | O70: =O69+N70 -> 57 | P70: 24.137931 | Q70: =Q69+P70 -> 53.448276 | R70: 18.9 | S70: =S69+R70 -> 64.56
A71: 9 | B71: 14.2 | C71: =C70+B71 -> 57.1 | D71: 18.2 | E71: =E70+D71 -> 64 | F71: 0 | G71: =G70+F71 -> 53.8 | H71: 29.4 | I71: =I70+H71 -> 82.4 | J71: 15.9 | K71: =K70+J71 -> 88.8 | L71: 23.4 | M71: =M70+L71 -> 80.8 | N71: 21 | O71: =O70+N71 -> 78 | P71: 22.413793 | Q71: =Q70+P71 -> 75.862069 | R71: 14.17 | S71: =S70+R71 -> 78.73
A72: 10 | B72: 42.9 | C72: =C71+B72 -> 100 | D72: 31.8 | E72: =E71+D72 -> 95.8 | F72: 46.2 | G72: =G71+F72 -> 100 | H72: 17.6 | I72: =I71+H72 -> 100 | J72: 11.1 | K72: =K71+J72 -> 99.9 | L72: 19.2 | M72: =M71+L72 -> 100 | N72: 23 | O72: =O71+N72 -> 101 | P72: 24.137931 | Q72: =Q71+P72 -> 100 | R72: 21.26 | S72: =S71+R72 -> 99.99
A74: New technology/R&D/Training? (1= least important & 10 = critical important)
A75: 1 | B75: 0 | C75: =B75 -> 0 | D75: 0 | E75: =D75 -> 0 | F75: 4 | G75: =F75 -> 4 | I75: =H75 -> 0 | J75: 3.2 | K75: =J75 -> 3.2 | L75: 0 | M75: =L75 -> 0 | N75: 0 | O75: =N75 -> 0 | P75: 1.7241379 | Q75: =P75 -> 1.7241379 | R75: 4.76 | S75: =R75 -> 4.76
A76: 2 | B76: 0 | C76: =C75+B76 -> 0 | D76: 4.5 | E76: =E75+D76 -> 4.5 | F76: 11.5 | G76: =G75+F76 -> 15.5 | H76: 23.5 | I76: =I75+H76 -> 23.5 | J76: 7.9 | K76: =K75+J76 -> 11.1 | L76: 2.1 | M76: =M75+L76 -> 2.1 | N76: 0 | O76: =O75+N76 -> 0 | P76: 0 | Q76: =Q75+P76 -> 1.7241379 | R76: 1.59 | S76: =S75+R76 -> 6.35
A77: 3 | B77: 0 | C77: =C76+B77 -> 0 | D77: 4.5 | E77: =E76+D77 -> 9 | F77: 7.7 | G77: =G76+F77 -> 23.2 | I77: =I76+H77 -> 23.5 | J77: 3.2 | K77: =K76+J77 -> 14.3 | L77: 6.4 | M77: =M76+L77 -> 8.5 | N77: 3 | O77: =O76+N77 -> 3 | P77: 0 | Q77: =Q76+P77 -> 1.7241379 | R77: 4.76 | S77: =S76+R77 -> 11.11
A78: 4 | B78: 0 | C78: =C77+B78 -> 0 | D78: 4.5 | E78: =E77+D78 -> 13.5 | F78: 0 | G78: =G77+F78 -> 23.2 | I78: =I77+H78 -> 23.5 | J78: 6.3 | K78: =K77+J78 -> 20.6 | L78: 4.3 | M78: =M77+L78 -> 12.8 | N78: 8 | O78: =O77+N78 -> 11 | P78: 5.1724138 | Q78: =Q77+P78 -> 6.8965517 | R78: 5.56 | S78: =S77+R78 -> 16.67
A79: 5 | B79: 14.2 | C79: =C78+B79 -> 14.2 | D79: 13.6 | E79: =E78+D79 -> 27.1 | F79: 7.7 | G79: =G78+F79 -> 30.9 | I79: =I78+H79 -> 23.5 | J79: 12.7 | K79: =K78+J79 -> 33.3 | L79: 6.4 | M79: =M78+L79 -> 19.2 | N79: 3 | O79: =O78+N79 -> 14 | P79: 8.6206897 | Q79: =Q78+P79 -> 15.517241 | R79: 6.35 | S79: =S78+R79 -> 23.02
A80: 6 | B80: 14.3 | C80: =C79+B80 -> 28.5 | D80: 4.5 | E80: =E79+D80 -> 31.6 | F80: 7.7 | G80: =G79+F80 -> 38.6 | I80: =I79+H80 -> 23.5 | J80: 6.3 | K80: =K79+J80 -> 39.6 | L80: 8.5 | M80: =M79+L80 -> 27.7 | N80: 13 | O80: =O79+N80 -> 27 | P80: 3.4482759 | Q80: =Q79+P80 -> 18.965517 | R80: 7.94 | S80: =S79+R80 -> 30.96
A81: 7 | B81: 14.3 | C81: =C80+B81 -> 42.8 | D81: 4.5 | E81: =E80+D81 -> 36.1 | F81: 3.8 | G81: =G80+F81 -> 42.4 | H81: 23.5 | I81: =I80+H81 -> 47 | J81: 12.7 | K81: =K80+J81 -> 52.3 | L81: 23.4 | M81: =M80+L81 -> 51.1 | N81: 15 | O81: =O80+N81 -> 42 | P81: 12.068966 | Q81: =Q80+P81 -> 31.034483 | R81: 12.07 | S81: =S80+R81 -> 43.03
A82: 8 | B82: 14.3 | C82: =C81+B82 -> 57.1 | D82: 13.9 | E82: =E81+D82 -> 50 | F82: 11.5 | G82: =G81+F82 -> 53.9 | H82: 29.4 | I82: =I81+H82 -> 76.4 | J82: 22.2 | K82: =K81+J82 -> 74.5 | L82: 19.1 | M82: =M81+L82 -> 70.2 | N82: 28 | O82: =O81+N82 -> 70 | P82: 36.206897 | Q82: =Q81+P82 -> 67.241379 | R82: 21.43 | S82: =S81+R82 -> 64.46
A83: 9 | B83: 0 | C83: =C82+B83 -> 57.1 | D83: 18.2 | E83: =E82+D83 -> 68.2 | F83: 19.2 | G83: =G82+F83 -> 73.1 | H83: 11.8 | I83: =I82+H83 -> 88.2 | J83: 17.5 | K83: =K82+J83 -> 92 | L83: 17 | M83: =M82+L83 -> 87.2 | N83: 18 | O83: =O82+N83 -> 88 | P83: 10.344828 | Q83: =Q82+P83 -> 77.586207 | R83: 13.49 | S83: =S82+R83 -> 77.95
A84: 10 | B84: 42.9 | C84: =C83+B84 -> 100 | D84: 31.8 | E84: =E83+D84 -> 100 | F84: 26.9 | G84: =G83+F84 -> 100 | H84: 11.8 | I84: =I83+H84 -> 100 | J84: 7.9 | K84: =K83+J84 -> 99.9 | L84: 12.8 | M84: =M83+L84 -> 100 | N84: 13 | O84: =O83+N84 -> 101 | P84: 22.413793 | Q84: =Q83+P84 -> 100 | R84: 21.43 | S84: =S83+R84 -> 99.38
A86: Rates and Taxes? (1= least important & 10 = critical important)
A87: 1 | B87: 0 | C87: =B87 -> 0 | D87: 0 | E87: =D87 -> 0 | F87: 7.9 | G87: =F87 -> 7.9 | I87: =H87 -> 0 | J87: 4.8 | K87: =J87 -> 4.8 | L87: 2.1 | M87: =L87 -> 2.1 | N87: 3 | O87: =N87 -> 3 | P87: 1.7241379 | Q87: =P87 -> 1.7241379 | R87: 3.15 | S87: =R87 -> 3.15
A88: 2 | B88: 14.2 | C88: =C87+B88 -> 14.2 | D88: 0 | E88: =E87+D88 -> 0 | F88: 0 | G88: =G87+F88 -> 7.9 | H88: 17.6 | I88: =I87+H88 -> 17.6 | J88: 9.5 | K88: =K87+J88 -> 14.3 | L88: 2.1 | M88: =M87+L88 -> 4.2 | N88: 3 | O88: =O87+N88 -> 6 | P88: 1.7241379 | Q88: =Q87+P88 -> 3.4482759 | R88: 4.72 | S88: =S87+R88 -> 7.87
A89: 3 | B89: 0 | C89: =C88+B89 -> 14.2 | D89: 0 | E89: =E88+D89 -> 0 | F89: 0 | G89: =G88+F89 -> 7.9 | H89: 11.8 | I89: =I88+H89 -> 29.4 | J89: 4.8 | K89: =K88+J89 -> 19.1 | L89: 10.6 | M89: =M88+L89 -> 14.8 | N89: 10 | O89: =O88+N89 -> 16 | P89: 1.7241379 | Q89: =Q88+P89 -> 5.1724138 | R89: 7.87 | S89: =S88+R89 -> 15.74
A90: 4 | B90: 0 | C90: =C89+B90 -> 14.2 | D90: 0 | E90: =E89+D90 -> 0 | F90: 0 | G90: =G89+F90 -> 7.9 | I90: =I89+H90 -> 29.4 | J90: 9.5 | K90: =K89+J90 -> 28.6 | L90: 2.1 | M90: =M89+L90 -> 16.9 | N90: 5 | O90: =O89+N90 -> 21 | P90: 1.7241379 | Q90: =Q89+P90 -> 6.8965517 | R90: 4.72 | S90: =S89+R90 -> 20.46
A91: 5 | B91: 0 | C91: =C90+B91 -> 14.2 | D91: 9 | E91: =E90+D91 -> 9 | F91: 3.8 | G91: =G90+F91 -> 11.7 | H91: 11.8 | I91: =I90+H91 -> 41.2 | J91: 4.8 | K91: =K90+J91 -> 33.4 | L91: 17 | M91: =M90+L91 -> 33.9 | N91: 3 | O91: =O90+N91 -> 24 | P91: 6.8965517 | Q91: =Q90+P91 -> 13.793103 | R91: 8.66 | S91: =S90+R91 -> 29.12
A92: 6 | B92: 0 | C92: =C91+B92 -> 14.2 | D92: 0 | E92: =E91+D92 -> 9 | F92: 11.5 | G92: =G91+F92 -> 23.2 | H92: 5.9 | I92: =I91+H92 -> 47.1 | J92: 15.9 | K92: =K91+J92 -> 49.3 | L92: 12.8 | M92: =M91+L92 -> 46.7 | N92: 13 | O92: =O91+N92 -> 37 | P92: 13.793103 | Q92: =Q91+P92 -> 27.586207 | R92: 9.45 | S92: =S91+R92 -> 38.57
A93: 7 | B93: 0 | C93: =C92+B93 -> 14.2 | D93: 18.2 | E93: =E92+D93 -> 27.2 | F93: 19.2 | G93: =G92+F93 -> 42.4 | H93: 5.9 | I93: =I92+H93 -> 53 | J93: 11.1 | K93: =K92+J93 -> 60.4 | L93: 6.4 | M93: =M92+L93 -> 53.1 | N93: 21 | O93: =O92+N93 -> 58 | P93: 20.689655 | Q93: =Q92+P93 -> 48.275862 | R93: 14.17 | S93: =S92+R93 -> 52.74
A94: 8 | B94: 14.3 | C94: =C93+B94 -> 28.5 | D94: 27.3 | E94: =E93+D94 -> 54.5 | F94: 19.2 | G94: =G93+F94 -> 61.6 | H94: 17.6 | I94: =I93+H94 -> 70.6 | J94: 22.2 | K94: =K93+J94 -> 82.6 | L94: 17 | M94: =M93+L94 -> 70.1 | N94: 21 | O94: =O93+N94 -> 79 | P94: 18.965517 | Q94: =Q93+P94 -> 67.241379 | R94: 18.11 | S94: =S93+R94 -> 70.85
A95: 9 | B95: 28.6 | C95: =C94+B95 -> 57.1 | D95: 18.2 | E95: =E94+D95 -> 72.7 | F95: 3.8 | G95: =G94+F95 -> 65.4 | H95: 17.6 | I95: =I94+H95 -> 88.2 | J95: 6.3 | K95: =K94+J95 -> 88.9 | L95: 17 | M95: =M94+L95 -> 87.1 | N95: 15 | O95: =O94+N95 -> 94 | P95: 15.517241 | Q95: =Q94+P95 -> 82.758621 | R95: 11.81 | S95: =S94+R95 -> 82.66
A96: 10 | B96: 42.9 | C96: =C95+B96 -> 100 | D96: 27.3 | E96: =E95+D96 -> 100 | F96: 34.6 | G96: =G95+F96 -> 100 | H96: 11.8 | I96: =I95+H96 -> 100 | J96: 11.1 | K96: =K95+J96 -> 100 | L96: 12.8 | M96: =M95+L96 -> 99.9 | N96: 8 | O96: =O95+N96 -> 102 | P96: 17.241379 | Q96: =Q95+P96 -> 100 | R96: 17.32 | S96: =S95+R96 -> 99.98
A98: Cost of money? (1= least important & 10 = critical important)
A99: 1 | B99: 0 | C99: =B99 -> 0 | D99: 0 | E99: =D99 -> 0 | F99: 0 | G99: =F99 -> 0 | I99: =H99 -> 0 | J99: 1.6 | K99: =J99 -> 1.6 | L99: 4.3 | M99: =L99 -> 4.3 | N99: 5 | O99: =N99 -> 5 | P99: 0 | Q99: =P99 -> 0 | R99: 3.97 | S99: =R99 -> 3.97
A100: 2 | B100: 14.2 | C100: =C99+B100 -> 14.2 | D100: 0 | E100: =E99+D100 -> 0 | F100: 0 | G100: =G99+F100 -> 0 | I100: =I99+H100 -> 0 | J100: 4.8 | K100: =K99+J100 -> 6.4 | L100: 4.3 | M100: =M99+L100 -> 8.6 | N100: 5 | O100: =O99+N100 -> 10 | P100: 5.1724138 | Q100: =Q99+P100 -> 5.1724138 | R100: 2.38 | S100: =S99+R100 -> 6.35
A101: 3 | B101: 0 | C101: =C100+B101 -> 14.2 | D101: 4.8 | E101: =E100+D101 -> 4.8 | F101: 0 | G101: =G100+F101 -> 0 | I101: =I100+H101 -> 0 | J101: 1.6 | K101: =K100+J101 -> 8 | L101: 0 | M101: =M100+L101 -> 8.6 | N101: 8 | O101: =O100+N101 -> 18 | P101: 5.1724138 | Q101: =Q100+P101 -> 10.344828 | R101: 11.11 | S101: =S100+R101 -> 17.46
A102: 4 | B102: 0 | C102: =C101+B102 -> 14.2 | D102: 4.5 | E102: =E101+D102 -> 9.3 | F102: 15.4 | G102: =G101+F102 -> 15.4 | H102: 5.9 | I102: =I101+H102 -> 5.9 | J102: 6.3 | K102: =K101+J102 -> 14.3 | L102: 10.6 | M102: =M101+L102 -> 19.2 | N102: 5 | O102: =O101+N102 -> 23 | P102: 5.1724138 | Q102: =Q101+P102 -> 15.517241 | R102: 5.56 | S102: =S101+R102 -> 23.02
A103: 5 | B103: 0 | C103: =C102+B103 -> 14.2 | D103: 4.5 | E103: =E102+D103 -> 13.8 | F103: 7.7 | G103: =G102+F103 -> 23.1 | H103: 11.8 | I103: =I102+H103 -> 17.7 | J103: 11.1 | K103: =K102+J103 -> 25.4 | L103: 6.4 | M103: =M102+L103 -> 25.6 | N103: 3 | O103: =O102+N103 -> 26 | P103: 8.6206897 | Q103: =Q102+P103 -> 24.137931 | R103: 4.76 | S103: =S102+R103 -> 27.78
A104: 6 | B104: 14.3 | C104: =C103+B104 -> 28.5 | D104: 4.5 | E104: =E103+D104 -> 18.3 | F104: 3.8 | G104: =G103+F104 -> 26.9 | I104: =I103+H104 -> 17.7 | J104: 4.8 | K104: =K103+J104 -> 30.2 | L104: 8.5 | M104: =M103+L104 -> 34.1 | N104: 15 | O104: =O103+N104 -> 41 | P104: 3.4482759 | Q104: =Q103+P104 -> 27.586207 | R104: 3.97 | S104: =S103+R104 -> 31.75
A105: 7 | B105: 0 | C105: =C104+B105 -> 28.5 | D105: 13.6 | E105: =E104+D105 -> 31.9 | F105: 0 | G105: =G104+F105 -> 26.9 | H105: 23.5 | I105: =I104+H105 -> 41.2 | J105: 9.5 | K105: =K104+J105 -> 39.7 | L105: 8.5 | M105: =M104+L105 -> 42.6 | N105: 8 | O105: =O104+N105 -> 49 | P105: 12.068966 | Q105: =Q104+P105 -> 39.655172 | R105: 13.49 | S105: =S104+R105 -> 45.24
A106: 8 | B106: 14.3 | C106: =C105+B106 -> 42.8 | D106: 13.6 | E106: =E105+D106 -> 45.5 | F106: 15.4 | G106: =G105+F106 -> 42.3 | H106: 17.6 | I106: =I105+H106 -> 58.8 | J106: 25.4 | K106: =K105+J106 -> 65.1 | L106: 6.4 | M106: =M105+L106 -> 49 | N106: 15 | O106: =O105+N106 -> 64 | P106: 20.689655 | Q106: =Q105+P106 -> 60.344828 | R106: 20.63 | S106: =S105+R106 -> 65.87
A107: 9 | B107: 14.3 | C107: =C106+B107 -> 57.1 | D107: 22.7 | E107: =E106+D107 -> 68.2 | F107: 23.1 | G107: =G106+F107 -> 65.4 | H107: 29.4 | I107: =I106+H107 -> 88.2 | J107: 17.5 | K107: =K106+J107 -> 82.6 | L107: 25.5 | M107: =M106+L107 -> 74.5 | N107: 23 | O107: =O106+N107 -> 87 | P107: 15.517241 | Q107: =Q106+P107 -> 75.862069 | R107: 10.32 | S107: =S106+R107 -> 76.19
...

Sheet RBay
A1: Business Survey - Richards Bay
B2: 2013 | D2: 2012 | F2: 2011 | H2: 2010 | J2: 2009 | L2: 2008 | N2: 2007 | P2: 2005
B3: =F3 -> As a percentage | C3: =G3 -> Less than Ogive | D3: =H3 -> As a percentage | E3: =I3 -> Less than Ogive | F3: =J3 -> As a percentage | G3: =K3 -> Less than Ogive | H3: =J3 -> As a percentage | I3: =K3 -> Less than Ogive | J3: =L3 -> As a percentage | K3: =M3 -> Less than Ogive | L3: As a percentage | M3: Less than Ogive | N3: As a percentage | O3: Less than Ogive | P3: As a percentage | Q3: Less than Ogive
A4: Industry by sector in which your business operates?
A5: Agriculture, Forestry, Hunting (Processing of Farm Products)
A6: Farming (Basic production of agri products)
A7: Mining | F7: 5.3
A8: Quarrying
A9: Manufacturing | B9: 16.7 | D9: 14.3 | F9: 10.5 | H9: 13.3 | L9: 13.6 | N9: 10
A10: Electricity, Gas & Water | H10: 6.7 | N10: 10
A11: Construction | B11: 12.5 | D11: 28.5 | F11: 10.5 | H11: 26.7 | J11: 9.5 | L11: 13.6 | N11: 24
A12: Educational Institutions | D12: 14.3 | J12: 4.8 | L12: 4.5
A13: Tourism, Catering & Accommodation | F13: 5.3 | L13: 9.1 | N13: 5
A14: Wholesale & Retail | B14: 16.7 | D14: 14.3 | F14: 15.8 | J14: 19 | L14: 13.6 | N14: 10 | P14: 28.57
A15: Vehicle Sales | F15: 5.3
A16: Transport, Storage & Communications | B16: 4.2 | J16: 4.8 | P16: 7.14
A17: Banks & Financial | B17: 4 | F17: 5.2 | H17: 6.7 | J17: 9.5 | L17: 4.5 | N17: 10 | P17: 15.97
A18: Legal | D18: 14.3 | H18: 6.7 | J18: 4.8 | L18: 4.5 | N18: 5 | P18: 4
A19: Insurance , Pension & Medical Aid Funds | L19: 2.1
A20: Real Estate | B20: 4.2 | P20: 7.14
A21: Business Services | B21: 12.5 | F21: 15.8 | H21: 6.7 | J21: 9.5 | L21: 9.1 | P21: 2
A22: Central Government
A23: Local Government | J23: 4.8
A24: Provincial Government
A25: Social & Personal Services | B25: 4.2 | D25: 14.3 | L25: 4.5 | N25: 5
A26: IT | F26: 10.5 | J26: 4.8 | N26: 5
A27: Taxis
A28: Other | B28: 20.8 | F28: 15.8 | H28: 33.3 | J28: 28.6 | L28: 22.7 | N28: 19 | P28: 28.57
A30: How many employees do you have?
A31: 0 - 10 | B31: 29.1 | C31: =B31 -> 29.1 | D31: 28.5 | E31: =D31 -> 28.5 | F31: 42.1 | G31: =F31 -> 42.1 | H31: 20 | I31: =H31 -> 20 | J31: 42.9 | K31: =J31 -> 42.9 | L31: 54.5 | M31: =L31 -> 54.5 | N31: 33 | O31: =N31 -> 33 | P31: 61 | Q31: =P31 -> 61
A32: 11. - 30 | B32: 29.2 | C32: =C31+B32 -> 58.3 | D32: 14.3 | E32: =E31+D32 -> 42.8 | F32: 10.5 | G32: =G31+F32 -> 52.6 | H32: 46.7 | I32: =I31+H32 -> 66.7 | J32: 33.3 | K32: =K31+J32 -> 76.2 | L32: 13.6 | M32: =M31+L32 -> 68.1 | N32: 33 | O32: =O31+N32 -> 66 | P32: 23 | Q32: =Q31+P32 -> 84
A33: 31 - 50 | B33: 16.7 | C33: =C32+B33 -> 75 | D33: 0 | E33: =E32+D33 -> 42.8 | F33: 15.8 | G33: =G32+F33 -> 68.4 | H33: 6.7 | I33: =I32+H33 -> 73.4 | J33: 9.5 | K33: =K32+J33 -> 85.7 | L33: 18.2 | M33: =M32+L33 -> 86.3 | N33: 10 | O33: =O32+N33 -> 76 | P33: 10 | Q33: =Q32+P33 -> 94
A34: 51 - 100 | B34: 4.2 | C34: =C33+B34 -> 79.2 | D34: 28.6 | E34: =E33+D34 -> 71.4 | F34: 15.8 | G34: =G33+F34 -> 84.2 | H34: 6.7 | I34: =I33+H34 -> 80.1 | J34: 14.3 | K34: =K33+J34 -> 100 | L34: 9.1 | M34: =M33+L34 -> 95.4 | N34: 5 | O34: =O33+N34 -> 81 | P34: 2.5 | Q34: =Q33+P34 -> 96.5
A35: 101 - 200 | B35: 12.5 | C35: =C34+B35 -> 91.7 | D35: 14.3 | E35: =E34+D35 -> 85.7 | F35: 0 | G35: =G34+F35 -> 84.2 | H35: 6.7 | I35: =I34+H35 -> 86.8 | J35: 0 | K35: =K34+J35 -> 100 | L35: 0 | M35: =M34+L35 -> 95.4 | N35: 14 | O35: =O34+N35 -> 95 | P35: 3.1 | Q35: =Q34+P35 -> 99.6
A36: > 200 | B36: 8.3 | C36: =C35+B36 -> 100 | D36: 14.3 | E36: =E35+D36 -> 100 | F36: 15.8 | G36: =G35+F36 -> 100 | H36: 13.3 | I36: =I35+H36 -> 100.1 | J36: 0 | K36: =K35+J36 -> 100 | L36: 4.5 | M36: =M35+L36 -> 99.9 | N36: 5 | O36: =O35+N36 -> 100 | P36: 1 | Q36: =Q35+P36 -> 100.6
A38: Labour Relations? (1= least important & 10 = critical important)
A39: 1 | B39: 4.3 | C39: =B39 -> 4.3 | D39: 0 | E39: =D39 -> 0 | F39: 10.5 | G39: =F39 -> 10.5 | H39: 0 | I39: =H39 -> 0 | J39: 4.8 | K39: =J39 -> 4.8 | L39: 4.5 | M39: =L39 -> 4.5 | N39: 5 | O39: =N39 -> 5 | P39: 13.33 | Q39: =P39 -> 13.33
A40: 2 | B40: 0 | C40: =C39+B40 -> 4.3 | D40: 14.2 | E40: =E39+D40 -> 14.2 | F40: 5.3 | G40: =G39+F40 -> 15.8 | H40: 20 | I40: =I39+H40 -> 20 | J40: 4.8 | K40: =K39+J40 -> 9.6 | L40: 4.5 | M40: =M39+L40 -> 9 | N40: 10 | O40: =O39+N40 -> 15 | P40: 6.67 | Q40: =Q39+P40 -> 20
A41: 3 | B41: 8.3 | C41: =C40+B41 -> 12.6 | D41: 0 | E41: =E40+D41 -> 14.2 | F41: 10.5 | G41: =G40+F41 -> 26.3 | H41: 6.7 | I41: =I40+H41 -> 26.7 | J41: 9.5 | K41: =K40+J41 -> 19.1 | L41: 13.6 | M41: =M40+L41 -> 22.6 | N41: 5 | O41: =O40+N41 -> 20 | P41: 0 | Q41: =Q40+P41 -> 20
A42: 4 | B42: 8.3 | C42: =C41+B42 -> 20.9 | D42: 0 | E42: =E41+D42 -> 14.2 | F42: 0 | G42: =G41+F42 -> 26.3 | H42: 13.3 | I42: =I41+H42 -> 40 | J42: 9.5 | K42: =K41+J42 -> 28.6 | L42: 4.5 | M42: =M41+L42 -> 27.1 | N42: 0 | O42: =O41+N42 -> 20 | P42: 0 | Q42: =Q41+P42 -> 20
A43: 5 | B43: 8.3 | C43: =C42+B43 -> 29.2 | D43: 28.6 | E43: =E42+D43 -> 42.8 | F43: 10.5 | G43: =G42+F43 -> 36.8 | H43: 0 | I43: =I42+H43 -> 40 | J43: 9.5 | K43: =K42+J43 -> 38.1 | L43: 9.1 | M43: =M42+L43 -> 36.2 | N43: 10 | O43: =O42+N43 -> 30 | P43: 26.67 | Q43: =Q42+P43 -> 46.67
A44: 6 | B44: 4.2 | C44: =C43+B44 -> 33.4 | D44: 14.3 | E44: =E43+D44 -> 57.1 | F44: 15.8 | G44: =G43+F44 -> 52.6 | H44: 6.7 | I44: =I43+H44 -> 46.7 | J44: 4.8 | K44: =K43+J44 -> 42.9 | L44: 4.5 | M44: =M43+L44 -> 40.7 | N44: 19 | O44: =O43+N44 -> 49 | P44: 6.67 | Q44: =Q43+P44 -> 53.34
A45: 7 | B45: 8.3 | C45: =C44+B45 -> 41.7 | D45: 28.6 | E45: =E44+D45 -> 85.7 | F45: 10.5 | G45: =G44+F45 -> 63.1 | H45: 0 | I45: =I44+H45 -> 46.7 | J45: 4.8 | K45: =K44+J45 -> 47.7 | L45: 4.5 | M45: =M44+L45 -> 45.2 | N45: 14 | O45: =O44+N45 -> 63 | P45: 6.67 | Q45: =Q44+P45 -> 60.01
A46: 8 | B46: 8.3 | C46: =C45+B46 -> 50 | D46: 14.3 | E46: =E45+D46 -> 100 | F46: 21.1 | G46: =G45+F46 -> 84.2 | H46: 13.3 | I46: =I45+H46 -> 60 | J46: 23.8 | K46: =K45+J46 -> 71.5 | L46: 22.7 | M46: =M45+L46 -> 67.9 | N46: 14 | O46: =O45+N46 -> 77 | P46: 0 | Q46: =Q45+P46 -> 60.01
A47: 9 | B47: 20.8 | C47: =C46+B47 -> 70.8 | D47: 0 | E47: =E46+D47 -> 100 | F47: 5.3 | G47: =G46+F47 -> 89.5 | H47: 20 | I47: =I46+H47 -> 80 | J47: 19 | K47: =K46+J47 -> 90.5 | L47: 4.5 | M47: =M46+L47 -> 72.4 | N47: 14 | O47: =O46+N47 -> 91 | P47: 6.67 | Q47: =Q46+P47 -> 66.68
A48: 10 | B48: 29.2 | C48: =C47+B48 -> 100 | D48: 0 | E48: =E47+D48 -> 100 | F48: 10.5 | G48: =G47+F48 -> 100 | H48: 20 | I48: =I47+H48 -> 100 | J48: 9.5 | K48: =K47+J48 -> 100 | L48: 27.3 | M48: =M47+L48 -> 99.7 | N48: 10 | O48: =O47+N48 -> 101 | P48: 33.33 | Q48: =Q47+P48 -> 100.01
A50: Crime and Violence? (1= least important & 10 = critical important)
A51: 1 | B51: 0 | C51: =B51 -> 0 | D51: 0 | E51: =D51 -> 0 | F51: 5.3 | G51: =F51 -> 5.3 | I51: =H51 -> 0 | J51: 0 | K51: =J51 -> 0 | L51: 4.5 | M51: =L51 -> 4.5 | N51: 0 | O51: =N51 -> 0 | P51: 6.7 | Q51: =P51 -> 6.7
A52: 2 | B52: 0 | C52: =C51+B52 -> 0 | D52: 0 | E52: =E51+D52 -> 0 | F52: 0 | G52: =G51+F52 -> 5.3 | H52: 13.3 | I52: =I51+H52 -> 13.3 | J52: 4.8 | K52: =K51+J52 -> 4.8 | L52: 4.5 | M52: =M51+L52 -> 9 | N52: 0 | O52: =O51+N52 -> 0 | P52: 0 | Q52: =Q51+P52 -> 6.7
A53: 3 | B53: 0 | C53: =C52+B53 -> 0 | D53: 0 | E53: =E52+D53 -> 0 | F53: 15.8 | G53: =G52+F53 -> 21.1 | H53: 6.7 | I53: =I52+H53 -> 20 | J53: 4.8 | K53: =K52+J53 -> 9.6 | L53: 0 | M53: =M52+L53 -> 9 | N53: 5 | O53: =O52+N53 -> 5 | P53: 6.7 | Q53: =Q52+P53 -> 13.4
A54: 4 | B54: 0 | C54: =C53+B54 -> 0 | D54: 14.3 | E54: =E53+D54 -> 14.3 | F54: 0 | G54: =G53+F54 -> 21.1 | H54: 6.7 | I54: =I53+H54 -> 26.7 | J54: 0 | K54: =K53+J54 -> 9.6 | L54: 18.2 | M54: =M53+L54 -> 27.2 | N54: 0 | O54: =O53+N54 -> 5 | P54: 0 | Q54: =Q53+P54 -> 13.4
A55: 5 | B55: 8.4 | C55: =C54+B55 -> 8.4 | D55: 28.6 | E55: =E54+D55 -> 42.9 | F55: 15.8 | G55: =G54+F55 -> 36.9 | I55: =I54+H55 -> 26.7 | J55: 19 | K55: =K54+J55 -> 28.6 | L55: 0 | M55: =M54+L55 -> 27.2 | N55: 5 | O55: =O54+N55 -> 10 | P55: 13.33 | Q55: =Q54+P55 -> 26.73
A56: 6 | B56: 8.3 | C56: =C55+B56 -> 16.7 | D56: 14.2 | E56: =E55+D56 -> 57.1 | F56: 5.1 | G56: =G55+F56 -> 42 | H56: 13.3 | I56: =I55+H56 -> 40 | J56: 4.8 | K56: =K55+J56 -> 33.4 | L56: 9.1 | M56: =M55+L56 -> 36.3 | N56: 5 | O56: =O55+N56 -> 15 | P56: 0 | Q56: =Q55+P56 -> 26.73
A57: 7 | B57: 12.5 | C57: =C56+B57 -> 29.2 | D57: 14.3 | E57: =E56+D57 -> 71.4 | F57: 0 | G57: =G56+F57 -> 42 | H57: 26.7 | I57: =I56+H57 -> 66.7 | J57: 9.5 | K57: =K56+J57 -> 42.9 | L57: 9.1 | M57: =M56+L57 -> 45.4 | N57: 10 | O57: =O56+N57 -> 25 | P57: 13.33 | Q57: =Q56+P57 -> 40.06
A58: 8 | B58: 25 | C58: =C57+B58 -> 54.2 | D58: 14.3 | E58: =E57+D58 -> 85.7 | F58: 15.8 | G58: =G57+F58 -> 57.8 | H58: 6.7 | I58: =I57+H58 -> 73.4 | J58: 28.6 | K58: =K57+J58 -> 71.5 | L58: 13.6 | M58: =M57+L58 -> 59 | N58: 19 | O58: =O57+N58 -> 44 | P58: 0 | Q58: =Q57+P58 -> 40.06
A59: 9 | B59: 12.5 | C59: =C58+B59 -> 66.7 | D59: 0 | E59: =E58+D59 -> 85.7 | F59: 21.1 | G59: =G58+F59 -> 78.9 | H59: 20 | I59: =I58+H59 -> 93.4 | J59: 4.8 | K59: =K58+J59 -> 76.3 | L59: 9.1 | M59: =M58+L59 -> 68.1 | N59: 19 | O59: =O58+N59 -> 63 | P59: 6.7 | Q59: =Q58+P59 -> 46.76
A60: 10 | B60: 33.3 | C60: =C59+B60 -> 100 | D60: 14.3 | E60: =E59+D60 -> 100 | F60: 21.1 | G60: =G59+F60 -> 100 | H60: 6.7 | I60: =I59+H60 -> 100.1 | J60: 23.8 | K60: =K59+J60 -> 100.1 | L60: 31.8 | M60: =M59+L60 -> 99.9 | N60: 38 | O60: =O59+N60 -> 101 | P60: 53.33 | Q60: =Q59+P60 -> 100.09
A62: Political Stability? (1= least important & 10 = critical important)
A63: 1 | B63: 0 | C63: =B63 -> 0 | D63: 0 | E63: =D63 -> 0 | F63: 5.1 | G63: =F63 -> 5.1 | I63: =H63 -> 0 | J63: 0 | K63: =J63 -> 0 | L63: 4.5 | M63: =L63 -> 4.5 | N63: 0 | O63: =N63 -> 0 | P63: 15.38 | Q63: =P63 -> 15.38
A64: 2 | B64: 0 | C64: =C63+B64 -> 0 | D64: 0 | E64: =E63+D64 -> 0 | F64: 5.3 | G64: =G63+F64 -> 10.4 | H64: 6.7 | I64: =I63+H64 -> 6.7 | J64: 0 | K64: =K63+J64 -> 0 | L64: 0 | M64: =M63+L64 -> 4.5 | N64: 0 | O64: =O63+N64 -> 0 | P64: 0 | Q64: =Q63+P64 -> 15.38
A65: 3 | B65: 4.2 | C65: =C64+B65 -> 4.2 | D65: 0 | E65: =E64+D65 -> 0 | F65: 10.5 | G65: =G64+F65 -> 20.9 | H65: 6.7 | I65: =I64+H65 -> 13.4 | J65: 4.8 | K65: =K64+J65 -> 4.8 | L65: 0 | M65: =M64+L65 -> 4.5 | N65: 5 | O65: =O64+N65 -> 5 | P65: 7.69 | Q65: =Q64+P65 -> 23.07
A66: 4 | B66: 0 | C66: =C65+B66 -> 4.2 | D66: 0 | E66: =E65+D66 -> 0 | F66: 5.3 | G66: =G65+F66 -> 26.2 | I66: =I65+H66 -> 13.4 | J66: 4.8 | K66: =K65+J66 -> 9.6 | L66: 4.5 | M66: =M65+L66 -> 9 | N66: 0 | O66: =O65+N66 -> 5 | P66: 0 | Q66: =Q65+P66 -> 23.07
A67: 5 | B67: 4.2 | C67: =C66+B67 -> 8.4 | D67: 0 | E67: =E66+D67 -> 0 | F67: 5.3 | G67: =G66+F67 -> 31.5 | I67: =I66+H67 -> 13.4 | J67: 14.3 | K67: =K66+J67 -> 23.9 | L67: 4.5 | M67: =M66+L67 -> 13.5 | N67: 10 | O67: =O66+N67 -> 15 | P67: 7.69 | Q67: =Q66+P67 -> 30.76
A68: 6 | B68: 4.2 | C68: =C67+B68 -> 12.6 | D68: 0 | E68: =E67+D68 -> 0 | F68: 0 | G68: =G67+F68 -> 31.5 | H68: 20 | I68: =I67+H68 -> 33.4 | J68: 4.8 | K68: =K67+J68 -> 28.7 | L68: 4.5 | M68: =M67+L68 -> 18 | N68: 5 | O68: =O67+N68 -> 20 | P68: 7.69 | Q68: =Q67+P68 -> 38.45
A69: 7 | B69: 4.2 | C69: =C68+B69 -> 16.8 | D69: 42.8 | E69: =E68+D69 -> 42.8 | F69: 5.3 | G69: =G68+F69 -> 36.8 | H69: 13.3 | I69: =I68+H69 -> 46.7 | J69: 4.8 | K69: =K68+J69 -> 33.5 | L69: 18.2 | M69: =M68+L69 -> 36.2 | N69: 14 | O69: =O68+N69 -> 34 | P69: 0 | Q69: =Q68+P69 -> 38.45
A70: 8 | B70: 20.7 | C70: =C69+B70 -> 37.5 | D70: 14.3 | E70: =E69+D70 -> 57.1 | F70: 21.1 | G70: =G69+F70 -> 57.9 | H70: 13.3 | I70: =I69+H70 -> 60 | J70: 14.3 | K70: =K69+J70 -> 47.8 | L70: 18.2 | M70: =M69+L70 -> 54.4 | N70: 24 | O70: =O69+N70 -> 58 | P70: 7.69 | Q70: =Q69+P70 -> 46.14
A71: 9 | B71: 16.7 | C71: =C70+B71 -> 54.2 | D71: 0 | E71: =E70+D71 -> 57.1 | F71: 10.5 | G71: =G70+F71 -> 68.4 | H71: 13.3 | I71: =I70+H71 -> 73.3 | J71: 33.3 | K71: =K70+J71 -> 81.1 | L71: 18.2 | M71: =M70+L71 -> 72.6 | N71: 24 | O71: =O70+N71 -> 82 | P71: 23.08 | Q71: =Q70+P71 -> 69.22
A72: 10 | B72: 45.8 | C72: =C71+B72 -> 100 | D72: 42.9 | E72: =E71+D72 -> 100 | F72: 31.6 | G72: =G71+F72 -> 100 | H72: 26.7 | I72: =I71+H72 -> 100 | J72: 19 | K72: =K71+J72 -> 100.1 | L72: 27.3 | M72: =M71+L72 -> 99.9 | N72: 19 | O72: =O71+N72 -> 101 | P72: 30.77 | Q72: =Q71+P72 -> 99.99
A74: New technology/R&D/Training? (1= least important & 10 = critical important)
A75: 1 | B75: 4.2 | C75: =B75 -> 4.2 | D75: 0 | E75: =D75 -> 0 | F75: 5.1 | G75: =F75 -> 5.1 | H75: 6.7 | I75: =H75 -> 6.7 | J75: 0 | K75: =J75 -> 0 | L75: 9.1 | M75: =L75 -> 9.1 | N75: 0 | O75: =N75 -> 0 | P75: 0 | Q75: =P75 -> 0
A76: 2 | B76: 0 | C76: =C75+B76 -> 4.2 | D76: 0 | E76: =E75+D76 -> 0 | F76: 5.3 | G76: =G75+F76 -> 10.4 | I76: =I75+H76 -> 6.7 | J76: 0 | K76: =K75+J76 -> 0 | L76: 0 | M76: =M75+L76 -> 9.1 | N76: 0 | O76: =O75+N76 -> 0 | P76: 0 | Q76: =Q75+P76 -> 0
A77: 3 | B77: 8.3 | C77: =C76+B77 -> 12.5 | D77: 14.3 | E77: =E76+D77 -> 14.3 | F77: 0 | G77: =G76+F77 -> 10.4 | I77: =I76+H77 -> 6.7 | J77: 0 | K77: =K76+J77 -> 0 | L77: 0 | M77: =M76+L77 -> 9.1 | N77: 5 | O77: =O76+N77 -> 5 | P77: 14.29 | Q77: =Q76+P77 -> 14.29
A78: 4 | B78: 4.2 | C78: =C77+B78 -> 16.7 | D78: 0 | E78: =E77+D78 -> 14.3 | F78: 0 | G78: =G77+F78 -> 10.4 | H78: 13.3 | I78: =I77+H78 -> 20 | J78: 4.8 | K78: =K77+J78 -> 4.8 | L78: 18.2 | M78: =M77+L78 -> 27.3 | N78: 0 | O78: =O77+N78 -> 5 | P78: 0 | Q78: =Q77+P78 -> 14.29
A79: 5 | B79: 4.2 | C79: =C78+B79 -> 20.9 | D79: 14.3 | E79: =E78+D79 -> 28.6 | F79: 21.1 | G79: =G78+F79 -> 31.5 | H79: 6.7 | I79: =I78+H79 -> 26.7 | J79: 14.3 | K79: =K78+J79 -> 19.1 | L79: 4.5 | M79: =M78+L79 -> 31.8 | N79: 24 | O79: =O78+N79 -> 29 | P79: 14.29 | Q79: =Q78+P79 -> 28.58
A80: 6 | B80: 4.2 | C80: =C79+B80 -> 25.1 | D80: 0 | E80: =E79+D80 -> 28.6 | F80: 5.3 | G80: =G79+F80 -> 36.8 | H80: 13.3 | I80: =I79+H80 -> 40 | J80: 19 | K80: =K79+J80 -> 38.1 | L80: 4.5 | M80: =M79+L80 -> 36.3 | N80: 10 | O80: =O79+N80 -> 39 | P80: 7.14 | Q80: =Q79+P80 -> 35.72
A81: 7 | B81: 20.8 | C81: =C80+B81 -> 45.9 | D81: 14.3 | E81: =E80+D81 -> 42.9 | F81: 10.5 | G81: =G80+F81 -> 47.3 | H81: 20 | I81: =I80+H81 -> 60 | J81: 0 | K81: =K80+J81 -> 38.1 | L81: 18.2 | M81: =M80+L81 -> 54.5 | N81: 19 | O81: =O80+N81 -> 58 | P81: 7.14 | Q81: =Q80+P81 -> 42.86
A82: 8 | B82: 25 | C82: =C81+B82 -> 70.9 | D82: 28.5 | E82: =E81+D82 -> 71.4 | F82: 15.8 | G82: =G81+F82 -> 63.1 | H82: 6.7 | I82: =I81+H82 -> 66.7 | J82: 14.3 | K82: =K81+J82 -> 52.4 | L82: 22.7 | M82: =M81+L82 -> 77.2 | N82: 14 | O82: =O81+N82 -> 72 | P82: 14.29 | Q82: =Q81+P82 -> 57.15
A83: 9 | B83: 8.3 | C83: =C82+B83 -> 79.2 | D83: 14.3 | E83: =E82+D83 -> 85.7 | F83: 15.8 | G83: =G82+F83 -> 78.9 | H83: 13.3 | I83: =I82+H83 -> 80 | J83: 19 | K83: =K82+J83 -> 71.4 | L83: 4.5 | M83: =M82+L83 -> 81.7 | N83: 14 | O83: =O82+N83 -> 86 | P83: 14.29 | Q83: =Q82+P83 -> 71.44
A84: 10 | B84: 20.8 | C84: =C83+B84 -> 100 | D84: 14.3 | E84: =E83+D84 -> 100 | F84: 21.1 | G84: =G83+F84 -> 100 | H84: 20 | I84: =I83+H84 -> 100 | J84: 28.6 | K84: =K83+J84 -> 100 | L84: 18.2 | M84: =M83+L84 -> 99.9 | N84: 14 | O84: =O83+N84 -> 100 | P84: 28.57 | Q84: =Q83+P84 -> 100.01
A86: Rates and Taxes? (1= least important & 10 = critical important)
A87: 1 | B87: 0 | C87: =B87 -> 0 | D87: 0 | E87: =D87 -> 0 | F87: 0 | G87: =F87 -> 0 | H87: 6.7 | I87: =H87 -> 6.7 | J87: 4.8 | K87: =J87 -> 4.8 | L87: 4.5 | M87: =L87 -> 4.5 | N87: 0 | O87: =N87 -> 0 | P87: 0 | Q87: =P87 -> 0
A88: 2 | B88: 4.1 | C88: =C87+B88 -> 4.1 | D88: 0 | E88: =E87+D88 -> 0 | F88: 0 | G88: =G87+F88 -> 0 | H88: 6.7 | I88: =I87+H88 -> 13.4 | J88: 0 | K88: =K87+J88 -> 4.8 | L88: 0 | M88: =M87+L88 -> 4.5 | N88: 0 | O88: =O87+N88 -> 0 | P88: 0 | Q88: =Q87+P88 -> 0
A89: 3 | B89: 0 | C89: =C88+B89 -> 4.1 | D89: 0 | E89: =E88+D89 -> 0 | F89: 5.2 | G89: =G88+F89 -> 5.2 | H89: 13.3 | I89: =I88+H89 -> 26.7 | J89: 19 | K89: =K88+J89 -> 23.8 | L89: 4.5 | M89: =M88+L89 -> 9 | N89: 14 | O89: =O88+N89 -> 14 | P89: 0 | Q89: =Q88+P89 -> 0
A90: 4 | B90: 0 | C90: =C89+B90 -> 4.1 | D90: 0 | E90: =E89+D90 -> 0 | F90: 5.3 | G90: =G89+F90 -> 10.5 | H90: 13.3 | I90: =I89+H90 -> 40 | J90: 4.8 | K90: =K89+J90 -> 28.6 | L90: 9.1 | M90: =M89+L90 -> 18.1 | N90: 0 | O90: =O89+N90 -> 14 | P90: 0 | Q90: =Q89+P90 -> 0
A91: 5 | B91: 16.7 | C91: =C90+B91 -> 20.8 | D91: 0 | E91: =E90+D91 -> 0 | F91: 26.3 | G91: =G90+F91 -> 36.8 | H91: 6.7 | I91: =I90+H91 -> 46.7 | J91: 14.3 | K91: =K90+J91 -> 42.9 | L91: 13.6 | M91: =M90+L91 -> 31.7 | N91: 38 | O91: =O90+N91 -> 52 | P91: 14.29 | Q91: =Q90+P91 -> 14.29
A92: 6 | B92: 12.5 | C92: =C91+B92 -> 33.3 | D92: 28.5 | E92: =E91+D92 -> 28.5 | F92: 15.8 | G92: =G91+F92 -> 52.6 | H92: 20 | I92: =I91+H92 -> 66.7 | J92: 14.3 | K92: =K91+J92 -> 57.2 | L92: 9.1 | M92: =M91+L92 -> 40.8 | N92: 14 | O92: =O91+N92 -> 66 | P92: 28.57 | Q92: =Q91+P92 -> 42.86
A93: 7 | B93: 12.5 | C93: =C92+B93 -> 45.8 | D93: 28.6 | E93: =E92+D93 -> 57.1 | F93: 5.3 | G93: =G92+F93 -> 57.9 | H93: 20 | I93: =I92+H93 -> 86.7 | J93: 4.8 | K93: =K92+J93 -> 62 | L93: 4.5 | M93: =M92+L93 -> 45.3 | N93: 14 | O93: =O92+N93 -> 80 | P93: 14.29 | Q93: =Q92+P93 -> 57.15
A94: 8 | B94: 25 | C94: =C93+B94 -> 70.8 | D94: 28.6 | E94: =E93+D94 -> 85.7 | F94: 26.3 | G94: =G93+F94 -> 84.2 | H94: 6.7 | I94: =I93+H94 -> 93.4 | J94: 14.3 | K94: =K93+J94 -> 76.3 | L94: 13.6 | M94: =M93+L94 -> 58.9 | N94: 5 | O94: =O93+N94 -> 85 | P94: 14.29 | Q94: =Q93+P94 -> 71.44
A95: 9 | B95: 4.2 | C95: =C94+B95 -> 75 | D95: 0 | E95: =E94+D95 -> 85.7 | F95: 0 | G95: =G94+F95 -> 84.2 | H95: 6.7 | I95: =I94+H95 -> 100.1 | J95: 14.3 | K95: =K94+J95 -> 90.6 | L95: 13.6 | M95: =M94+L95 -> 72.5 | N95: 5 | O95: =O94+N95 -> 90 | P95: 0 | Q95: =Q94+P95 -> 71.44
A96: 10 | B96: 25 | C96: =C95+B96 -> 100 | D96: 14.3 | E96: =E95+D96 -> 100 | F96: 15.8 | G96: =G95+F96 -> 100 | I96: =I95+H96 -> 100.1 | J96: 9.5 | K96: =K95+J96 -> 100.1 | L96: 27.3 | M96: =M95+L96 -> 99.8 | N96: 10 | O96: =O95+N96 -> 100 | P96: 28.57 | Q96: =Q95+P96 -> 100.01
A98: Cost of money? (1= least important & 10 = critical important)
A99: 1 | B99: 0 | C99: =B99 -> 0 | D99: 0 | E99: =D99 -> 0 | F99: 0 | G99: =F99 -> 0 | I99: =H99 -> 0 | J99: 0 | K99: =J99 -> 0 | L99: 4.5 | M99: =L99 -> 4.5 | N99: 10 | O99: =N99 -> 10 | P99: 0 | Q99: =P99 -> 0
A100: 2 | B100: 0 | C100: =C99+B100 -> 0 | D100: 0 | E100: =E99+D100 -> 0 | F100: 5.2 | G100: =G99+F100 -> 5.2 | H100: 6.7 | I100: =I99+H100 -> 6.7 | J100: 0 | K100: =K99+J100 -> 0 | L100: 0 | M100: =M99+L100 -> 4.5 | N100: 5 | O100: =O99+N100 -> 15 | P100: 0 | Q100: =Q99+P100 -> 0
A101: 3 | B101: 0 | C101: =C100+B101 -> 0 | D101: 0 | E101: =E100+D101 -> 0 | F101: 5.3 | G101: =G100+F101 -> 10.5 | I101: =I100+H101 -> 6.7 | J101: 4.8 | K101: =K100+J101 -> 4.8 | L101: 0 | M101: =M100+L101 -> 4.5 | N101: 5 | O101: =O100+N101 -> 20 | P101: 0 | Q101: =Q100+P101 -> 0
A102: 4 | B102: 4.2 | C102: =C101+B102 -> 4.2 | D102: 0 | E102: =E101+D102 -> 0 | F102: 0 | G102: =G101+F102 -> 10.5 | I102: =I101+H102 -> 6.7 | J102: 0 | K102: =K101+J102 -> 4.8 | L102: 0 | M102: =M101+L102 -> 4.5 | N102: 0 | O102: =O101+N102 -> 20 | P102: 7.14 | Q102: =Q101+P102 -> 7.14
A103: 5 | B103: 4.2 | C103: =C102+B103 -> 8.4 | D103: 0 | E103: =E102+D103 -> 0 | F103: 21.1 | G103: =G102+F103 -> 31.6 | H103: 6.7 | I103: =I102+H103 -> 13.4 | J103: 9.5 | K103: =K102+J103 -> 14.3 | L103: 9.1 | M103: =M102+L103 -> 13.6 | N103: 5 | O103: =O102+N103 -> 25 | P103: 21.43 | Q103: =Q102+P103 -> 28.57
A104: 6 | B104: 4.2 | C104: =C103+B104 -> 12.6 | D104: 14.2 | E104: =E103+D104 -> 14.2 | F104: 15.8 | G104: =G103+F104 -> 47.4 | H104: 20 | I104: =I103+H104 -> 33.4 | J104: 4.8 | K104: =K103+J104 -> 19.1 | L104: 4.5 | M104: =M103+L104 -> 18.1 | N104: 10 | O104: =O103+N104 -> 35 | P104: 7.14 | Q104: =Q103+P104 -> 35.71
A105: 7 | B105: 12.5 | C105: =C104+B105 -> 25.1 | D105: 42.9 | E105: =E104+D105 -> 57.1 | F105: 10.5 | G105: =G104+F105 -> 57.9 | H105: 6.7 | I105: =I104+H105 -> 40.1 | J105: 19 | K105: =K104+J105 -> 38.1 | L105: 18.2 | M105: =M104+L105 -> 36.3 | N105: 14 | O105: =O104+N105 -> 49 | P105: 0 | Q105: =Q104+P105 -> 35.71
A106: 8 | B106: 33.3 | C106: =C105+B106 -> 58.4 | D106: 14.3 | E106: =E105+D106 -> 71.4 | F106: 10.5 | G106: =G105+F106 -> 68.4 | H106: 20 | I106: =I105+H106 -> 60.1 | J106: 9.5 | K106: =K105+J106 -> 47.6 | L106: 22.7 | M106: =M105+L106 -> 59 | N106: 10 | O106: =O105+N106 -> 59 | P106: 14.29 | Q106: =Q105+P106 -> 50
A107: 9 | B107: 8.3 | C107: =C106+B107 -> 66.7 | D107: 0 | E107: =E106+D107 -> 71.4 | F107: 15.8 | G107: =G106+F107 -> 84.2 | H107: 20 | I107: =I106+H107 -> 80.1 | J107: 23.8 | K107: =K106+J107 -> 71.4 | L107: 9.1 | M107: =M106+L107 -> 68.1 | N107: 10 | O107: =O106+N107 -> 69 | P107: 14.29 | Q107: =Q106+P107 -> 64.29
...

Sheet Port Shepstone
A1: Business Survey - Port Shepstone
B2: 2013 | D2: 2012 | F2: 2011
B3: =D3 -> As a percentage | C3: =E3 -> Less than Ogive | D3: =F3 -> As a percentage | E3: =G3 -> Less than Ogive | F3: =RBay!D3 -> As a percentage | G3: =RBay!E3 -> Less than Ogive | H3: =J3 -> 0 | I3: =K3 -> 0
A4: Industry by sector in which your business operates?
A5: Agriculture, Forestry, Hunting (Processing of Farm Products)
A6: Farming (Basic production of agri products)
A7: Mining
A8: Quarrying
A9: Manufacturing
A10: Electricity, Gas & Water
A11: Construction
A12: Educational Institutions
A13: Tourism, Catering & Accommodation | B13: 72.9 | D13: 66.7 | F13: 67.7
A14: Wholesale & Retail | B14: 4.2 | F14: 6.5
A15: Vehicle Sales
A16: Transport, Storage & Communications | B16: 2.1
A17: Banks & Financial
A18: Legal | B18: 2.1
A19: Insurance , Pension & Medical Aid Funds | B19: 4.2 | F19: 3.2
A20: Real Estate | B20: 2.1
A21: Business Services | B21: 2 | D21: 16.6 | F21: 9.7
A22: Central Government
A23: Local Government
A24: Provincial Government
A25: Social & Personal Services
A26: IT | B26: 2.1
A27: Taxis
A28: Other | B28: 8.3 | D28: 16.7 | F28: 12.9
A30: How many employees do you have?
A31: 0 - 10 | B31: 81.2 | C31: =B31 -> 81.2 | D31: 100 | E31: =D31 -> 100 | F31: 83.8 | G31: =F31 -> 83.8
A32: 11. - 30 | B32: 10.4 | C32: =C31+B32 -> 91.6 | D32: 0 | E32: =E31+D32 -> 100 | F32: 6.5 | G32: =G31+F32 -> 90.3
A33: 31 - 50 | B33: 4.2 | C33: =C32+B33 -> 95.8 | D33: 0 | E33: =E32+D33 -> 100 | F33: 6.5 | G33: =G32+F33 -> 96.8
A34: 51 - 100 | B34: 2.1 | C34: =C33+B34 -> 97.9 | D34: 0 | E34: =E33+D34 -> 100 | F34: 3.2 | G34: =G33+F34 -> 100
A35: 101 - 200 | B35: 2.1 | C35: =C34+B35 -> 100 | D35: 0 | E35: =E34+D35 -> 100 | F35: 0 | G35: =G34+F35 -> 100
A36: > 200 | B36: 0 | C36: =C35+B36 -> 100 | D36: 0 | E36: =E35+D36 -> 100 | F36: 0 | G36: =G35+F36 -> 100
A38: Labour Relations? (1= least important & 10 = critical important)
A39: 1 | B39: 10.4 | C39: =B39 -> 10.4 | D39: 0 | E39: =D39 -> 0 | F39: 6.4 | G39: =F39 -> 6.4
A40: 2 | B40: 12.5 | C40: =C39+B40 -> 22.9 | D40: 0 | E40: =E39+D40 -> 0 | F40: 3.2 | G40: =G39+F40 -> 9.6
A41: 3 | B41: 4.2 | C41: =C40+B41 -> 27.1 | D41: 16.6 | E41: =E40+D41 -> 16.6 | F41: 12.9 | G41: =G40+F41 -> 22.5
A42: 4 | B42: 0 | C42: =C41+B42 -> 27.1 | D42: 16.7 | E42: =E41+D42 -> 33.3 | F42: 6.5 | G42: =G41+F42 -> 29
A43: 5 | B43: 12.5 | C43: =C42+B43 -> 39.6 | D43: 0 | E43: =E42+D43 -> 33.3 | F43: 19.4 | G43: =G42+F43 -> 48.4
A44: 6 | B44: 2.1 | C44: =C43+B44 -> 41.7 | D44: 0 | E44: =E43+D44 -> 33.3 | F44: 0 | G44: =G43+F44 -> 48.4
A45: 7 | B45: 10.4 | C45: =C44+B45 -> 52.1 | D45: 33.3 | E45: =E44+D45 -> 66.6 | F45: 9.7 | G45: =G44+F45 -> 58.1
A46: 8 | B46: 14.6 | C46: =C45+B46 -> 66.7 | D46: 0 | E46: =E45+D46 -> 66.6 | F46: 16.1 | G46: =G45+F46 -> 74.2
A47: 9 | B47: 10.4 | C47: =C46+B47 -> 77.1 | D47: 16.7 | E47: =E46+D47 -> 83.3 | F47: 9.7 | G47: =G46+F47 -> 83.9
A48: 10 | B48: 22.9 | C48: =C47+B48 -> 100 | D48: 16.7 | E48: =E47+D48 -> 100 | F48: 16.1 | G48: =G47+F48 -> 100
C49: =C45-50 -> 2.1 | E49: =E45-50 -> 16.6
A50: Crime and Violence? (1= least important & 10 = critical important)
A51: 1 | B51: 4.2 | C51: =B51 -> 4.2 | D51: 0 | E51: =D51 -> 0 | F51: 3.2 | G51: =F51 -> 3.2
A52: 2 | B52: 0 | C52: =C51+B52 -> 4.2 | D52: 0 | E52: =E51+D52 -> 0 | F52: 9.7 | G52: =G51+F52 -> 12.9
A53: 3 | B53: 4.1 | C53: =C52+B53 -> 8.3 | D53: 0 | E53: =E52+D53 -> 0 | F53: 3.2 | G53: =G52+F53 -> 16.1
A54: 4 | B54: 4.2 | C54: =C53+B54 -> 12.5 | D54: 33.3 | E54: =E53+D54 -> 33.3 | F54: 0 | G54: =G53+F54 -> 16.1
A55: 5 | B55: 0 | C55: =C54+B55 -> 12.5 | D55: 0 | E55: =E54+D55 -> 33.3 | F55: 3.2 | G55: =G54+F55 -> 19.3
A56: 6 | B56: 6.2 | C56: =C55+B56 -> 18.7 | D56: 0 | E56: =E55+D56 -> 33.3 | F56: 3.3 | G56: =G55+F56 -> 22.6
A57: 7 | B57: 6.2 | C57: =C56+B57 -> 24.9 | D57: 0 | E57: =E56+D57 -> 33.3 | F57: 12.9 | G57: =G56+F57 -> 35.5
A58: 8 | B58: 12.5 | C58: =C57+B58 -> 37.4 | D58: 0 | E58: =E57+D58 -> 33.3 | F58: 9.7 | G58: =G57+F58 -> 45.2
A59: 9 | B59: 18.8 | C59: =C58+B59 -> 56.2 | D59: 33.4 | E59: =E58+D59 -> 66.7 | F59: 16.1 | G59: =G58+F59 -> 61.3
A60: 10 | B60: 43.8 | C60: =C59+B60 -> 100 | D60: 33.3 | E60: =E59+D60 -> 100 | F60: 38.7 | G60: =G59+F60 -> 100
A62: Political Stability? (1= least important & 10 = critical important)
A63: 1 | B63: 2.1 | C63: =B63 -> 2.1 | D63: 0 | E63: =D63 -> 0 | F63: 0 | G63: =F63 -> 0
A64: 2 | B64: 0 | C64: =C63+B64 -> 2.1 | D64: 0 | E64: =E63+D64 -> 0 | F64: 0 | G64: =G63+F64 -> 0
A65: 3 | B65: 2.1 | C65: =C64+B65 -> 4.2 | D65: 0 | E65: =E64+D65 -> 0 | F65: 0 | G65: =G64+F65 -> 0
A66: 4 | B66: 2.1 | C66: =C65+B66 -> 6.3 | D66: 0 | E66: =E65+D66 -> 0 | F66: 0 | G66: =G65+F66 -> 0
A67: 5 | B67: 10.4 | C67: =C66+B67 -> 16.7 | D67: 0 | E67: =E66+D67 -> 0 | F67: 12.9 | G67: =G66+F67 -> 12.9
A68: 6 | B68: 4.2 | C68: =C67+B68 -> 20.9 | D68: 16.6 | E68: =E67+D68 -> 16.6 | F68: 3.2 | G68: =G67+F68 -> 16.1
A69: 7 | B69: 8.3 | C69: =C68+B69 -> 29.2 | D69: 0 | E69: =E68+D69 -> 16.6 | F69: 12.9 | G69: =G68+F69 -> 29
A70: 8 | B70: 20.8 | C70: =C69+B70 -> 50 | D70: 16.7 | E70: =E69+D70 -> 33.3 | F70: 19.4 | G70: =G69+F70 -> 48.4
A71: 9 | B71: 14.6 | C71: =C70+B71 -> 64.6 | D71: 16.7 | E71: =E70+D71 -> 50 | F71: 12.9 | G71: =G70+F71 -> 61.3
A72: 10 | B72: 35.4 | C72: =C71+B72 -> 100 | D72: 50 | E72: =E71+D72 -> 100 | F72: 38.7 | G72: =G71+F72 -> 100
A74: New technology/R&D/Training? (1= least important & 10 = critical important)
A75: 1 | B75: 4 | C75: =B75 -> 4 | D75: 0 | E75: =D75 -> 0 | F75: 9.5 | G75: =F75 -> 9.5
A76: 2 | B76: 4.2 | C76: =C75+B76 -> 8.2 | D76: 16.7 | E76: =E75+D76 -> 16.7 | F76: 12.9 | G76: =G75+F76 -> 22.4
A77: 3 | B77: 16.7 | C77: =C76+B77 -> 24.9 | D77: 0 | E77: =E76+D77 -> 16.7 | F77: 6.5 | G77: =G76+F77 -> 28.9
A78: 4 | B78: 4.2 | C78: =C77+B78 -> 29.1 | D78: 0 | E78: =E77+D78 -> 16.7 | F78: 6.5 | G78: =G77+F78 -> 35.4
A79: 5 | B79: 16.7 | C79: =C78+B79 -> 45.8 | D79: 33.3 | E79: =E78+D79 -> 50 | F79: 25.8 | G79: =G78+F79 -> 61.2
A80: 6 | B80: 10.4 | C80: =C79+B80 -> 56.2 | D80: 0 | E80: =E79+D80 -> 50 | F80: 6.5 | G80: =G79+F80 -> 67.7
A81: 7 | B81: 14.6 | C81: =C80+B81 -> 70.8 | D81: 0 | E81: =E80+D81 -> 50 | F81: 16.1 | G81: =G80+F81 -> 83.8
A82: 8 | B82: 10.4 | C82: =C81+B82 -> 81.2 | D82: 33.3 | E82: =E81+D82 -> 83.3 | F82: 6.5 | G82: =G81+F82 -> 90.3
A83: 9 | B83: 4.2 | C83: =C82+B83 -> 85.4 | D83: 16.7 | E83: =E82+D83 -> 100 | F83: 0 | G83: =G82+F83 -> 90.3
A84: 10 | B84: 14.6 | C84: =C83+B84 -> 100 | D84: 0 | E84: =E83+D84 -> 100 | F84: 9.7 | G84: =G83+F84 -> 100
A86: Rates and Taxes? (1= least important & 10 = critical important)
A87: 1 | B87: 2.1 | C87: =B87 -> 2.1 | D87: 0 | E87: =D87 -> 0 | F87: 3.2 | G87: =F87 -> 3.2
A88: 2 | B88: 0 | C88: =C87+B88 -> 2.1 | D88: 0 | E88: =E87+D88 -> 0 | F88: 0 | G88: =G87+F88 -> 3.2
A89: 3 | B89: 0 | C89: =C88+B89 -> 2.1 | D89: 0 | E89: =E88+D89 -> 0 | F89: 0 | G89: =G88+F89 -> 3.2
A90: 4 | B90: 0 | C90: =C89+B90 -> 2.1 | D90: 0 | E90: =E89+D90 -> 0 | F90: 3.2 | G90: =G89+F90 -> 6.4
A91: 5 | B91: 4.2 | C91: =C90+B91 -> 6.3 | D91: 0 | E91: =E90+D91 -> 0 | F91: 3.2 | G91: =G90+F91 -> 9.6
A92: 6 | B92: 2.1 | C92: =C91+B92 -> 8.4 | D92: 16.7 | E92: =E91+D92 -> 16.7 | F92: 6.5 | G92: =G91+F92 -> 16.1
A93: 7 | B93: 8.3 | C93: =C92+B93 -> 16.7 | D93: 0 | E93: =E92+D93 -> 16.7 | F93: 6.5 | G93: =G92+F93 -> 22.6
A94: 8 | B94: 25 | C94: =C93+B94 -> 41.7 | D94: 0 | E94: =E93+D94 -> 16.7 | F94: 16.1 | G94: =G93+F94 -> 38.7
A95: 9 | B95: 12.5 | C95: =C94+B95 -> 54.2 | D95: 33.3 | E95: =E94+D95 -> 50 | F95: 19.4 | G95: =G94+F95 -> 58.1
A96: 10 | B96: 45.8 | C96: =C95+B96 -> 100 | D96: 50 | E96: =E95+D96 -> 100 | F96: 41.9 | G96: =G95+F96 -> 100
A98: Cost of money? (1= least important & 10 = critical important)
A99: 1 | B99: 0 | C99: =B99 -> 0 | D99: 0 | E99: =D99 -> 0 | F99: 0 | G99: =F99 -> 0
A100: 2 | B100: 2 | C100: =C99+B100 -> 2 | D100: 0 | E100: =E99+D100 -> 0 | F100: 0 | G100: =G99+F100 -> 0
A101: 3 | B101: 2.1 | C101: =C100+B101 -> 4.1 | D101: 0 | E101: =E100+D101 -> 0 | F101: 0 | G101: =G100+F101 -> 0
A102: 4 | B102: 4.2 | C102: =C101+B102 -> 8.3 | D102: 16.6 | E102: =E101+D102 -> 16.6 | F102: 6.4 | G102: =G101+F102 -> 6.4
A103: 5 | B103: 2.1 | C103: =C102+B103 -> 10.4 | D103: 0 | E103: =E102+D103 -> 16.6 | F103: 6.5 | G103: =G102+F103 -> 12.9
A104: 6 | B104: 2.1 | C104: =C103+B104 -> 12.5 | D104: 33.3 | E104: =E103+D104 -> 49.9 | F104: 3.2 | G104: =G103+F104 -> 16.1
A105: 7 | B105: 14.6 | C105: =C104+B105 -> 27.1 | D105: 16.7 | E105: =E104+D105 -> 66.6 | F105: 12.9 | G105: =G104+F105 -> 29
A106: 8 | B106: 20.8 | C106: =C105+B106 -> 47.9 | D106: 0 | E106: =E105+D106 -> 66.6 | F106: 19.4 | G106: =G105+F106 -> 48.4
...

Sheet Other
A1: Business Survey - Rest of KZN
B2: 2013 | D2: 2012 | F2: 2011
B3: =D3 -> As a percentage | C3: =E3 -> Less than Ogive | D3: =F3 -> As a percentage | E3: =G3 -> Less than Ogive | F3: ='Port Shepstone'!F3 -> As a percentage | G3: ='Port Shepstone'!G3 -> Less than Ogive
A4: Industry by sector in which your business operates?
A5: Agriculture, Forestry, Hunting (Processing of Farm Products) | B5: 3.8 | D5: 5.9
A6: Farming (Basic production of agri products) | B6: 6.9 | F6: 3.1
A7: Mining
A8: Quarrying
A9: Manufacturing | B9: 3.4 | D9: 5.9 | F9: 9.4
A10: Electricity, Gas & Water | D10: 5.9
A11: Construction | D11: 5.9 | F11: 12.7
A12: Educational Institutions | F12: 3.1
A13: Tourism, Catering & Accommodation | B13: 17.2 | D13: 17.6 | F13: 12.5
A14: Wholesale & Retail | B14: 31 | D14: 23.5 | F14: 31.2
A15: Vehicle Sales | B15: 3.4 | D15: 5.9
A16: Transport, Storage & Communications | B16: 3.4
A17: Banks & Financial | B17: 3.4 | D17: 5.9
A18: Legal
A19: Insurance , Pension & Medical Aid Funds | F19: 3.1
A20: Real Estate | B20: 3.4 | F20: 3.1
A21: Business Services | B21: 3.4
A22: Central Government
A23: Local Government
A24: Provincial Government
A25: Social & Personal Services
A26: IT
A27: Taxis | F27: 3.1
A28: Other | B28: 31 | D28: 23.5 | F28: 15.6
A30: How many employees do you have?
A31: 0 - 10 | B31: 38 | C31: =B31 -> 38 | D31: 11.8 | E31: =D31 -> 11.8 | F31: 31.3 | G31: =F31 -> 31.3
A32: 11. - 30 | B32: 31 | C32: =C31+B32 -> 69 | D32: 35.3 | E32: =E31+D32 -> 47.1 | F32: 31.2 | G32: =G31+F32 -> 62.5
A33: 31 - 50 | B33: 6.9 | C33: =C32+B33 -> 75.9 | D33: 17.6 | E33: =E32+D33 -> 64.7 | F33: 9.4 | G33: =G32+F33 -> 71.9
A34: 51 - 100 | B34: 6.9 | C34: =C33+B34 -> 82.8 | D34: 5.9 | E34: =E33+D34 -> 70.6 | F34: 12.5 | G34: =G33+F34 -> 84.4
A35: 101 - 200 | B35: 3.9 | C35: =C34+B35 -> 86.7 | D35: 23.5 | E35: =E34+D35 -> 94.1 | F35: 12.5 | G35: =G34+F35 -> 96.9
A36: > 200 | B36: 29 | C36: =C35+B36 -> 115.7 | D36: 5.9 | E36: =E35+D36 -> 100 | F36: 3.1 | G36: =G35+F36 -> 100
A38: Labour Relations? (1= least important & 10 = critical important)
A39: 1 | B39: 17.4 | C39: =B39 -> 17.4 | D39: 0 | E39: =D39 -> 0 | F39: 6.2 | G39: =F39 -> 6.2
A40: 2 | B40: 0 | C40: =C39+B40 -> 17.4 | D40: 0 | E40: =E39+D40 -> 0 | F40: 6.2 | G40: =G39+F40 -> 12.4
A41: 3 | B41: 3.4 | C41: =C40+B41 -> 20.8 | D41: 5.8 | E41: =E40+D41 -> 5.8 | F41: 0 | G41: =G40+F41 -> 12.4
A42: 4 | B42: 3.4 | C42: =C41+B42 -> 24.2 | D42: 0 | E42: =E41+D42 -> 5.8 | F42: 9.4 | G42: =G41+F42 -> 21.8
A43: 5 | B43: 6.9 | C43: =C42+B43 -> 31.1 | D43: 11.8 | E43: =E42+D43 -> 17.6 | F43: 9.4 | G43: =G42+F43 -> 31.2
A44: 6 | B44: 6.9 | C44: =C43+B44 -> 38 | D44: 0 | E44: =E43+D44 -> 17.6 | F44: 6.2 | G44: =G43+F44 -> 37.4
A45: 7 | B45: 17.2 | C45: =C44+B45 -> 55.2 | D45: 5.9 | E45: =E44+D45 -> 23.5 | F45: 9.4 | G45: =G44+F45 -> 46.8
A46: 8 | B46: 13.8 | C46: =C45+B46 -> 69 | D46: 29.4 | E46: =E45+D46 -> 52.9 | F46: 25 | G46: =G45+F46 -> 71.8
A47: 9 | B47: 6.9 | C47: =C46+B47 -> 75.9 | D47: 11.8 | E47: =E46+D47 -> 64.7 | F47: 9.4 | G47: =G46+F47 -> 81.2
A48: 10 | B48: 24.1 | C48: =C47+B48 -> 100 | D48: 35.3 | E48: =E47+D48 -> 100 | F48: 18.8 | G48: =G47+F48 -> 100
A50: Crime and Violence? (1= least important & 10 = critical important)
A51: 1 | B51: 3.4 | C51: =B51 -> 3.4 | E51: =D51 -> 0 | F51: 9.4 | G51: =F51 -> 9.4
A52: 2 | B52: 10.3 | C52: =C51+B52 -> 13.7 | D52: 0 | E52: =E51+D52 -> 0 | F52: 9.4 | G52: =G51+F52 -> 18.8
A53: 3 | B53: 3.4 | C53: =C52+B53 -> 17.1 | D53: 0 | E53: =E52+D53 -> 0 | F53: 6.2 | G53: =G52+F53 -> 25
A54: 4 | B54: 3.7 | C54: =C53+B54 -> 20.8 | D54: 5.9 | E54: =E53+D54 -> 5.9 | F54: 9.4 | G54: =G53+F54 -> 34.4
A55: 5 | B55: 17.2 | C55: =C54+B55 -> 38 | D55: 0 | E55: =E54+D55 -> 5.9 | F55: 9.4 | G55: =G54+F55 -> 43.8
A56: 6 | B56: 3.4 | C56: =C55+B56 -> 41.4 | D56: 0 | E56: =E55+D56 -> 5.9 | F56: 3.1 | G56: =G55+F56 -> 46.9
A57: 7 | B57: 13.8 | C57: =C56+B57 -> 55.2 | D57: 11.7 | E57: =E56+D57 -> 17.6 | F57: 3.1 | G57: =G56+F57 -> 50
A58: 8 | B58: 13.8 | C58: =C57+B58 -> 69 | D58: 5.9 | E58: =E57+D58 -> 23.5 | F58: 18.8 | G58: =G57+F58 -> 68.8
A59: 9 | B59: 6.9 | C59: =C58+B59 -> 75.9 | D59: 29.4 | E59: =E58+D59 -> 52.9 | F59: 6.2 | G59: =G58+F59 -> 75
A60: 10 | B60: 24.1 | C60: =C59+B60 -> 100 | E60: =E59+D60 -> 52.9 | F60: 25 | G60: =G59+F60 -> 100
D61: 47.1
A62: Political Stability? (1= least important & 10 = critical important)
A63: 1 | B63: 6.9 | C63: =B63 -> 6.9 | D63: 0 | E63: =D63 -> 0 | F63: 0 | G63: =F63 -> 0
A64: 2 | B64: 3.4 | C64: =C63+B64 -> 10.3 | D64: 5.8 | E64: =E63+D64 -> 5.8 | F64: 3.2 | G64: =G63+F64 -> 3.2
A65: 3 | B65: 0 | C65: =C64+B65 -> 10.3 | D65: 0 | E65: =E64+D65 -> 5.8 | F65: 3.1 | G65: =G64+F65 -> 6.3
A66: 4 | B66: 0 | C66: =C65+B66 -> 10.3 | D66: 0 | E66: =E65+D66 -> 5.8 | F66: 6.2 | G66: =G65+F66 -> 12.5
A67: 5 | B67: 10.3 | C67: =C66+B67 -> 20.6 | D67: 11.8 | E67: =E66+D67 -> 17.6 | F67: 9.4 | G67: =G66+F67 -> 21.9
A68: 6 | B68: 6.9 | C68: =C67+B68 -> 27.5 | D68: 5.9 | E68: =E67+D68 -> 23.5 | F68: 3.1 | G68: =G67+F68 -> 25
A69: 7 | B69: 10.3 | C69: =C68+B69 -> 37.8 | D69: 11.8 | E69: =E68+D69 -> 35.3 | F69: 9.4 | G69: =G68+F69 -> 34.4
A70: 8 | B70: 20.7 | C70: =C69+B70 -> 58.5 | D70: 23.5 | E70: =E69+D70 -> 58.8 | F70: 18.8 | G70: =G69+F70 -> 53.2
A71: 9 | B71: 17.4 | C71: =C70+B71 -> 75.9 | D71: 5.9 | E71: =E70+D71 -> 64.7 | F71: 15.6 | G71: =G70+F71 -> 68.8
A72: 10 | B72: 24.1 | C72: =C71+B72 -> 100 | D72: 35.3 | E72: =E71+D72 -> 100 | F72: 31.2 | G72: =G71+F72 -> 100
A74: New technology/R&D/Training? (1= least important & 10 = critical important)
A75: 1 | B75: 0 | C75: =B75 -> 0 | D75: 0 | E75: =D75 -> 0 | F75: 0 | G75: =F75 -> 0
A76: 2 | B76: 3.7 | C76: =C75+B76 -> 3.7 | D76: 5.9 | E76: =E75+D76 -> 5.9 | F76: 3.1 | G76: =G75+F76 -> 3.1
A77: 3 | B77: 10.3 | C77: =C76+B77 -> 14 | D77: 0 | E77: =E76+D77 -> 5.9 | F77: 3.1 | G77: =G76+F77 -> 6.2
A78: 4 | B78: 6.9 | C78: =C77+B78 -> 20.9 | D78: 11.8 | E78: =E77+D78 -> 17.7 | F78: 3.1 | G78: =G77+F78 -> 9.3
A79: 5 | B79: 10.3 | C79: =C78+B79 -> 31.2 | D79: 5.9 | E79: =E78+D79 -> 23.6 | F79: 18.8 | G79: =G78+F79 -> 28.1
A80: 6 | B80: 6.9 | C80: =C79+B80 -> 38.1 | D80: 0 | E80: =E79+D80 -> 23.6 | F80: 12.5 | G80: =G79+F80 -> 40.6
A81: 7 | B81: 3.4 | C81: =C80+B81 -> 41.5 | D81: 17.6 | E81: =E80+D81 -> 41.2 | F81: 21.9 | G81: =G80+F81 -> 62.5
A82: 8 | B82: 24.1 | C82: =C81+B82 -> 65.6 | D82: 35.3 | E82: =E81+D82 -> 76.5 | F82: 21.9 | G82: =G81+F82 -> 84.4
A83: 9 | B83: 17.2 | C83: =C82+B83 -> 82.8 | D83: 5.9 | E83: =E82+D83 -> 82.4 | F83: 9.4 | G83: =G82+F83 -> 93.8
A84: 10 | B84: 17.2 | C84: =C83+B84 -> 100 | D84: 17.6 | E84: =E83+D84 -> 100 | F84: 6.2 | G84: =G83+F84 -> 100
A86: Rates and Taxes? (1= least important & 10 = critical important)
A87: 1 | B87: 7 | C87: =B87 -> 7 | D87: 0 | E87: =D87 -> 0 | F87: 0 | G87: =F87 -> 0
A88: 2 | B88: 0 | C88: =C87+B88 -> 7 | D88: 5.8 | E88: =E87+D88 -> 5.8 | F88: 0 | G88: =G87+F88 -> 0
A89: 3 | B89: 6.9 | C89: =C88+B89 -> 13.9 | D89: 5.9 | E89: =E88+D89 -> 11.7 | F89: 3.1 | G89: =G88+F89 -> 3.1
A90: 4 | B90: 3.4 | C90: =C89+B90 -> 17.3 | D90: 0 | E90: =E89+D90 -> 11.7 | F90: 0 | G90: =G89+F90 -> 3.1
A91: 5 | B91: 10.3 | C91: =C90+B91 -> 27.6 | D91: 5.9 | E91: =E90+D91 -> 17.6 | F91: 9.4 | G91: =G90+F91 -> 12.5
A92: 6 | B92: 3.4 | C92: =C91+B92 -> 31 | D92: 11.8 | E92: =E91+D92 -> 29.4 | F92: 3.1 | G92: =G91+F92 -> 15.6
A93: 7 | B93: 6.9 | C93: =C92+B93 -> 37.9 | D93: 0 | E93: =E92+D93 -> 29.4 | F93: 9.4 | G93: =G92+F93 -> 25
A94: 8 | B94: 13.8 | C94: =C93+B94 -> 51.7 | D94: 17.6 | E94: =E93+D94 -> 47 | F94: 21.9 | G94: =G93+F94 -> 46.9
A95: 9 | B95: 6.9 | C95: =C94+B95 -> 58.6 | D95: 11.8 | E95: =E94+D95 -> 58.8 | F95: 21.9 | G95: =G94+F95 -> 68.8
A96: 10 | B96: 41.4 | C96: =C95+B96 -> 100 | D96: 41.2 | E96: =E95+D96 -> 100 | F96: 31.2 | G96: =G95+F96 -> 100
A98: Cost of money? (1= least important & 10 = critical important)
A99: 1 | B99: 7.1 | C99: =B99 -> 7.1 | D99: 5.8 | E99: =D99 -> 5.8 | F99: 3.1 | G99: =F99 -> 3.1
A100: 2 | B100: 10.3 | C100: =C99+B100 -> 17.4 | D100: 0 | E100: =E99+D100 -> 5.8 | F100: 0 | G100: =G99+F100 -> 3.1
A101: 3 | B101: 3.4 | C101: =C100+B101 -> 20.8 | D101: 0 | E101: =E100+D101 -> 5.8 | F101: 0 | G101: =G100+F101 -> 3.1
A102: 4 | B102: 0 | C102: =C101+B102 -> 20.8 | D102: 5.9 | E102: =E101+D102 -> 11.7 | F102: 6.4 | G102: =G101+F102 -> 9.5
A103: 5 | B103: 10.3 | C103: =C102+B103 -> 31.1 | D103: 5.9 | E103: =E102+D103 -> 17.6 | F103: 6.2 | G103: =G102+F103 -> 15.7
A104: 6 | B104: 3.4 | C104: =C103+B104 -> 34.5 | D104: 5.9 | E104: =E103+D104 -> 23.5 | F104: 6.2 | G104: =G103+F104 -> 21.9
A105: 7 | B105: 3.4 | C105: =C104+B105 -> 37.9 | D105: 0 | E105: =E104+D105 -> 23.5 | F105: 12.5 | G105: =G104+F105 -> 34.4
A106: 8 | B106: 20.7 | C106: =C105+B106 -> 58.6 | D106: 11.8 | E106: =E105+D106 -> 35.3 | F106: 15.6 | G106: =G105+F106 -> 50
...

Sheet Regional
A1: Business Survey - Provincial
D2: 2013 | F2: 2012 | H2: 2011 | J2: 2010 | L2: 2009 | N2: 2008 | P2: 2007 | R2: 2005
D3: =F3 -> As a percentage | E3: =G3 -> Less than Ogive | F3: =H3 -> As a percentage | G3: =I3 -> Less than Ogive | H3: =J3 -> As a percentage | I3: =K3 -> Less than Ogive | J3: =L3 -> As a percentage | K3: =M3 -> Less than Ogive | ... M3: =O3 -> Less than Ogive | N3: As a percentage | O3: Less than Ogive | P3: As a percentage | Q3: Less than Ogive | R3: As a percentage | S3: Less than Ogive
A4: Industry by sector in which your business operates?
A5: Agriculture, Forestry, Hunting (Processing of Farm Products) | H5: =(Durban!F5*0.57+PMB!F5*0.08+RBay!F5*0.06+'Port Shepstone'!F5*0.03+Other!F5*0.03)/71*100 -> 1.284507 | J5: =(Durban!H5*0.57+PMB!H5*0.08+RBay!H5*0.06+'Port Shepstone'!H5*0.03+Other!H5*0.03)/71*100 -> 0 | L5: =(Durban!J5*0.57+PMB!J5*0.08+RBay!J5*0.06+'Port Shepstone'!J5*0.03+Other!J5*0.03)/71*100 -> 2.9098592 | N5: =(Durban!L5*0.57+PMB!L5*0.08+RBay!L5*0.06+'Port Shepstone'!L5*0.03+Other!L5*0.03)/71*100 -> 0.88309859 | P5: =(Durban!N5*0.57+PMB!N5*0.08+RBay!N5*0.06+'Port Shepstone'!N5*0.03+Other!N5*0.03)/71*100 -> 0.56338028 | R5: =(Durban!P5*0.57+PMB!P5*0.08+RBay!P5*0.06+'Port Shepstone'!P5*0.03+Other!P5*0.03)/71*100 -> 0.19380282
A6: Farming (Basic production of agri products) | J6: =(Durban!H6*0.57+PMB!H6*0.08+RBay!H6*0.06+'Port Shepstone'!H6*0.03+Other!H6*0.03)/71*100 -> 0 | L6: =(Durban!J6*0.57+PMB!J6*0.08+RBay!J6*0.06+'Port Shepstone'!J6*0.03+Other!J6*0.03)/71*100 -> 0.54084507 | N6: =(Durban!L6*0.57+PMB!L6*0.08+RBay!L6*0.06+'Port Shepstone'!L6*0.03+Other!L6*0.03)/71*100 -> 0 | P6: =(Durban!N6*0.57+PMB!N6*0.08+RBay!N6*0.06+'Port Shepstone'!N6*0.03+Other!N6*0.03)/71*100 -> 0 | R6: =(Durban!P6*0.57+PMB!P6*0.08+RBay!P6*0.06+'Port Shepstone'!P6*0.03+Other!P6*0.03)/71*100 -> 0
A7: Mining | J7: =(Durban!H7*0.57+PMB!H7*0.08+RBay!H7*0.06+'Port Shepstone'!H7*0.03+Other!H7*0.03)/71*100 -> 0 | L7: =(Durban!J7*0.57+PMB!J7*0.08+RBay!J7*0.06+'Port Shepstone'!J7*0.03+Other!J7*0.03)/71*100 -> 0 | N7: =(Durban!L7*0.57+PMB!L7*0.08+RBay!L7*0.06+'Port Shepstone'!L7*0.03+Other!L7*0.03)/71*100 -> 0 | P7: =(Durban!N7*0.57+PMB!N7*0.08+RBay!N7*0.06+'Port Shepstone'!N7*0.03+Other!N7*0.03)/71*100 -> 0 | R7: =(Durban!P7*0.57+PMB!P7*0.08+RBay!P7*0.06+'Port Shepstone'!P7*0.03+Other!P7*0.03)/71*100 -> 0
A8: Quarrying | J8: =(Durban!H8*0.57+PMB!H8*0.08+RBay!H8*0.06+'Port Shepstone'!H8*0.03+Other!H8*0.03)/71*100 -> 0 | L8: =(Durban!J8*0.57+PMB!J8*0.08+RBay!J8*0.06+'Port Shepstone'!J8*0.03+Other!J8*0.03)/71*100 -> 0 | N8: =(Durban!L8*0.57+PMB!L8*0.08+RBay!L8*0.06+'Port Shepstone'!L8*0.03+Other!L8*0.03)/71*100 -> 0 | P8: =(Durban!N8*0.57+PMB!N8*0.08+RBay!N8*0.06+'Port Shepstone'!N8*0.03+Other!N8*0.03)/71*100 -> 0 | R8: =(Durban!P8*0.57+PMB!P8*0.08+RBay!P8*0.06+'Port Shepstone'!P8*0.03+Other!P8*0.03)/71*100 -> 0
A9: Manufacturing | D9: =(Durban!B9*0.57+PMB!B9*0.08+RBay!B9*0.06+'Port Shepstone'!B9*0.03+Other!B9*0.03)/71*100 -> 10.477465 | F9: =(Durban!D9*0.57+PMB!D9*0.08+RBay!D9*0.06+'Port Shepstone'!D9*0.03+Other!D9*0.03)/71*100 -> 24.469014 | H9: =(Durban!F9*0.57+PMB!F9*0.08+RBay!F9*0.06+'Port Shepstone'!F9*0.03+Other!F9*0.03)/71*100 -> 25.976056 | J9: =(Durban!H9*0.57+PMB!H9*0.08+RBay!H9*0.06+'Port Shepstone'!H9*0.03+Other!H9*0.03)/71*100 -> 21.090141 | L9: =(Durban!J9*0.57+PMB!J9*0.08+RBay!J9*0.06+'Port Shepstone'!J9*0.03+Other!J9*0.03)/71*100 -> 19.561972 | N9: =(Durban!L9*0.57+PMB!L9*0.08+RBay!L9*0.06+'Port Shepstone'!L9*0.03+Other!L9*0.03)/71*100 -> 25.378873 | P9: =(Durban!N9*0.57+PMB!N9*0.08+RBay!N9*0.06+'Port Shepstone'!N9*0.03+Other!N9*0.03)/71*100 -> 27.521127 | R9: =(Durban!P9*0.57+PMB!P9*0.08+RBay!P9*0.06+'Port Shepstone'!P9*0.03+Other!P9*0.03)/71*100 -> 20.895634
A10: Electricity, Gas & Water | F10: =(Durban!D10*0.57+PMB!D10*0.08+RBay!D10*0.06+'Port Shepstone'!D10*0.03+Other!D10*0.03)/71*100 -> 0.75633803 | H10: =(Durban!F10*0.57+PMB!F10*0.08+RBay!F10*0.06+'Port Shepstone'!F10*0.03+Other!F10*0.03)/71*100 -> 2.6760563 | J10: =(Durban!H10*0.57+PMB!H10*0.08+RBay!H10*0.06+'Port Shepstone'!H10*0.03+Other!H10*0.03)/71*100 -> 0.56619718 | L10: =(Durban!J10*0.57+PMB!J10*0.08+RBay!J10*0.06+'Port Shepstone'!J10*0.03+Other!J10*0.03)/71*100 -> 0.36056338 | N10: =(Durban!L10*0.57+PMB!L10*0.08+RBay!L10*0.06+'Port Shepstone'!L10*0.03+Other!L10*0.03)/71*100 -> 0.88309859 | P10: =(Durban!N10*0.57+PMB!N10*0.08+RBay!N10*0.06+'Port Shepstone'!N10*0.03+Other!N10*0.03)/71*100 -> 1.6478873 | R10: =(Durban!P10*0.57+PMB!P10*0.08+RBay!P10*0.06+'Port Shepstone'!P10*0.03+Other!P10*0.03)/71*100 -> 0
A11: Construction | D11: =(Durban!B11*0.57+PMB!B11*0.08+RBay!B11*0.06+'Port Shepstone'!B11*0.03+Other!B11*0.03)/71*100 -> 1.056338 | F11: =(Durban!D11*0.57+PMB!D11*0.08+RBay!D11*0.06+'Port Shepstone'!D11*0.03+Other!D11*0.03)/71*100 -> 5.2267606 | H11: =(Durban!F11*0.57+PMB!F11*0.08+RBay!F11*0.06+'Port Shepstone'!F11*0.03+Other!F11*0.03)/71*100 -> 5.984507 | J11: =(Durban!H11*0.57+PMB!H11*0.08+RBay!H11*0.06+'Port Shepstone'!H11*0.03+Other!H11*0.03)/71*100 -> 9.3774648 | L11: =(Durban!J11*0.57+PMB!J11*0.08+RBay!J11*0.06+'Port Shepstone'!J11*0.03+Other!J11*0.03)/71*100 -> 3.4112676 | N11: =(Durban!L11*0.57+PMB!L11*0.08+RBay!L11*0.06+'Port Shepstone'!L11*0.03+Other!L11*0.03)/71*100 -> 4.5197183 | P11: =(Durban!N11*0.57+PMB!N11*0.08+RBay!N11*0.06+'Port Shepstone'!N11*0.03+Other!N11*0.03)/71*100 -> 5.8028169 | R11: =(Durban!P11*0.57+PMB!P11*0.08+RBay!P11*0.06+'Port Shepstone'!P11*0.03+Other!P11*0.03)/71*100 -> 6.3146479
A12: Educational Institutions | D12: =(Durban!B12*0.57+PMB!B12*0.08+RBay!B12*0.06+'Port Shepstone'!B12*0.03+Other!B12*0.03)/71*100 -> 4.5014085 | F12: =(Durban!D12*0.57+PMB!D12*0.08+RBay!D12*0.06+'Port Shepstone'!D12*0.03+Other!D12*0.03)/71*100 -> 5.5690141 | H12: =(Durban!F12*0.57+PMB!F12*0.08+RBay!F12*0.06+'Port Shepstone'!F12*0.03+Other!F12*0.03)/71*100 -> 2.5239437 | J12: =(Durban!H12*0.57+PMB!H12*0.08+RBay!H12*0.06+'Port Shepstone'!H12*0.03+Other!H12*0.03)/71*100 -> 3.2112676 | L12: =(Durban!J12*0.57+PMB!J12*0.08+RBay!J12*0.06+'Port Shepstone'!J12*0.03+Other!J12*0.03)/71*100 -> 2.1112676 | N12: =(Durban!L12*0.57+PMB!L12*0.08+RBay!L12*0.06+'Port Shepstone'!L12*0.03+Other!L12*0.03)/71*100 -> 3.5140845 | P12: =(Durban!N12*0.57+PMB!N12*0.08+RBay!N12*0.06+'Port Shepstone'!N12*0.03+Other!N12*0.03)/71*100 -> 2.4084507 | R12: =(Durban!P12*0.57+PMB!P12*0.08+RBay!P12*0.06+'Port Shepstone'!P12*0.03+Other!P12*0.03)/71*100 -> 0
A13: Tourism, Catering & Accommodation | D13: =(Durban!B13*0.57+PMB!B13*0.08+RBay!B13*0.06+'Port Shepstone'!B13*0.03+Other!B13*0.03)/71*100 -> 12.397183 | F13: =(Durban!D13*0.57+PMB!D13*0.08+RBay!D13*0.06+'Port Shepstone'!D13*0.03+Other!D13*0.03)/71*100 -> 9.8056338 | H13: =(Durban!F13*0.57+PMB!F13*0.08+RBay!F13*0.06+'Port Shepstone'!F13*0.03+Other!F13*0.03)/71*100 -> 9.628169 | J13: =(Durban!H13*0.57+PMB!H13*0.08+RBay!H13*0.06+'Port Shepstone'!H13*0.03+Other!H13*0.03)/71*100 -> 3.1070423 | L13: =(Durban!J13*0.57+PMB!J13*0.08+RBay!J13*0.06+'Port Shepstone'!J13*0.03+Other!J13*0.03)/71*100 -> 4.8295775 | N13: =(Durban!L13*0.57+PMB!L13*0.08+RBay!L13*0.06+'Port Shepstone'!L13*0.03+Other!L13*0.03)/71*100 -> 6.7887324 | P13: =(Durban!N13*0.57+PMB!N13*0.08+RBay!N13*0.06+'Port Shepstone'!N13*0.03+Other!N13*0.03)/71*100 -> 4.7605634 | R13: =(Durban!P13*0.57+PMB!P13*0.08+RBay!P13*0.06+'Port Shepstone'!P13*0.03+Other!P13*0.03)/71*100 -> 0
A14: Wholesale & Retail | D14: =(Durban!B14*0.57+PMB!B14*0.08+RBay!B14*0.06+'Port Shepstone'!B14*0.03+Other!B14*0.03)/71*100 -> 2.8985915 | F14: =(Durban!D14*0.57+PMB!D14*0.08+RBay!D14*0.06+'Port Shepstone'!D14*0.03+Other!D14*0.03)/71*100 -> 11.273239 | H14: =(Durban!F14*0.57+PMB!F14*0.08+RBay!F14*0.06+'Port Shepstone'!F14*0.03+Other!F14*0.03)/71*100 -> 8.2915493 | J14: =(Durban!H14*0.57+PMB!H14*0.08+RBay!H14*0.06+'Port Shepstone'!H14*0.03+Other!H14*0.03)/71*100 -> 8.6338028 | L14: =(Durban!J14*0.57+PMB!J14*0.08+RBay!J14*0.06+'Port Shepstone'!J14*0.03+Other!J14*0.03)/71*100 -> 13.976056 | N14: =(Durban!L14*0.57+PMB!L14*0.08+RBay!L14*0.06+'Port Shepstone'!L14*0.03+Other!L14*0.03)/71*100 -> 7.5676056 | P14: =(Durban!N14*0.57+PMB!N14*0.08+RBay!N14*0.06+'Port Shepstone'!N14*0.03+Other!N14*0.03)/71*100 -> 8.1690141 | R14: =(Durban!P14*0.57+PMB!P14*0.08+RBay!P14*0.06+'Port Shepstone'!P14*0.03+Other!P14*0.03)/71*100 -> 20.497606
A15: Vehicle Sales | J15: =(Durban!H15*0.57+PMB!H15*0.08+RBay!H15*0.06+'Port Shepstone'!H15*0.03+Other!H15*0.03)/71*100 -> 0 | L15: =(Durban!J15*0.57+PMB!J15*0.08+RBay!J15*0.06+'Port Shepstone'!J15*0.03+Other!J15*0.03)/71*100 -> 0.8028169 | N15: =(Durban!L15*0.57+PMB!L15*0.08+RBay!L15*0.06+'Port Shepstone'!L15*0.03+Other!L15*0.03)/71*100 -> 1.1197183 | P15: =(Durban!N15*0.57+PMB!N15*0.08+RBay!N15*0.06+'Port Shepstone'!N15*0.03+Other!N15*0.03)/71*100 -> 1.1408451 | R15: =(Durban!P15*0.57+PMB!P15*0.08+RBay!P15*0.06+'Port Shepstone'!P15*0.03+Other!P15*0.03)/71*100 -> 0
A16: Transport, Storage & Communications | D16: =(Durban!B16*0.57+PMB!B16*0.08+RBay!B16*0.06+'Port Shepstone'!B16*0.03+Other!B16*0.03)/71*100 -> 0.58732394 | F16: =(Durban!D16*0.57+PMB!D16*0.08+RBay!D16*0.06+'Port Shepstone'!D16*0.03+Other!D16*0.03)/71*100 -> 3.8535211 | H16: =(Durban!F16*0.57+PMB!F16*0.08+RBay!F16*0.06+'Port Shepstone'!F16*0.03+Other!F16*0.03)/71*100 -> 5.9408451 | J16: =(Durban!H16*0.57+PMB!H16*0.08+RBay!H16*0.06+'Port Shepstone'!H16*0.03+Other!H16*0.03)/71*100 -> 1.6056338 | L16: =(Durban!J16*0.57+PMB!J16*0.08+RBay!J16*0.06+'Port Shepstone'!J16*0.03+Other!J16*0.03)/71*100 -> 8.2929577 | N16: =(Durban!L16*0.57+PMB!L16*0.08+RBay!L16*0.06+'Port Shepstone'!L16*0.03+Other!L16*0.03)/71*100 -> 8.8309859 | P16: =(Durban!N16*0.57+PMB!N16*0.08+RBay!N16*0.06+'Port Shepstone'!N16*0.03+Other!N16*0.03)/71*100 -> 8.8309859 | R16: =(Durban!P16*0.57+PMB!P16*0.08+RBay!P16*0.06+'Port Shepstone'!P16*0.03+Other!P16*0.03)/71*100 -> 1.1859155
A17: Banks & Financial | D17: =(Durban!B17*0.57+PMB!B17*0.08+RBay!B17*0.06+'Port Shepstone'!B17*0.03+Other!B17*0.03)/71*100 -> 3.4521127 | F17: =(Durban!D17*0.57+PMB!D17*0.08+RBay!D17*0.06+'Port Shepstone'!D17*0.03+Other!D17*0.03)/71*100 -> 2.8985915 | H17: =(Durban!F17*0.57+PMB!F17*0.08+RBay!F17*0.06+'Port Shepstone'!F17*0.03+Other!F17*0.03)/71*100 -> 3.4098592 | J17: =(Durban!H17*0.57+PMB!H17*0.08+RBay!H17*0.06+'Port Shepstone'!H17*0.03+Other!H17*0.03)/71*100 -> 6.1859155 | L17: =(Durban!J17*0.57+PMB!J17*0.08+RBay!J17*0.06+'Port Shepstone'!J17*0.03+Other!J17*0.03)/71*100 -> 1.343662 | N17: =(Durban!L17*0.57+PMB!L17*0.08+RBay!L17*0.06+'Port Shepstone'!L17*0.03+Other!L17*0.03)/71*100 -> 2.6309859 | P17: =(Durban!N17*0.57+PMB!N17*0.08+RBay!N17*0.06+'Port Shepstone'!N17*0.03+Other!N17*0.03)/71*100 -> 4.056338 | R17: =(Durban!P17*0.57+PMB!P17*0.08+RBay!P17*0.06+'Port Shepstone'!P17*0.03+Other!P17*0.03)/71*100 -> 8.8811268
A18: Legal | D18: =(Durban!B18*0.57+PMB!B18*0.08+RBay!B18*0.06+'Port Shepstone'!B18*0.03+Other!B18*0.03)/71*100 -> 2.9788732 | F18: =(Durban!D18*0.57+PMB!D18*0.08+RBay!D18*0.06+'Port Shepstone'!D18*0.03+Other!D18*0.03)/71*100 -> 1.715493 | J18: =(Durban!H18*0.57+PMB!H18*0.08+RBay!H18*0.06+'Port Shepstone'!H18*0.03+Other!H18*0.03)/71*100 -> 1.9746479 | L18: =(Durban!J18*0.57+PMB!J18*0.08+RBay!J18*0.06+'Port Shepstone'!J18*0.03+Other!J18*0.03)/71*100 -> 0.58591549 | N18: =(Durban!L18*0.57+PMB!L18*0.08+RBay!L18*0.06+'Port Shepstone'!L18*0.03+Other!L18*0.03)/71*100 -> 0.61690141 | P18: =(Durban!N18*0.57+PMB!N18*0.08+RBay!N18*0.06+'Port Shepstone'!N18*0.03+Other!N18*0.03)/71*100 -> 0.98591549 | R18: =(Durban!P18*0.57+PMB!P18*0.08+RBay!P18*0.06+'Port Shepstone'!P18*0.03+Other!P18*0.03)/71*100 -> 0.78873239
A19: Insurance , Pension & Medical Aid Funds | J19: =(Durban!H19*0.57+PMB!H19*0.08+RBay!H19*0.06+'Port Shepstone'!H19*0.03+Other!H19*0.03)/71*100 -> 0.8028169 | L19: =(Durban!J19*0.57+PMB!J19*0.08+RBay!J19*0.06+'Port Shepstone'!J19*0.03+Other!J19*0.03)/71*100 -> 0.18028169 | N19: =(Durban!L19*0.57+PMB!L19*0.08+RBay!L19*0.06+'Port Shepstone'!L19*0.03+Other!L19*0.03)/71*100 -> 3.0633803 | P19: =(Durban!N19*0.57+PMB!N19*0.08+RBay!N19*0.06+'Port Shepstone'!N19*0.03+Other!N19*0.03)/71*100 -> 1.1408451 | R19: =(Durban!P19*0.57+PMB!P19*0.08+RBay!P19*0.06+'Port Shepstone'!P19*0.03+Other!P19*0.03)/71*100 -> 0
A20: Real Estate | D20: =(Durban!B20*0.57+PMB!B20*0.08+RBay!B20*0.06+'Port Shepstone'!B20*0.03+Other!B20*0.03)/71*100 -> 0.58732394 | F20: =(Durban!D20*0.57+PMB!D20*0.08+RBay!D20*0.06+'Port Shepstone'!D20*0.03+Other!D20*0.03)/71*100 -> 2.5690141 | H20: =(Durban!F20*0.57+PMB!F20*0.08+RBay!F20*0.06+'Port Shepstone'!F20*0.03+Other!F20*0.03)/71*100 -> 2.3788732 | J20: =(Durban!H20*0.57+PMB!H20*0.08+RBay!H20*0.06+'Port Shepstone'!H20*0.03+Other!H20*0.03)/71*100 -> 3.8169014 | L20: =(Durban!J20*0.57+PMB!J20*0.08+RBay!J20*0.06+'Port Shepstone'!J20*0.03+Other!J20*0.03)/71*100 -> 0.18028169 | N20: =(Durban!L20*0.57+PMB!L20*0.08+RBay!L20*0.06+'Port Shepstone'!L20*0.03+Other!L20*0.03)/71*100 -> 0.48450704 | P20: =(Durban!N20*0.57+PMB!N20*0.08+RBay!N20*0.06+'Port Shepstone'!N20*0.03+Other!N20*0.03)/71*100 -> 4.8169014 | R20: =(Durban!P20*0.57+PMB!P20*0.08+RBay!P20*0.06+'Port Shepstone'!P20*0.03+Other!P20*0.03)/71*100 -> 0.99211268
A21: Business Services | D21: =(Durban!B21*0.57+PMB!B21*0.08+RBay!B21*0.06+'Port Shepstone'!B21*0.03+Other!B21*0.03)/71*100 -> 28.666197 | F21: =(Durban!D21*0.57+PMB!D21*0.08+RBay!D21*0.06+'Port Shepstone'!D21*0.03+Other!D21*0.03)/71*100 -> 12.871831 | H21: =(Durban!F21*0.57+PMB!F21*0.08+RBay!F21*0.06+'Port Shepstone'!F21*0.03+Other!F21*0.03)/71*100 -> 13.488732 | J21: =(Durban!H21*0.57+PMB!H21*0.08+RBay!H21*0.06+'Port Shepstone'!H21*0.03+Other!H21*0.03)/71*100 -> 11.608451 | L21: =(Durban!J21*0.57+PMB!J21*0.08+RBay!J21*0.06+'Port Shepstone'!J21*0.03+Other!J21*0.03)/71*100 -> 12.992958 | N21: =(Durban!L21*0.57+PMB!L21*0.08+RBay!L21*0.06+'Port Shepstone'!L21*0.03+Other!L21*0.03)/71*100 -> 8.6295775 | P21: =(Durban!N21*0.57+PMB!N21*0.08+RBay!N21*0.06+'Port Shepstone'!N21*0.03+Other!N21*0.03)/71*100 -> 5.4788732 | R21: =(Durban!P21*0.57+PMB!P21*0.08+RBay!P21*0.06+'Port Shepstone'!P21*0.03+Other!P21*0.03)/71*100 -> 0.3943662
A22: Central Government | J22: =(Durban!H22*0.57+PMB!H22*0.08+RBay!H22*0.06+'Port Shepstone'!H22*0.03+Other!H22*0.03)/71*100 -> 0 | L22: =(Durban!J22*0.57+PMB!J22*0.08+RBay!J22*0.06+'Port Shepstone'!J22*0.03+Other!J22*0.03)/71*100 -> 0 | N22: =(Durban!L22*0.57+PMB!L22*0.08+RBay!L22*0.06+'Port Shepstone'!L22*0.03+Other!L22*0.03)/71*100 -> 0 | P22: =(Durban!N22*0.57+PMB!N22*0.08+RBay!N22*0.06+'Port Shepstone'!N22*0.03+Other!N22*0.03)/71*100 -> 0 | R22: =(Durban!P22*0.57+PMB!P22*0.08+RBay!P22*0.06+'Port Shepstone'!P22*0.03+Other!P22*0.03)/71*100 -> 0
A23: Local Government | J23: =(Durban!H23*0.57+PMB!H23*0.08+RBay!H23*0.06+'Port Shepstone'!H23*0.03+Other!H23*0.03)/71*100 -> 0 | L23: =(Durban!J23*0.57+PMB!J23*0.08+RBay!J23*0.06+'Port Shepstone'!J23*0.03+Other!J23*0.03)/71*100 -> 0.4056338 | N23: =(Durban!L23*0.57+PMB!L23*0.08+RBay!L23*0.06+'Port Shepstone'!L23*0.03+Other!L23*0.03)/71*100 -> 0 | P23: =(Durban!N23*0.57+PMB!N23*0.08+RBay!N23*0.06+'Port Shepstone'!N23*0.03+Other!N23*0.03)/71*100 -> 0 | R23: =(Durban!P23*0.57+PMB!P23*0.08+RBay!P23*0.06+'Port Shepstone'!P23*0.03+Other!P23*0.03)/71*100 -> 0
A24: Provincial Government | D24: =(Durban!B24*0.57+PMB!B24*0.08+RBay!B24*0.06+'Port Shepstone'!B24*0.03+Other!B24*0.03)/71*100 -> 0 | F24: =(Durban!D24*0.57+PMB!D24*0.08+RBay!D24*0.06+'Port Shepstone'!D24*0.03+Other!D24*0.03)/71*100 -> 1.284507 | H24: =(Durban!F24*0.57+PMB!F24*0.08+RBay!F24*0.06+'Port Shepstone'!F24*0.03+Other!F24*0.03)/71*100 -> 0.72253521 | J24: =(Durban!H24*0.57+PMB!H24*0.08+RBay!H24*0.06+'Port Shepstone'!H24*0.03+Other!H24*0.03)/71*100 -> 0 | L24: =(Durban!J24*0.57+PMB!J24*0.08+RBay!J24*0.06+'Port Shepstone'!J24*0.03+Other!J24*0.03)/71*100 -> 0 | N24: =(Durban!L24*0.57+PMB!L24*0.08+RBay!L24*0.06+'Port Shepstone'!L24*0.03+Other!L24*0.03)/71*100 -> 0 | P24: =(Durban!N24*0.57+PMB!N24*0.08+RBay!N24*0.06+'Port Shepstone'!N24*0.03+Other!N24*0.03)/71*100 -> 0 | R24: =(Durban!P24*0.57+PMB!P24*0.08+RBay!P24*0.06+'Port Shepstone'!P24*0.03+Other!P24*0.03)/71*100 -> 0
A25: Social & Personal Services | D25: =(Durban!B25*0.57+PMB!B25*0.08+RBay!B25*0.06+'Port Shepstone'!B25*0.03+Other!B25*0.03)/71*100 -> 3.2450704 | F25: =(Durban!D25*0.57+PMB!D25*0.08+RBay!D25*0.06+'Port Shepstone'!D25*0.03+Other!D25*0.03)/71*100 -> 3.7774648 | H25: =(Durban!F25*0.57+PMB!F25*0.08+RBay!F25*0.06+'Port Shepstone'!F25*0.03+Other!F25*0.03)/71*100 -> 1.5253521 | J25: =(Durban!H25*0.57+PMB!H25*0.08+RBay!H25*0.06+'Port Shepstone'!H25*0.03+Other!H25*0.03)/71*100 -> 0 | L25: =(Durban!J25*0.57+PMB!J25*0.08+RBay!J25*0.06+'Port Shepstone'!J25*0.03+Other!J25*0.03)/71*100 -> 2.5084507 | N25: =(Durban!L25*0.57+PMB!L25*0.08+RBay!L25*0.06+'Port Shepstone'!L25*0.03+Other!L25*0.03)/71*100 -> 1.2633803 | P25: =(Durban!N25*0.57+PMB!N25*0.08+RBay!N25*0.06+'Port Shepstone'!N25*0.03+Other!N25*0.03)/71*100 -> 0.98591549 | R25: =(Durban!P25*0.57+PMB!P25*0.08+RBay!P25*0.06+'Port Shepstone'!P25*0.03+Other!P25*0.03)/71*100 -> 0
A26: IT | D26: =(Durban!B26*0.57+PMB!B26*0.08+RBay!B26*0.06+'Port Shepstone'!B26*0.03+Other!B26*0.03)/71*100 -> 5.7887324 | F26: =(Durban!D26*0.57+PMB!D26*0.08+RBay!D26*0.06+'Port Shepstone'!D26*0.03+Other!D26*0.03)/71*100 -> 5.7253521 | H26: =(Durban!F26*0.57+PMB!F26*0.08+RBay!F26*0.06+'Port Shepstone'!F26*0.03+Other!F26*0.03)/71*100 -> 5.3830986 | J26: =(Durban!H26*0.57+PMB!H26*0.08+RBay!H26*0.06+'Port Shepstone'!H26*0.03+Other!H26*0.03)/71*100 -> 4.6197183 | L26: =(Durban!J26*0.57+PMB!J26*0.08+RBay!J26*0.06+'Port Shepstone'!J26*0.03+Other!J26*0.03)/71*100 -> 0.4056338 | N26: =(Durban!L26*0.57+PMB!L26*0.08+RBay!L26*0.06+'Port Shepstone'!L26*0.03+Other!L26*0.03)/71*100 -> 3.7690141 | P26: =(Durban!N26*0.57+PMB!N26*0.08+RBay!N26*0.06+'Port Shepstone'!N26*0.03+Other!N26*0.03)/71*100 -> 5.3380282 | R26: =(Durban!P26*0.57+PMB!P26*0.08+RBay!P26*0.06+'Port Shepstone'!P26*0.03+Other!P26*0.03)/71*100 -> 0
A27: Taxis | J27: =(Durban!H27*0.57+PMB!H27*0.08+RBay!H27*0.06+'Port Shepstone'!H27*0.03+Other!H27*0.03)/71*100 -> 0 | L27: =(Durban!J27*0.57+PMB!J27*0.08+RBay!J27*0.06+'Port Shepstone'!J27*0.03+Other!J27*0.03)/71*100 -> 0 | N27: =(Durban!L27*0.57+PMB!L27*0.08+RBay!L27*0.06+'Port Shepstone'!L27*0.03+Other!L27*0.03)/71*100 -> 0 | P27: =(Durban!N27*0.57+PMB!N27*0.08+RBay!N27*0.06+'Port Shepstone'!N27*0.03+Other!N27*0.03)/71*100 -> 0.33802817 | R27: =(Durban!P27*0.57+PMB!P27*0.08+RBay!P27*0.06+'Port Shepstone'!P27*0.03+Other!P27*0.03)/71*100 -> 0
A28: Other | D28: =(Durban!B28*0.57+PMB!B28*0.08+RBay!B28*0.06+'Port Shepstone'!B28*0.03+Other!B28*0.03)/71*100 -> 22.209859 | F28: =(Durban!D28*0.57+PMB!D28*0.08+RBay!D28*0.06+'Port Shepstone'!D28*0.03+Other!D28*0.03)/71*100 -> 16.156338 | H28: =(Durban!F28*0.57+PMB!F28*0.08+RBay!F28*0.06+'Port Shepstone'!F28*0.03+Other!F28*0.03)/71*100 -> 17.68169 | J28: =(Durban!H28*0.57+PMB!H28*0.08+RBay!H28*0.06+'Port Shepstone'!H28*0.03+Other!H28*0.03)/71*100 -> 23.397183 | L28: =(Durban!J28*0.57+PMB!J28*0.08+RBay!J28*0.06+'Port Shepstone'!J28*0.03+Other!J28*0.03)/71*100 -> 24.7 | N28: =(Durban!L28*0.57+PMB!L28*0.08+RBay!L28*0.06+'Port Shepstone'!L28*0.03+Other!L28*0.03)/71*100 -> 20.288732 | P28: =(Durban!N28*0.57+PMB!N28*0.08+RBay!N28*0.06+'Port Shepstone'!N28*0.03+Other!N28*0.03)/71*100 -> 15.577465 | R28: =(Durban!P28*0.57+PMB!P28*0.08+RBay!P28*0.06+'Port Shepstone'!P28*0.03+Other!P28*0.03)/71*100 -> 33.561831
A30: How many employees do you have?
A31: 0 - 10 | D31: =(Durban!B31*0.57+PMB!B31*0.08+RBay!B31*0.06+'Port Shepstone'!B31*0.03+Other!B31*0.03)/71*100 -> 65.138028 | E31: =D31 -> 65.138028 | F31: =(Durban!D31*0.57+PMB!D31*0.08+RBay!D31*0.06+'Port Shepstone'!D31*0.03+Other!D31*0.03)/71*100 -> 49.243662 | G31: =F31 -> 49.243662 | H31: =(Durban!F31*0.57+PMB!F31*0.08+RBay!F31*0.06+'Port Shepstone'!F31*0.03+Other!F31*0.03)/71*100 -> 39.649296 | I31: =H31 -> 39.649296 | J31: =(Durban!H31*0.57+PMB!H31*0.08+RBay!H31*0.06+'Port Shepstone'!H31*0.03+Other!H31*0.03)/71*100 -> 36.047887 | K31: =J31 -> 36.047887 | L31: =(Durban!J31*0.57+PMB!J31*0.08+RBay!J31*0.06+'Port Shepstone'!J31*0.03+Other!J31*0.03)/71*100 -> 20.469014 | M31: =L31 -> 20.469014 | N31: =(Durban!L31*0.57+PMB!L31*0.08+RBay!L31*0.06+'Port Shepstone'!L31*0.03+Other!L31*0.03)/71*100 -> 35.812676 | O31: =N31 -> 35.812676 | P31: =(Durban!N31*0.57+PMB!N31*0.08+RBay!N31*0.06+'Port Shepstone'!N31*0.03+Other!N31*0.03)/71*100 -> 39.056338 | Q31: =P31 -> 39.056338 | R31: =(Durban!P31*0.57+PMB!P31*0.08+RBay!P31*0.06+'Port Shepstone'!P31*0.03+Other!P31*0.03)/71*100 -> 33.901408 | S31: =R31 -> 33.901408
A32: 11. - 30 | D32: =(Durban!B32*0.57+PMB!B32*0.08+RBay!B32*0.06+'Port Shepstone'!B32*0.03+Other!B32*0.03)/71*100 -> 20.198592 | E32: =E31+D32 -> 85.33662 | F32: =(Durban!D32*0.57+PMB!D32*0.08+RBay!D32*0.06+'Port Shepstone'!D32*0.03+Other!D32*0.03)/71*100 -> 28.539437 | G32: =G31+F32 -> 77.783099 | H32: =(Durban!F32*0.57+PMB!F32*0.08+RBay!F32*0.06+'Port Shepstone'!F32*0.03+Other!F32*0.03)/71*100 -> 26.239437 | I32: =I31+H32 -> 65.888732 | J32: =(Durban!H32*0.57+PMB!H32*0.08+RBay!H32*0.06+'Port Shepstone'!H32*0.03+Other!H32*0.03)/71*100 -> 30.678873 | K32: =K31+J32 -> 66.726761 | L32: =(Durban!J32*0.57+PMB!J32*0.08+RBay!J32*0.06+'Port Shepstone'!J32*0.03+Other!J32*0.03)/71*100 -> 4.9549296 | M32: =M31+L32 -> 25.423944 | N32: =(Durban!L32*0.57+PMB!L32*0.08+RBay!L32*0.06+'Port Shepstone'!L32*0.03+Other!L32*0.03)/71*100 -> 30.042254 | O32: =O31+N32 -> 65.85493 | P32: =(Durban!N32*0.57+PMB!N32*0.08+RBay!N32*0.06+'Port Shepstone'!N32*0.03+Other!N32*0.03)/71*100 -> 27.760563 | Q32: =Q31+P32 -> 66.816901 | R32: =(Durban!P32*0.57+PMB!P32*0.08+RBay!P32*0.06+'Port Shepstone'!P32*0.03+Other!P32*0.03)/71*100 -> 18.295775 | S32: =S31+R32 -> 52.197183
A33: 31 - 50 | D33: =(Durban!B33*0.57+PMB!B33*0.08+RBay!B33*0.06+'Port Shepstone'!B33*0.03+Other!B33*0.03)/71*100 -> 7.9929577 | E33: =E32+D33 -> 93.329577 | F33: =(Durban!D33*0.57+PMB!D33*0.08+RBay!D33*0.06+'Port Shepstone'!D33*0.03+Other!D33*0.03)/71*100 -> 8.0126761 | G33: =G32+F33 -> 85.795775 | H33: =(Durban!F33*0.57+PMB!F33*0.08+RBay!F33*0.06+'Port Shepstone'!F33*0.03+Other!F33*0.03)/71*100 -> 8.0929577 | I33: =I32+H33 -> 73.98169 | J33: =(Durban!H33*0.57+PMB!H33*0.08+RBay!H33*0.06+'Port Shepstone'!H33*0.03+Other!H33*0.03)/71*100 -> 6.8507042 | K33: =K32+J33 -> 73.577465 | L33: =(Durban!J33*0.57+PMB!J33*0.08+RBay!J33*0.06+'Port Shepstone'!J33*0.03+Other!J33*0.03)/71*100 -> 25.014085 | M33: =M32+L33 -> 50.438028 | N33: =(Durban!L33*0.57+PMB!L33*0.08+RBay!L33*0.06+'Port Shepstone'!L33*0.03+Other!L33*0.03)/71*100 -> 6.028169 | O33: =O32+N33 -> 71.883099 | P33: =(Durban!N33*0.57+PMB!N33*0.08+RBay!N33*0.06+'Port Shepstone'!N33*0.03+Other!N33*0.03)/71*100 -> 10.56338 | Q33: =Q32+P33 -> 77.380282 | R33: =(Durban!P33*0.57+PMB!P33*0.08+RBay!P33*0.06+'Port Shepstone'!P33*0.03+Other!P33*0.03)/71*100 -> 10.022535 | S33: =S32+R33 -> 62.219718
A34: 51 - 100 | D34: =(Durban!B34*0.57+PMB!B34*0.08+RBay!B34*0.06+'Port Shepstone'!B34*0.03+Other!B34*0.03)/71*100 -> 2.3464789 | E34: =E33+D34 -> 95.676056 | F34: =(Durban!D34*0.57+PMB!D34*0.08+RBay!D34*0.06+'Port Shepstone'!D34*0.03+Other!D34*0.03)/71*100 -> 8.0521127 | G34: =G33+F34 -> 93.847887 | H34: =(Durban!F34*0.57+PMB!F34*0.08+RBay!F34*0.06+'Port Shepstone'!F34*0.03+Other!F34*0.03)/71*100 -> 9.9577465 | I34: =I33+H34 -> 83.939437 | J34: =(Durban!H34*0.57+PMB!H34*0.08+RBay!H34*0.06+'Port Shepstone'!H34*0.03+Other!H34*0.03)/71*100 -> 8.3183099 | K34: =K33+J34 -> 81.895775 | L34: =(Durban!J34*0.57+PMB!J34*0.08+RBay!J34*0.06+'Port Shepstone'!J34*0.03+Other!J34*0.03)/71*100 -> 13.398592 | M34: =M33+L34 -> 63.83662 | N34: =(Durban!L34*0.57+PMB!L34*0.08+RBay!L34*0.06+'Port Shepstone'!L34*0.03+Other!L34*0.03)/71*100 -> 9.028169 | O34: =O33+N34 -> 80.911268 | P34: =(Durban!N34*0.57+PMB!N34*0.08+RBay!N34*0.06+'Port Shepstone'!N34*0.03+Other!N34*0.03)/71*100 -> 6.1408451 | Q34: =Q33+P34 -> 83.521127 | R34: =(Durban!P34*0.57+PMB!P34*0.08+RBay!P34*0.06+'Port Shepstone'!P34*0.03+Other!P34*0.03)/71*100 -> 6.7887324 | S34: =S33+R34 -> 69.008451
A35: 101 - 200 | D35: =(Durban!B35*0.57+PMB!B35*0.08+RBay!B35*0.06+'Port Shepstone'!B35*0.03+Other!B35*0.03)/71*100 -> 1.3098592 | E35: =E34+D35 -> 96.985915 | F35: =(Durban!D35*0.57+PMB!D35*0.08+RBay!D35*0.06+'Port Shepstone'!D35*0.03+Other!D35*0.03)/71*100 -> 7.9267606 | G35: =G34+F35 -> 101.77465 | H35: =(Durban!F35*0.57+PMB!F35*0.08+RBay!F35*0.06+'Port Shepstone'!F35*0.03+Other!F35*0.03)/71*100 -> 10.735211 | I35: =I34+H35 -> 94.674648 | J35: =(Durban!H35*0.57+PMB!H35*0.08+RBay!H35*0.06+'Port Shepstone'!H35*0.03+Other!H35*0.03)/71*100 -> 1.3690141 | K35: =K34+J35 -> 83.264789 | L35: =(Durban!J35*0.57+PMB!J35*0.08+RBay!J35*0.06+'Port Shepstone'!J35*0.03+Other!J35*0.03)/71*100 -> 11.840845 | M35: =M34+L35 -> 75.677465 | N35: =(Durban!L35*0.57+PMB!L35*0.08+RBay!L35*0.06+'Port Shepstone'!L35*0.03+Other!L35*0.03)/71*100 -> 8.9802817 | O35: =O34+N35 -> 89.891549 | P35: =(Durban!N35*0.57+PMB!N35*0.08+RBay!N35*0.06+'Port Shepstone'!N35*0.03+Other!N35*0.03)/71*100 -> 9.3098592 | Q35: =Q34+P35 -> 92.830986 | R35: =(Durban!P35*0.57+PMB!P35*0.08+RBay!P35*0.06+'Port Shepstone'!P35*0.03+Other!P35*0.03)/71*100 -> 18.752113 | S35: =S34+R35 -> 87.760563
A36: > 200 | D36: =(Durban!B36*0.57+PMB!B36*0.08+RBay!B36*0.06+'Port Shepstone'!B36*0.03+Other!B36*0.03)/71*100 -> 12.128169 | E36: =E35+D36 -> 109.11408 | F36: =(Durban!D36*0.57+PMB!D36*0.08+RBay!D36*0.06+'Port Shepstone'!D36*0.03+Other!D36*0.03)/71*100 -> 6.6760563 | G36: =G35+F36 -> 108.4507 | H36: =(Durban!F36*0.57+PMB!F36*0.08+RBay!F36*0.06+'Port Shepstone'!F36*0.03+Other!F36*0.03)/71*100 -> 13.776056 | I36: =I35+H36 -> 108.4507 | J36: =(Durban!H36*0.57+PMB!H36*0.08+RBay!H36*0.06+'Port Shepstone'!H36*0.03+Other!H36*0.03)/71*100 -> 16.75493 | K36: =K35+J36 -> 100.01972 | L36: =(Durban!J36*0.57+PMB!J36*0.08+RBay!J36*0.06+'Port Shepstone'!J36*0.03+Other!J36*0.03)/71*100 -> 24.391549 | M36: =M35+L36 -> 100.06901 | N36: =(Durban!L36*0.57+PMB!L36*0.08+RBay!L36*0.06+'Port Shepstone'!L36*0.03+Other!L36*0.03)/71*100 -> 10.180282 | O36: =O35+N36 -> 100.07183 | P36: =(Durban!N36*0.57+PMB!N36*0.08+RBay!N36*0.06+'Port Shepstone'!N36*0.03+Other!N36*0.03)/71*100 -> 6.3661972 | Q36: =Q35+P36 -> 99.197183 | R36: =(Durban!P36*0.57+PMB!P36*0.08+RBay!P36*0.06+'Port Shepstone'!P36*0.03+Other!P36*0.03)/71*100 -> 12.323944 | S36: =S35+R36 -> 100.08451
A38: Labour Relations? (1= least important & 10 = critical important)
A39: 1 | D39: =(Durban!B39*0.57+PMB!B39*0.08+RBay!B39*0.06+'Port Shepstone'!B39*0.03+Other!B39*0.03)/71*100 -> 12.857746 | E39: =D39 -> 12.857746 | F39: =(Durban!D39*0.57+PMB!D39*0.08+RBay!D39*0.06+'Port Shepstone'!D39*0.03+Other!D39*0.03)/71*100 -> 2.7478873 | G39: =F39 -> 2.7478873 | H39: =(Durban!F39*0.57+PMB!F39*0.08+RBay!F39*0.06+'Port Shepstone'!F39*0.03+Other!F39*0.03)/71*100 -> 5.3492958 | I39: =H39 -> 5.3492958 | J39: =(Durban!H39*0.57+PMB!H39*0.08+RBay!H39*0.06+'Port Shepstone'!H39*0.03+Other!H39*0.03)/71*100 -> 6.284507 | K39: =J39 -> 6.284507 | L39: =(Durban!J39*0.57+PMB!J39*0.08+RBay!J39*0.06+'Port Shepstone'!J39*0.03+Other!J39*0.03)/71*100 -> 5.5507042 | M39: =L39 -> 5.5507042 | N39: =(Durban!L39*0.57+PMB!L39*0.08+RBay!L39*0.06+'Port Shepstone'!L39*0.03+Other!L39*0.03)/71*100 -> 7.2830986 | O39: =N39 -> 7.2830986 | P39: =(Durban!N39*0.57+PMB!N39*0.08+RBay!N39*0.06+'Port Shepstone'!N39*0.03+Other!N39*0.03)/71*100 -> 7.7464789 | Q39: =P39 -> 7.7464789 | R39: =(Durban!P39*0.57+PMB!P39*0.08+RBay!P39*0.06+'Port Shepstone'!P39*0.03+Other!P39*0.03)/71*100 -> 7.0528606 | S39: =R39 -> 7.0528606
A40: 2 | D40: =(Durban!B40*0.57+PMB!B40*0.08+RBay!B40*0.06+'Port Shepstone'!B40*0.03+Other!B40*0.03)/71*100 -> 0.52816901 | E40: =E39+D40 -> 13.385915 | F40: =(Durban!D40*0.57+PMB!D40*0.08+RBay!D40*0.06+'Port Shepstone'!D40*0.03+Other!D40*0.03)/71*100 -> 7.443662 | G40: =G39+F40 -> 10.191549 | H40: =(Durban!F40*0.57+PMB!F40*0.08+RBay!F40*0.06+'Port Shepstone'!F40*0.03+Other!F40*0.03)/71*100 -> 6.7859155 | I40: =I39+H40 -> 12.135211 | J40: =(Durban!H40*0.57+PMB!H40*0.08+RBay!H40*0.06+'Port Shepstone'!H40*0.03+Other!H40*0.03)/71*100 -> 7.8366197 | K40: =K39+J40 -> 14.121127 | L40: =(Durban!J40*0.57+PMB!J40*0.08+RBay!J40*0.06+'Port Shepstone'!J40*0.03+Other!J40*0.03)/71*100 -> 6.1929577 | M40: =M39+L40 -> 11.743662 | N40: =(Durban!L40*0.57+PMB!L40*0.08+RBay!L40*0.06+'Port Shepstone'!L40*0.03+Other!L40*0.03)/71*100 -> 7.9295775 | O40: =O39+N40 -> 15.212676 | P40: =(Durban!N40*0.57+PMB!N40*0.08+RBay!N40*0.06+'Port Shepstone'!N40*0.03+Other!N40*0.03)/71*100 -> 9.4366197 | Q40: =Q39+P40 -> 17.183099 | R40: =(Durban!P40*0.57+PMB!P40*0.08+RBay!P40*0.06+'Port Shepstone'!P40*0.03+Other!P40*0.03)/71*100 -> 18.156566 | S40: =S39+R40 -> 25.209427
A41: 3 | D41: =(Durban!B41*0.57+PMB!B41*0.08+RBay!B41*0.06+'Port Shepstone'!B41*0.03+Other!B41*0.03)/71*100 -> 12.502817 | E41: =E40+D41 -> 25.888732 | F41: =(Durban!D41*0.57+PMB!D41*0.08+RBay!D41*0.06+'Port Shepstone'!D41*0.03+Other!D41*0.03)/71*100 -> 7.1901408 | G41: =G40+F41 -> 17.38169 | H41: =(Durban!F41*0.57+PMB!F41*0.08+RBay!F41*0.06+'Port Shepstone'!F41*0.03+Other!F41*0.03)/71*100 -> 5.928169 | I41: =I40+H41 -> 18.06338 | J41: =(Durban!H41*0.57+PMB!H41*0.08+RBay!H41*0.06+'Port Shepstone'!H41*0.03+Other!H41*0.03)/71*100 -> 6.1859155 | K41: =K40+J41 -> 20.307042 | L41: =(Durban!J41*0.57+PMB!J41*0.08+RBay!J41*0.06+'Port Shepstone'!J41*0.03+Other!J41*0.03)/71*100 -> 5.1450704 | M41: =M40+L41 -> 16.888732 | N41: =(Durban!L41*0.57+PMB!L41*0.08+RBay!L41*0.06+'Port Shepstone'!L41*0.03+Other!L41*0.03)/71*100 -> 8.0521127 | O41: =O40+N41 -> 23.264789 | P41: =(Durban!N41*0.57+PMB!N41*0.08+RBay!N41*0.06+'Port Shepstone'!N41*0.03+Other!N41*0.03)/71*100 -> 8.2112676 | Q41: =Q40+P41 -> 25.394366 | R41: =(Durban!P41*0.57+PMB!P41*0.08+RBay!P41*0.06+'Port Shepstone'!P41*0.03+Other!P41*0.03)/71*100 -> 10.022341 | S41: =S40+R41 -> 35.231768
A42: 4 | D42: =(Durban!B42*0.57+PMB!B42*0.08+RBay!B42*0.06+'Port Shepstone'!B42*0.03+Other!B42*0.03)/71*100 -> 5.3464789 | E42: =E41+D42 -> 31.235211 | F42: =(Durban!D42*0.57+PMB!D42*0.08+RBay!D42*0.06+'Port Shepstone'!D42*0.03+Other!D42*0.03)/71*100 -> 1.9901408 | G42: =G41+F42 -> 19.371831 | H42: =(Durban!F42*0.57+PMB!F42*0.08+RBay!F42*0.06+'Port Shepstone'!F42*0.03+Other!F42*0.03)/71*100 -> 4.7929577 | I42: =I41+H42 -> 22.856338 | J42: =(Durban!H42*0.57+PMB!H42*0.08+RBay!H42*0.06+'Port Shepstone'!H42*0.03+Other!H42*0.03)/71*100 -> 5 | K42: =K41+J42 -> 25.307042 | L42: =(Durban!J42*0.57+PMB!J42*0.08+RBay!J42*0.06+'Port Shepstone'!J42*0.03+Other!J42*0.03)/71*100 -> 6.6492958 | M42: =M41+L42 -> 23.538028 | N42: =(Durban!L42*0.57+PMB!L42*0.08+RBay!L42*0.06+'Port Shepstone'!L42*0.03+Other!L42*0.03)/71*100 -> 5.2802817 | O42: =O41+N42 -> 28.54507 | P42: =(Durban!N42*0.57+PMB!N42*0.08+RBay!N42*0.06+'Port Shepstone'!N42*0.03+Other!N42*0.03)/71*100 -> 1.3661972 | Q42: =Q41+P42 -> 26.760563 | R42: =(Durban!P42*0.57+PMB!P42*0.08+RBay!P42*0.06+'Port Shepstone'!P42*0.03+Other!P42*0.03)/71*100 -> 0.77707625 | S42: =S41+R42 -> 36.008844
A43: 5 | D43: =(Durban!B43*0.57+PMB!B43*0.08+RBay!B43*0.06+'Port Shepstone'!B43*0.03+Other!B43*0.03)/71*100 -> 4.4112676 | E43: =E42+D43 -> 35.646479 | F43: =(Durban!D43*0.57+PMB!D43*0.08+RBay!D43*0.06+'Port Shepstone'!D43*0.03+Other!D43*0.03)/71*100 -> 12.494366 | G43: =G42+F43 -> 31.866197 | H43: =(Durban!F43*0.57+PMB!F43*0.08+RBay!F43*0.06+'Port Shepstone'!F43*0.03+Other!F43*0.03)/71*100 -> 12.311268 | I43: =I42+H43 -> 35.167606 | J43: =(Durban!H43*0.57+PMB!H43*0.08+RBay!H43*0.06+'Port Shepstone'!H43*0.03+Other!H43*0.03)/71*100 -> 10.298592 | K43: =K42+J43 -> 35.605634 | L43: =(Durban!J43*0.57+PMB!J43*0.08+RBay!J43*0.06+'Port Shepstone'!J43*0.03+Other!J43*0.03)/71*100 -> 2.6492958 | M43: =M42+L43 -> 26.187324 | N43: =(Durban!L43*0.57+PMB!L43*0.08+RBay!L43*0.06+'Port Shepstone'!L43*0.03+Other!L43*0.03)/71*100 -> 7.7464789 | O43: =O42+N43 -> 36.291549 | P43: =(Durban!N43*0.57+PMB!N43*0.08+RBay!N43*0.06+'Port Shepstone'!N43*0.03+Other!N43*0.03)/71*100 -> 10 | Q43: =Q42+P43 -> 36.760563 | R43: =(Durban!P43*0.57+PMB!P43*0.08+RBay!P43*0.06+'Port Shepstone'!P43*0.03+Other!P43*0.03)/71*100 -> 9.3457989 | S43: =S42+R43 -> 45.354643
A44: 6 | D44: =(Durban!B44*0.57+PMB!B44*0.08+RBay!B44*0.06+'Port Shepstone'!B44*0.03+Other!B44*0.03)/71*100 -> 3.6253521 | E44: =E43+D44 -> 39.271831 | F44: =(Durban!D44*0.57+PMB!D44*0.08+RBay!D44*0.06+'Port Shepstone'!D44*0.03+Other!D44*0.03)/71*100 -> 8.7366197 | G44: =G43+F44 -> 40.602817 | H44: =(Durban!F44*0.57+PMB!F44*0.08+RBay!F44*0.06+'Port Shepstone'!F44*0.03+Other!F44*0.03)/71*100 -> 9.128169 | I44: =I43+H44 -> 44.295775 | J44: =(Durban!H44*0.57+PMB!H44*0.08+RBay!H44*0.06+'Port Shepstone'!H44*0.03+Other!H44*0.03)/71*100 -> 5.1070423 | K44: =K43+J44 -> 40.712676 | L44: =(Durban!J44*0.57+PMB!J44*0.08+RBay!J44*0.06+'Port Shepstone'!J44*0.03+Other!J44*0.03)/71*100 -> 1.115493 | M44: =M43+L44 -> 27.302817 | N44: =(Durban!L44*0.57+PMB!L44*0.08+RBay!L44*0.06+'Port Shepstone'!L44*0.03+Other!L44*0.03)/71*100 -> 1.3380282 | O44: =O43+N44 -> 37.629577 | P44: =(Durban!N44*0.57+PMB!N44*0.08+RBay!N44*0.06+'Port Shepstone'!N44*0.03+Other!N44*0.03)/71*100 -> 7.5492958 | Q44: =Q43+P44 -> 44.309859 | R44: =(Durban!P44*0.57+PMB!P44*0.08+RBay!P44*0.06+'Port Shepstone'!P44*0.03+Other!P44*0.03)/71*100 -> 2.5578339 | S44: =S43+R44 -> 47.912477
A45: 7 | D45: =(Durban!B45*0.57+PMB!B45*0.08+RBay!B45*0.06+'Port Shepstone'!B45*0.03+Other!B45*0.03)/71*100 -> 10.457746 | E45: =E44+D45 -> 49.729577 | F45: =(Durban!D45*0.57+PMB!D45*0.08+RBay!D45*0.06+'Port Shepstone'!D45*0.03+Other!D45*0.03)/71*100 -> 7.1492958 | G45: =G44+F45 -> 47.752113 | H45: =(Durban!F45*0.57+PMB!F45*0.08+RBay!F45*0.06+'Port Shepstone'!F45*0.03+Other!F45*0.03)/71*100 -> 12.340845 | I45: =I44+H45 -> 56.63662 | J45: =(Durban!H45*0.57+PMB!H45*0.08+RBay!H45*0.06+'Port Shepstone'!H45*0.03+Other!H45*0.03)/71*100 -> 12.569014 | K45: =K44+J45 -> 53.28169 | L45: =(Durban!J45*0.57+PMB!J45*0.08+RBay!J45*0.06+'Port Shepstone'!J45*0.03+Other!J45*0.03)/71*100 -> 7.1352113 | M45: =M44+L45 -> 34.438028 | N45: =(Durban!L45*0.57+PMB!L45*0.08+RBay!L45*0.06+'Port Shepstone'!L45*0.03+Other!L45*0.03)/71*100 -> 7.1211268 | O45: =O44+N45 -> 44.750704 | P45: =(Durban!N45*0.57+PMB!N45*0.08+RBay!N45*0.06+'Port Shepstone'!N45*0.03+Other!N45*0.03)/71*100 -> 12.042254 | Q45: =Q44+P45 -> 56.352113 | R45: =(Durban!P45*0.57+PMB!P45*0.08+RBay!P45*0.06+'Port Shepstone'!P45*0.03+Other!P45*0.03)/71*100 -> 2.3120835 | S45: =S44+R45 -> 50.22456
A46: 8 | D46: =(Durban!B46*0.57+PMB!B46*0.08+RBay!B46*0.06+'Port Shepstone'!B46*0.03+Other!B46*0.03)/71*100 -> 19.494366 | E46: =E45+D46 -> 69.223944 | F46: =(Durban!D46*0.57+PMB!D46*0.08+RBay!D46*0.06+'Port Shepstone'!D46*0.03+Other!D46*0.03)/71*100 -> 31.198592 | G46: =G45+F46 -> 78.950704 | H46: =(Durban!F46*0.57+PMB!F46*0.08+RBay!F46*0.06+'Port Shepstone'!F46*0.03+Other!F46*0.03)/71*100 -> 22.125352 | I46: =I45+H46 -> 78.761972 | J46: =(Durban!H46*0.57+PMB!H46*0.08+RBay!H46*0.06+'Port Shepstone'!H46*0.03+Other!H46*0.03)/71*100 -> 16.904225 | K46: =K45+J46 -> 70.185915 | L46: =(Durban!J46*0.57+PMB!J46*0.08+RBay!J46*0.06+'Port Shepstone'!J46*0.03+Other!J46*0.03)/71*100 -> 30.985915 | M46: =M45+L46 -> 65.423944 | N46: =(Durban!L46*0.57+PMB!L46*0.08+RBay!L46*0.06+'Port Shepstone'!L46*0.03+Other!L46*0.03)/71*100 -> 22.788732 | O46: =O45+N46 -> 67.539437 | P46: =(Durban!N46*0.57+PMB!N46*0.08+RBay!N46*0.06+'Port Shepstone'!N46*0.03+Other!N46*0.03)/71*100 -> 22.014085 | Q46: =Q45+P46 -> 78.366197 | R46: =(Durban!P46*0.57+PMB!P46*0.08+RBay!P46*0.06+'Port Shepstone'!P46*0.03+Other!P46*0.03)/71*100 -> 13.803482 | S46: =S45+R46 -> 64.028043
A47: 9 | D47: =(Durban!B47*0.57+PMB!B47*0.08+RBay!B47*0.06+'Port Shepstone'!B47*0.03+Other!B47*0.03)/71*100 -> 8.5901408 | E47: =E46+D47 -> 77.814085 | F47: =(Durban!D47*0.57+PMB!D47*0.08+RBay!D47*0.06+'Port Shepstone'!D47*0.03+Other!D47*0.03)/71*100 -> 10.016901 | G47: =G46+F47 -> 88.967606 | H47: =(Durban!F47*0.57+PMB!F47*0.08+RBay!F47*0.06+'Port Shepstone'!F47*0.03+Other!F47*0.03)/71*100 -> 8.7211268 | I47: =I46+H47 -> 87.483099 | J47: =(Durban!H47*0.57+PMB!H47*0.08+RBay!H47*0.06+'Port Shepstone'!H47*0.03+Other!H47*0.03)/71*100 -> 15.864789 | K47: =K46+J47 -> 86.050704 | L47: =(Durban!J47*0.57+PMB!J47*0.08+RBay!J47*0.06+'Port Shepstone'!J47*0.03+Other!J47*0.03)/71*100 -> 15.540845 | M47: =M46+L47 -> 80.964789 | N47: =(Durban!L47*0.57+PMB!L47*0.08+RBay!L47*0.06+'Port Shepstone'!L47*0.03+Other!L47*0.03)/71*100 -> 13.614085 | O47: =O46+N47 -> 81.153521 | P47: =(Durban!N47*0.57+PMB!N47*0.08+RBay!N47*0.06+'Port Shepstone'!N47*0.03+Other!N47*0.03)/71*100 -> 9.5352113 | Q47: =Q46+P47 -> 87.901408 | R47: =(Durban!P47*0.57+PMB!P47*0.08+RBay!P47*0.06+'Port Shepstone'!P47*0.03+Other!P47*0.03)/71*100 -> 8.2384653 | S47: =S46+R47 -> 72.266508
A48: 10 | D48: =(Durban!B48*0.57+PMB!B48*0.08+RBay!B48*0.06+'Port Shepstone'!B48*0.03+Other!B48*0.03)/71*100 -> 30.63662 | E48: =E47+D48 -> 108.4507 | F48: =(Durban!D48*0.57+PMB!D48*0.08+RBay!D48*0.06+'Port Shepstone'!D48*0.03+Other!D48*0.03)/71*100 -> 19.483099 | G48: =G47+F48 -> 108.4507 | H48: =(Durban!F48*0.57+PMB!F48*0.08+RBay!F48*0.06+'Port Shepstone'!F48*0.03+Other!F48*0.03)/71*100 -> 20.967606 | I48: =I47+H48 -> 108.4507 | J48: =(Durban!H48*0.57+PMB!H48*0.08+RBay!H48*0.06+'Port Shepstone'!H48*0.03+Other!H48*0.03)/71*100 -> 11.323944 | K48: =K47+J48 -> 97.374648 | L48: =(Durban!J48*0.57+PMB!J48*0.08+RBay!J48*0.06+'Port Shepstone'!J48*0.03+Other!J48*0.03)/71*100 -> 19.65493 | M48: =M47+L48 -> 100.61972 | N48: =(Durban!L48*0.57+PMB!L48*0.08+RBay!L48*0.06+'Port Shepstone'!L48*0.03+Other!L48*0.03)/71*100 -> 18.923944 | O48: =O47+N48 -> 100.07746 | P48: =(Durban!N48*0.57+PMB!N48*0.08+RBay!N48*0.06+'Port Shepstone'!N48*0.03+Other!N48*0.03)/71*100 -> 12.183099 | Q48: =Q47+P48 -> 100.08451 | R48: =(Durban!P48*0.57+PMB!P48*0.08+RBay!P48*0.06+'Port Shepstone'!P48*0.03+Other!P48*0.03)/71*100 -> 27.50152 | S48: =S47+R48 -> 99.768028
A50: Crime and Violence? (1= least important & 10 = critical important)
A51: 1 | D51: =(Durban!B51*0.57+PMB!B51*0.08+RBay!B51*0.06+'Port Shepstone'!B51*0.03+Other!B51*0.03)/71*100 -> 7.6323944 | E51: =D51 -> 7.6323944 | F51: =(Durban!D51*0.57+PMB!D51*0.08+RBay!D51*0.06+'Port Shepstone'!D51*0.03+Other!D51*0.03)/71*100 -> 1.284507 | G51: =F51 -> 1.284507 | H51: =(Durban!F51*0.57+PMB!F51*0.08+RBay!F51*0.06+'Port Shepstone'!F51*0.03+Other!F51*0.03)/71*100 -> 2.5056338 | I51: =H51 -> 2.5056338 | J51: =(Durban!H51*0.57+PMB!H51*0.08+RBay!H51*0.06+'Port Shepstone'!H51*0.03+Other!H51*0.03)/71*100 -> 3.8760563 | K51: =J51 -> 3.8760563 | L51: =(Durban!J51*0.57+PMB!J51*0.08+RBay!J51*0.06+'Port Shepstone'!J51*0.03+Other!J51*0.03)/71*100 -> 3.3591549 | M51: =L51 -> 3.3591549 | N51: =(Durban!L51*0.57+PMB!L51*0.08+RBay!L51*0.06+'Port Shepstone'!L51*0.03+Other!L51*0.03)/71*100 -> 3.2661972 | O51: =N51 -> 3.2661972 | P51: =(Durban!N51*0.57+PMB!N51*0.08+RBay!N51*0.06+'Port Shepstone'!N51*0.03+Other!N51*0.03)/71*100 -> 2.4084507 | Q51: =P51 -> 2.4084507 | R51: =(Durban!P51*0.57+PMB!P51*0.08+RBay!P51*0.06+'Port Shepstone'!P51*0.03+Other!P51*0.03)/71*100 -> 6.2983099 | S51: =R51 -> 6.2983099
A52: 2 | D52: =(Durban!B52*0.57+PMB!B52*0.08+RBay!B52*0.06+'Port Shepstone'!B52*0.03+Other!B52*0.03)/71*100 -> 3.3253521 | E52: =E51+D52 -> 10.957746 | F52: =(Durban!D52*0.57+PMB!D52*0.08+RBay!D52*0.06+'Port Shepstone'!D52*0.03+Other!D52*0.03)/71*100 -> 10.604225 | G52: =G51+F52 -> 11.888732 | H52: =(Durban!F52*0.57+PMB!F52*0.08+RBay!F52*0.06+'Port Shepstone'!F52*0.03+Other!F52*0.03)/71*100 -> 4.6450704 | I52: =I51+H52 -> 7.1507042 | J52: =(Durban!H52*0.57+PMB!H52*0.08+RBay!H52*0.06+'Port Shepstone'!H52*0.03+Other!H52*0.03)/71*100 -> 5.6647887 | K52: =K51+J52 -> 9.5408451 | L52: =(Durban!J52*0.57+PMB!J52*0.08+RBay!J52*0.06+'Port Shepstone'!J52*0.03+Other!J52*0.03)/71*100 -> 6.6140845 | M52: =M51+L52 -> 9.9732394 | N52: =(Durban!L52*0.57+PMB!L52*0.08+RBay!L52*0.06+'Port Shepstone'!L52*0.03+Other!L52*0.03)/71*100 -> 7.9295775 | O52: =O51+N52 -> 11.195775 | P52: =(Durban!N52*0.57+PMB!N52*0.08+RBay!N52*0.06+'Port Shepstone'!N52*0.03+Other!N52*0.03)/71*100 -> 0.56338028 | Q52: =Q51+P52 -> 2.971831 | R52: =(Durban!P52*0.57+PMB!P52*0.08+RBay!P52*0.06+'Port Shepstone'!P52*0.03+Other!P52*0.03)/71*100 -> 6.703458 | S52: =S51+R52 -> 13.001768
A53: 3 | D53: =(Durban!B53*0.57+PMB!B53*0.08+RBay!B53*0.06+'Port Shepstone'!B53*0.03+Other!B53*0.03)/71*100 -> 9.228169 | E53: =E52+D53 -> 20.185915 | F53: =(Durban!D53*0.57+PMB!D53*0.08+RBay!D53*0.06+'Port Shepstone'!D53*0.03+Other!D53*0.03)/71*100 -> 5.2183099 | G53: =G52+F53 -> 17.107042 | H53: =(Durban!F53*0.57+PMB!F53*0.08+RBay!F53*0.06+'Port Shepstone'!F53*0.03+Other!F53*0.03)/71*100 -> 8.8239437 | I53: =I52+H53 -> 15.974648 | J53: =(Durban!H53*0.57+PMB!H53*0.08+RBay!H53*0.06+'Port Shepstone'!H53*0.03+Other!H53*0.03)/71*100 -> 5.2450704 | K53: =K52+J53 -> 14.785915 | L53: =(Durban!J53*0.57+PMB!J53*0.08+RBay!J53*0.06+'Port Shepstone'!J53*0.03+Other!J53*0.03)/71*100 -> 7.4957746 | M53: =M52+L53 -> 17.469014 | N53: =(Durban!L53*0.57+PMB!L53*0.08+RBay!L53*0.06+'Port Shepstone'!L53*0.03+Other!L53*0.03)/71*100 -> 6.0197183 | O53: =O52+N53 -> 17.215493 | P53: =(Durban!N53*0.57+PMB!N53*0.08+RBay!N53*0.06+'Port Shepstone'!N53*0.03+Other!N53*0.03)/71*100 -> 4.5352113 | Q53: =Q52+P53 -> 7.5070423 | R53: =(Durban!P53*0.57+PMB!P53*0.08+RBay!P53*0.06+'Port Shepstone'!P53*0.03+Other!P53*0.03)/71*100 -> 0.95473531 | S53: =S52+R53 -> 13.956503
A54: 4 | D54: =(Durban!B54*0.57+PMB!B54*0.08+RBay!B54*0.06+'Port Shepstone'!B54*0.03+Other!B54*0.03)/71*100 -> 6.1140845 | E54: =E53+D54 -> 26.3 | F54: =(Durban!D54*0.57+PMB!D54*0.08+RBay!D54*0.06+'Port Shepstone'!D54*0.03+Other!D54*0.03)/71*100 -> 6.4591549 | G54: =G53+F54 -> 23.566197 | H54: =(Durban!F54*0.57+PMB!F54*0.08+RBay!F54*0.06+'Port Shepstone'!F54*0.03+Other!F54*0.03)/71*100 -> 7.928169 | I54: =I53+H54 -> 23.902817 | J54: =(Durban!H54*0.57+PMB!H54*0.08+RBay!H54*0.06+'Port Shepstone'!H54*0.03+Other!H54*0.03)/71*100 -> 6.7126761 | K54: =K53+J54 -> 21.498592 | L54: =(Durban!J54*0.57+PMB!J54*0.08+RBay!J54*0.06+'Port Shepstone'!J54*0.03+Other!J54*0.03)/71*100 -> 2.4676056 | M54: =M53+L54 -> 19.93662 | N54: =(Durban!L54*0.57+PMB!L54*0.08+RBay!L54*0.06+'Port Shepstone'!L54*0.03+Other!L54*0.03)/71*100 -> 4.671831 | O54: =O53+N54 -> 21.887324 | P54: =(Durban!N54*0.57+PMB!N54*0.08+RBay!N54*0.06+'Port Shepstone'!N54*0.03+Other!N54*0.03)/71*100 -> 3.2112676 | Q54: =Q53+P54 -> 10.71831 | R54: =(Durban!P54*0.57+PMB!P54*0.08+RBay!P54*0.06+'Port Shepstone'!P54*0.03+Other!P54*0.03)/71*100 -> 7.2862652 | S54: =S53+R54 -> 21.242768
A55: 5 | D55: =(Durban!B55*0.57+PMB!B55*0.08+RBay!B55*0.06+'Port Shepstone'!B55*0.03+Other!B55*0.03)/71*100 -> 10.026761 | E55: =E54+D55 -> 36.326761 | F55: =(Durban!D55*0.57+PMB!D55*0.08+RBay!D55*0.06+'Port Shepstone'!D55*0.03+Other!D55*0.03)/71*100 -> 14.564789 | G55: =G54+F55 -> 38.130986 | H55: =(Durban!F55*0.57+PMB!F55*0.08+RBay!F55*0.06+'Port Shepstone'!F55*0.03+Other!F55*0.03)/71*100 -> 10.266197 | I55: =I54+H55 -> 34.169014 | J55: =(Durban!H55*0.57+PMB!H55*0.08+RBay!H55*0.06+'Port Shepstone'!H55*0.03+Other!H55*0.03)/71*100 -> 8.4056338 | K55: =K54+J55 -> 29.904225 | L55: =(Durban!J55*0.57+PMB!J55*0.08+RBay!J55*0.06+'Port Shepstone'!J55*0.03+Other!J55*0.03)/71*100 -> 7.8549296 | M55: =M54+L55 -> 27.791549 | N55: =(Durban!L55*0.57+PMB!L55*0.08+RBay!L55*0.06+'Port Shepstone'!L55*0.03+Other!L55*0.03)/71*100 -> 9.6267606 | O55: =O54+N55 -> 31.514085 | P55: =(Durban!N55*0.57+PMB!N55*0.08+RBay!N55*0.06+'Port Shepstone'!N55*0.03+Other!N55*0.03)/71*100 -> 5 | Q55: =Q54+P55 -> 15.71831 | R55: =(Durban!P55*0.57+PMB!P55*0.08+RBay!P55*0.06+'Port Shepstone'!P55*0.03+Other!P55*0.03)/71*100 -> 8.4127441 | S55: =S54+R55 -> 29.655512
A56: 6 | D56: =(Durban!B56*0.57+PMB!B56*0.08+RBay!B56*0.06+'Port Shepstone'!B56*0.03+Other!B56*0.03)/71*100 -> 3.9971831 | E56: =E55+D56 -> 40.323944 | F56: =(Durban!D56*0.57+PMB!D56*0.08+RBay!D56*0.06+'Port Shepstone'!D56*0.03+Other!D56*0.03)/71*100 -> 3.7690141 | G56: =G55+F56 -> 41.9 | H56: =(Durban!F56*0.57+PMB!F56*0.08+RBay!F56*0.06+'Port Shepstone'!F56*0.03+Other!F56*0.03)/71*100 -> 7.6014085 | I56: =I55+H56 -> 41.770423 | J56: =(Durban!H56*0.57+PMB!H56*0.08+RBay!H56*0.06+'Port Shepstone'!H56*0.03+Other!H56*0.03)/71*100 -> 6.743662 | K56: =K55+J56 -> 36.647887 | L56: =(Durban!J56*0.57+PMB!J56*0.08+RBay!J56*0.06+'Port Shepstone'!J56*0.03+Other!J56*0.03)/71*100 -> 5.1084507 | M56: =M55+L56 -> 32.9 | N56: =(Durban!L56*0.57+PMB!L56*0.08+RBay!L56*0.06+'Port Shepstone'!L56*0.03+Other!L56*0.03)/71*100 -> 4.8605634 | O56: =O55+N56 -> 36.374648 | P56: =(Durban!N56*0.57+PMB!N56*0.08+RBay!N56*0.06+'Port Shepstone'!N56*0.03+Other!N56*0.03)/71*100 -> 5 | Q56: =Q55+P56 -> 20.71831 | R56: =(Durban!P56*0.57+PMB!P56*0.08+RBay!P56*0.06+'Port Shepstone'!P56*0.03+Other!P56*0.03)/71*100 -> 6.3149199 | S56: =S55+R56 -> 35.970432
A57: 7 | D57: =(Durban!B57*0.57+PMB!B57*0.08+RBay!B57*0.06+'Port Shepstone'!B57*0.03+Other!B57*0.03)/71*100 -> 4.7915493 | E57: =E56+D57 -> 45.115493 | F57: =(Durban!D57*0.57+PMB!D57*0.08+RBay!D57*0.06+'Port Shepstone'!D57*0.03+Other!D57*0.03)/71*100 -> 10.008451 | G57: =G56+F57 -> 51.908451 | H57: =(Durban!F57*0.57+PMB!F57*0.08+RBay!F57*0.06+'Port Shepstone'!F57*0.03+Other!F57*0.03)/71*100 -> 7.0450704 | I57: =I56+H57 -> 48.815493 | J57: =(Durban!H57*0.57+PMB!H57*0.08+RBay!H57*0.06+'Port Shepstone'!H57*0.03+Other!H57*0.03)/71*100 -> 9.343662 | K57: =K56+J57 -> 45.991549 | L57: =(Durban!J57*0.57+PMB!J57*0.08+RBay!J57*0.06+'Port Shepstone'!J57*0.03+Other!J57*0.03)/71*100 -> 11.298592 | M57: =M56+L57 -> 44.198592 | N57: =(Durban!L57*0.57+PMB!L57*0.08+RBay!L57*0.06+'Port Shepstone'!L57*0.03+Other!L57*0.03)/71*100 -> 12.398592 | O57: =O56+N57 -> 48.773239 | P57: =(Durban!N57*0.57+PMB!N57*0.08+RBay!N57*0.06+'Port Shepstone'!N57*0.03+Other!N57*0.03)/71*100 -> 10.56338 | Q57: =Q56+P57 -> 31.28169 | R57: =(Durban!P57*0.57+PMB!P57*0.08+RBay!P57*0.06+'Port Shepstone'!P57*0.03+Other!P57*0.03)/71*100 -> 2.8749004 | S57: =S56+R57 -> 38.845333
A58: 8 | D58: =(Durban!B58*0.57+PMB!B58*0.08+RBay!B58*0.06+'Port Shepstone'!B58*0.03+Other!B58*0.03)/71*100 -> 10.535211 | E58: =E57+D58 -> 55.650704 | F58: =(Durban!D58*0.57+PMB!D58*0.08+RBay!D58*0.06+'Port Shepstone'!D58*0.03+Other!D58*0.03)/71*100 -> 16.692958 | G58: =G57+F58 -> 68.601408 | H58: =(Durban!F58*0.57+PMB!F58*0.08+RBay!F58*0.06+'Port Shepstone'!F58*0.03+Other!F58*0.03)/71*100 -> 18.647887 | I58: =I57+H58 -> 67.46338 | J58: =(Durban!H58*0.57+PMB!H58*0.08+RBay!H58*0.06+'Port Shepstone'!H58*0.03+Other!H58*0.03)/71*100 -> 11.805634 | K58: =K57+J58 -> 57.797183 | L58: =(Durban!J58*0.57+PMB!J58*0.08+RBay!J58*0.06+'Port Shepstone'!J58*0.03+Other!J58*0.03)/71*100 -> 17.033803 | M58: =M57+L58 -> 61.232394 | N58: =(Durban!L58*0.57+PMB!L58*0.08+RBay!L58*0.06+'Port Shepstone'!L58*0.03+Other!L58*0.03)/71*100 -> 15.590141 | O58: =O57+N58 -> 64.36338 | P58: =(Durban!N58*0.57+PMB!N58*0.08+RBay!N58*0.06+'Port Shepstone'!N58*0.03+Other!N58*0.03)/71*100 -> 15.676056 | Q58: =Q57+P58 -> 46.957746 | R58: =(Durban!P58*0.57+PMB!P58*0.08+RBay!P58*0.06+'Port Shepstone'!P58*0.03+Other!P58*0.03)/71*100 -> 18.56425 | S58: =S57+R58 -> 57.409582
A59: 9 | D59: =(Durban!B59*0.57+PMB!B59*0.08+RBay!B59*0.06+'Port Shepstone'!B59*0.03+Other!B59*0.03)/71*100 -> 16.84507 | E59: =E58+D59 -> 72.495775 | F59: =(Durban!D59*0.57+PMB!D59*0.08+RBay!D59*0.06+'Port Shepstone'!D59*0.03+Other!D59*0.03)/71*100 -> 14.542254 | G59: =G58+F59 -> 83.143662 | H59: =(Durban!F59*0.57+PMB!F59*0.08+RBay!F59*0.06+'Port Shepstone'!F59*0.03+Other!F59*0.03)/71*100 -> 10.914085 | I59: =I58+H59 -> 78.377465 | J59: =(Durban!H59*0.57+PMB!H59*0.08+RBay!H59*0.06+'Port Shepstone'!H59*0.03+Other!H59*0.03)/71*100 -> 15.715493 | K59: =K58+J59 -> 73.512676 | L59: =(Durban!J59*0.57+PMB!J59*0.08+RBay!J59*0.06+'Port Shepstone'!J59*0.03+Other!J59*0.03)/71*100 -> 16.208451 | M59: =M58+L59 -> 77.440845 | N59: =(Durban!L59*0.57+PMB!L59*0.08+RBay!L59*0.06+'Port Shepstone'!L59*0.03+Other!L59*0.03)/71*100 -> 14.326761 | O59: =O58+N59 -> 78.690141 | P59: =(Durban!N59*0.57+PMB!N59*0.08+RBay!N59*0.06+'Port Shepstone'!N59*0.03+Other!N59*0.03)/71*100 -> 14.873239 | Q59: =Q58+P59 -> 61.830986 | R59: =(Durban!P59*0.57+PMB!P59*0.08+RBay!P59*0.06+'Port Shepstone'!P59*0.03+Other!P59*0.03)/71*100 -> 18.54764 | S59: =S58+R59 -> 75.957222
A60: 10 | D60: =(Durban!B60*0.57+PMB!B60*0.08+RBay!B60*0.06+'Port Shepstone'!B60*0.03+Other!B60*0.03)/71*100 -> 35.95493 | E60: =E59+D60 -> 108.4507 | F60: =(Durban!D60*0.57+PMB!D60*0.08+RBay!D60*0.06+'Port Shepstone'!D60*0.03+Other!D60*0.03)/71*100 -> 23.316901 | G60: =G59+F60 -> 106.46056 | H60: =(Durban!F60*0.57+PMB!F60*0.08+RBay!F60*0.06+'Port Shepstone'!F60*0.03+Other!F60*0.03)/71*100 -> 30.033803 | I60: =I59+H60 -> 108.41127 | J60: =(Durban!H60*0.57+PMB!H60*0.08+RBay!H60*0.06+'Port Shepstone'!H60*0.03+Other!H60*0.03)/71*100 -> 26.495775 | K60: =K59+J60 -> 100.00845 | L60: =(Durban!J60*0.57+PMB!J60*0.08+RBay!J60*0.06+'Port Shepstone'!J60*0.03+Other!J60*0.03)/71*100 -> 22.476056 | M60: =M59+L60 -> 99.916901 | N60: =(Durban!L60*0.57+PMB!L60*0.08+RBay!L60*0.06+'Port Shepstone'!L60*0.03+Other!L60*0.03)/71*100 -> 21.38169 | O60: =O59+N60 -> 100.07183 | P60: =(Durban!N60*0.57+PMB!N60*0.08+RBay!N60*0.06+'Port Shepstone'!N60*0.03+Other!N60*0.03)/71*100 -> 39.056338 | Q60: =Q59+P60 -> 100.88732 | R60: =(Durban!P60*0.57+PMB!P60*0.08+RBay!P60*0.06+'Port Shepstone'!P60*0.03+Other!P60*0.03)/71*100 -> 24.042356 | S60: =S59+R60 -> 99.999577
A62: Political Stability? (1= least important & 10 = critical important)
A63: 1 | D63: =(Durban!B63*0.57+PMB!B63*0.08+RBay!B63*0.06+'Port Shepstone'!B63*0.03+Other!B63*0.03)/71*100 -> 7.6915493 | E63: =D63 -> 7.6915493 | F63: =(Durban!D63*0.57+PMB!D63*0.08+RBay!D63*0.06+'Port Shepstone'!D63*0.03+Other!D63*0.03)/71*100 -> 3.0985915 | G63: =F63 -> 3.0985915 | H63: =(Durban!F63*0.57+PMB!F63*0.08+RBay!F63*0.06+'Port Shepstone'!F63*0.03+Other!F63*0.03)/71*100 -> 1.0732394 | I63: =H63 -> 1.0732394 | J63: =(Durban!H63*0.57+PMB!H63*0.08+RBay!H63*0.06+'Port Shepstone'!H63*0.03+Other!H63*0.03)/71*100 -> 1.4676056 | K63: =J63 -> 1.4676056 | L63: =(Durban!J63*0.57+PMB!J63*0.08+RBay!J63*0.06+'Port Shepstone'!J63*0.03+Other!J63*0.03)/71*100 -> 0.36056338 | M63: =L63 -> 0.36056338 | N63: =(Durban!L63*0.57+PMB!L63*0.08+RBay!L63*0.06+'Port Shepstone'!L63*0.03+Other!L63*0.03)/71*100 -> 0.61690141 | O63: =N63 -> 0.61690141 | P63: =(Durban!N63*0.57+PMB!N63*0.08+RBay!N63*0.06+'Port Shepstone'!N63*0.03+Other!N63*0.03)/71*100 -> 0.8028169 | Q63: =P63 -> 0.8028169 | R63: =(Durban!P63*0.57+PMB!P63*0.08+RBay!P63*0.06+'Port Shepstone'!P63*0.03+Other!P63*0.03)/71*100 -> 1.2997183 | S63: =R63 -> 1.2997183
A64: 2 | D64: =(Durban!B64*0.57+PMB!B64*0.08+RBay!B64*0.06+'Port Shepstone'!B64*0.03+Other!B64*0.03)/71*100 -> 3.0338028 | E64: =E63+D64 -> 10.725352 | F64: =(Durban!D64*0.57+PMB!D64*0.08+RBay!D64*0.06+'Port Shepstone'!D64*0.03+Other!D64*0.03)/71*100 -> 4.0985915 | G64: =G63+F64 -> 7.1971831 | H64: =(Durban!F64*0.57+PMB!F64*0.08+RBay!F64*0.06+'Port Shepstone'!F64*0.03+Other!F64*0.03)/71*100 -> 3.7098592 | I64: =I63+H64 -> 4.7830986 | J64: =(Durban!H64*0.57+PMB!H64*0.08+RBay!H64*0.06+'Port Shepstone'!H64*0.03+Other!H64*0.03)/71*100 -> 2.6985915 | K64: =K63+J64 -> 4.1661972 | L64: =(Durban!J64*0.57+PMB!J64*0.08+RBay!J64*0.06+'Port Shepstone'!J64*0.03+Other!J64*0.03)/71*100 -> 0.18028169 | M64: =M63+L64 -> 0.54084507 | N64: =(Durban!L64*0.57+PMB!L64*0.08+RBay!L64*0.06+'Port Shepstone'!L64*0.03+Other!L64*0.03)/71*100 -> 2.0028169 | O64: =O63+N64 -> 2.6197183 | P64: =(Durban!N64*0.57+PMB!N64*0.08+RBay!N64*0.06+'Port Shepstone'!N64*0.03+Other!N64*0.03)/71*100 -> 2.7464789 | Q64: =Q63+P64 -> 3.5492958 | R64: =(Durban!P64*0.57+PMB!P64*0.08+RBay!P64*0.06+'Port Shepstone'!P64*0.03+Other!P64*0.03)/71*100 -> 0.38853813 | S64: =S63+R64 -> 1.6882564
A65: 3 | D65: =(Durban!B65*0.57+PMB!B65*0.08+RBay!B65*0.06+'Port Shepstone'!B65*0.03+Other!B65*0.03)/71*100 -> 3.3338028 | E65: =E64+D65 -> 14.059155 | F65: =(Durban!D65*0.57+PMB!D65*0.08+RBay!D65*0.06+'Port Shepstone'!D65*0.03+Other!D65*0.03)/71*100 -> 2.5690141 | G65: =G64+F65 -> 9.7661972 | H65: =(Durban!F65*0.57+PMB!F65*0.08+RBay!F65*0.06+'Port Shepstone'!F65*0.03+Other!F65*0.03)/71*100 -> 2.971831 | I65: =I64+H65 -> 7.7549296 | J65: =(Durban!H65*0.57+PMB!H65*0.08+RBay!H65*0.06+'Port Shepstone'!H65*0.03+Other!H65*0.03)/71*100 -> 2.9746479 | K65: =K64+J65 -> 7.1408451 | L65: =(Durban!J65*0.57+PMB!J65*0.08+RBay!J65*0.06+'Port Shepstone'!J65*0.03+Other!J65*0.03)/71*100 -> 2.0788732 | M65: =M64+L65 -> 2.6197183 | N65: =(Durban!L65*0.57+PMB!L65*0.08+RBay!L65*0.06+'Port Shepstone'!L65*0.03+Other!L65*0.03)/71*100 -> 4.6521127 | O65: =O64+N65 -> 7.271831 | P65: =(Durban!N65*0.57+PMB!N65*0.08+RBay!N65*0.06+'Port Shepstone'!N65*0.03+Other!N65*0.03)/71*100 -> 4.1971831 | Q65: =Q64+P65 -> 7.7464789 | R65: =(Durban!P65*0.57+PMB!P65*0.08+RBay!P65*0.06+'Port Shepstone'!P65*0.03+Other!P65*0.03)/71*100 -> 1.0383973 | S65: =S64+R65 -> 2.7266537
A66: 4 | D66: =(Durban!B66*0.57+PMB!B66*0.08+RBay!B66*0.06+'Port Shepstone'!B66*0.03+Other!B66*0.03)/71*100 -> 2.9788732 | E66: =E65+D66 -> 17.038028 | F66: =(Durban!D66*0.57+PMB!D66*0.08+RBay!D66*0.06+'Port Shepstone'!D66*0.03+Other!D66*0.03)/71*100 -> 1.284507 | G66: =G65+F66 -> 11.050704 | H66: =(Durban!F66*0.57+PMB!F66*0.08+RBay!F66*0.06+'Port Shepstone'!F66*0.03+Other!F66*0.03)/71*100 -> 6.0732394 | I66: =I65+H66 -> 13.828169 | J66: =(Durban!H66*0.57+PMB!H66*0.08+RBay!H66*0.06+'Port Shepstone'!H66*0.03+Other!H66*0.03)/71*100 -> 3.0732394 | K66: =K65+J66 -> 10.214085 | L66: =(Durban!J66*0.57+PMB!J66*0.08+RBay!J66*0.06+'Port Shepstone'!J66*0.03+Other!J66*0.03)/71*100 -> 4.0450704 | M66: =M65+L66 -> 6.6647887 | N66: =(Durban!L66*0.57+PMB!L66*0.08+RBay!L66*0.06+'Port Shepstone'!L66*0.03+Other!L66*0.03)/71*100 -> 4.3971831 | O66: =O65+N66 -> 11.669014 | P66: =(Durban!N66*0.57+PMB!N66*0.08+RBay!N66*0.06+'Port Shepstone'!N66*0.03+Other!N66*0.03)/71*100 -> 0.8028169 | Q66: =Q65+P66 -> 8.5492958 | R66: =(Durban!P66*0.57+PMB!P66*0.08+RBay!P66*0.06+'Port Shepstone'!P66*0.03+Other!P66*0.03)/71*100 -> 0.19426906 | S66: =S65+R66 -> 2.9209228
A67: 5 | D67: =(Durban!B67*0.57+PMB!B67*0.08+RBay!B67*0.06+'Port Shepstone'!B67*0.03+Other!B67*0.03)/71*100 -> 1.2295775 | E67: =E66+D67 -> 18.267606 | F67: =(Durban!D67*0.57+PMB!D67*0.08+RBay!D67*0.06+'Port Shepstone'!D67*0.03+Other!D67*0.03)/71*100 -> 9.0521127 | G67: =G66+F67 -> 20.102817 | H67: =(Durban!F67*0.57+PMB!F67*0.08+RBay!F67*0.06+'Port Shepstone'!F67*0.03+Other!F67*0.03)/71*100 -> 9.3492958 | I67: =I66+H67 -> 23.177465 | J67: =(Durban!H67*0.57+PMB!H67*0.08+RBay!H67*0.06+'Port Shepstone'!H67*0.03+Other!H67*0.03)/71*100 -> 3.0732394 | K67: =K66+J67 -> 13.287324 | L67: =(Durban!J67*0.57+PMB!J67*0.08+RBay!J67*0.06+'Port Shepstone'!J67*0.03+Other!J67*0.03)/71*100 -> 8.5408451 | M67: =M66+L67 -> 15.205634 | N67: =(Durban!L67*0.57+PMB!L67*0.08+RBay!L67*0.06+'Port Shepstone'!L67*0.03+Other!L67*0.03)/71*100 -> 6.6366197 | O67: =O66+N67 -> 18.305634 | P67: =(Durban!N67*0.57+PMB!N67*0.08+RBay!N67*0.06+'Port Shepstone'!N67*0.03+Other!N67*0.03)/71*100 -> 5.4225352 | Q67: =Q66+P67 -> 13.971831 | R67: =(Durban!P67*0.57+PMB!P67*0.08+RBay!P67*0.06+'Port Shepstone'!P67*0.03+Other!P67*0.03)/71*100 -> 7.3533171 | S67: =S66+R67 -> 10.27424
A68: 6 | D68: =(Durban!B68*0.57+PMB!B68*0.08+RBay!B68*0.06+'Port Shepstone'!B68*0.03+Other!B68*0.03)/71*100 -> 5.3253521 | E68: =E67+D68 -> 23.592958 | F68: =(Durban!D68*0.57+PMB!D68*0.08+RBay!D68*0.06+'Port Shepstone'!D68*0.03+Other!D68*0.03)/71*100 -> 9.2450704 | G68: =G67+F68 -> 29.347887 | H68: =(Durban!F68*0.57+PMB!F68*0.08+RBay!F68*0.06+'Port Shepstone'!F68*0.03+Other!F68*0.03)/71*100 -> 8.2253521 | I68: =I67+H68 -> 31.402817 | J68: =(Durban!H68*0.57+PMB!H68*0.08+RBay!H68*0.06+'Port Shepstone'!H68*0.03+Other!H68*0.03)/71*100 -> 7.3098592 | K68: =K67+J68 -> 20.597183 | L68: =(Durban!J68*0.57+PMB!J68*0.08+RBay!J68*0.06+'Port Shepstone'!J68*0.03+Other!J68*0.03)/71*100 -> 3.4633803 | M68: =M67+L68 -> 18.669014 | N68: =(Durban!L68*0.57+PMB!L68*0.08+RBay!L68*0.06+'Port Shepstone'!L68*0.03+Other!L68*0.03)/71*100 -> 3.1042254 | O68: =O67+N68 -> 21.409859 | P68: =(Durban!N68*0.57+PMB!N68*0.08+RBay!N68*0.06+'Port Shepstone'!N68*0.03+Other!N68*0.03)/71*100 -> 5.0985915 | Q68: =Q67+P68 -> 19.070423 | R68: =(Durban!P68*0.57+PMB!P68*0.08+RBay!P68*0.06+'Port Shepstone'!P68*0.03+Other!P68*0.03)/71*100 -> 1.0383973 | S68: =S67+R68 -> 11.312637
A69: 7 | D69: =(Durban!B69*0.57+PMB!B69*0.08+RBay!B69*0.06+'Port Shepstone'!B69*0.03+Other!B69*0.03)/71*100 -> 4.0309859 | E69: =E68+D69 -> 27.623944 | F69: =(Durban!D69*0.57+PMB!D69*0.08+RBay!D69*0.06+'Port Shepstone'!D69*0.03+Other!D69*0.03)/71*100 -> 9.8408451 | G69: =G68+F69 -> 39.188732 | H69: =(Durban!F69*0.57+PMB!F69*0.08+RBay!F69*0.06+'Port Shepstone'!F69*0.03+Other!F69*0.03)/71*100 -> 7.0366197 | I69: =I68+H69 -> 38.439437 | J69: =(Durban!H69*0.57+PMB!H69*0.08+RBay!H69*0.06+'Port Shepstone'!H69*0.03+Other!H69*0.03)/71*100 -> 9.0140845 | K69: =K68+J69 -> 29.611268 | L69: =(Durban!J69*0.57+PMB!J69*0.08+RBay!J69*0.06+'Port Shepstone'!J69*0.03+Other!J69*0.03)/71*100 -> 5.0676056 | M69: =M68+L69 -> 23.73662 | N69: =(Durban!L69*0.57+PMB!L69*0.08+RBay!L69*0.06+'Port Shepstone'!L69*0.03+Other!L69*0.03)/71*100 -> 8.3535211 | O69: =O68+N69 -> 29.76338 | P69: =(Durban!N69*0.57+PMB!N69*0.08+RBay!N69*0.06+'Port Shepstone'!N69*0.03+Other!N69*0.03)/71*100 -> 9.0704225 | Q69: =Q68+P69 -> 28.140845 | R69: =(Durban!P69*0.57+PMB!P69*0.08+RBay!P69*0.06+'Port Shepstone'!P69*0.03+Other!P69*0.03)/71*100 -> 6.703458 | S69: =S68+R69 -> 18.016095
A70: 8 | D70: =(Durban!B70*0.57+PMB!B70*0.08+RBay!B70*0.06+'Port Shepstone'!B70*0.03+Other!B70*0.03)/71*100 -> 16.594366 | E70: =E69+D70 -> 44.21831 | F70: =(Durban!D70*0.57+PMB!D70*0.08+RBay!D70*0.06+'Port Shepstone'!D70*0.03+Other!D70*0.03)/71*100 -> 20.047887 | G70: =G69+F70 -> 59.23662 | H70: =(Durban!F70*0.57+PMB!F70*0.08+RBay!F70*0.06+'Port Shepstone'!F70*0.03+Other!F70*0.03)/71*100 -> 24.335211 | I70: =I69+H70 -> 62.774648 | J70: =(Durban!H70*0.57+PMB!H70*0.08+RBay!H70*0.06+'Port Shepstone'!H70*0.03+Other!H70*0.03)/71*100 -> 24.783099 | K70: =K69+J70 -> 54.394366 | L70: =(Durban!J70*0.57+PMB!J70*0.08+RBay!J70*0.06+'Port Shepstone'!J70*0.03+Other!J70*0.03)/71*100 -> 21.753521 | M70: =M69+L70 -> 45.490141 | N70: =(Durban!L70*0.57+PMB!L70*0.08+RBay!L70*0.06+'Port Shepstone'!L70*0.03+Other!L70*0.03)/71*100 -> 17.508451 | O70: =O69+N70 -> 47.271831 | P70: =(Durban!N70*0.57+PMB!N70*0.08+RBay!N70*0.06+'Port Shepstone'!N70*0.03+Other!N70*0.03)/71*100 -> 22.521127 | Q70: =Q69+P70 -> 50.661972 | R70: =(Durban!P70*0.57+PMB!P70*0.08+RBay!P70*0.06+'Port Shepstone'!P70*0.03+Other!P70*0.03)/71*100 -> 43.510471 | S70: =S69+R70 -> 61.526566
A71: 9 | D71: =(Durban!B71*0.57+PMB!B71*0.08+RBay!B71*0.06+'Port Shepstone'!B71*0.03+Other!B71*0.03)/71*100 -> 21.46338 | E71: =E70+D71 -> 65.68169 | F71: =(Durban!D71*0.57+PMB!D71*0.08+RBay!D71*0.06+'Port Shepstone'!D71*0.03+Other!D71*0.03)/71*100 -> 15.930986 | G71: =G70+F71 -> 75.167606 | H71: =(Durban!F71*0.57+PMB!F71*0.08+RBay!F71*0.06+'Port Shepstone'!F71*0.03+Other!F71*0.03)/71*100 -> 13.250704 | I71: =I70+H71 -> 76.025352 | J71: =(Durban!H71*0.57+PMB!H71*0.08+RBay!H71*0.06+'Port Shepstone'!H71*0.03+Other!H71*0.03)/71*100 -> 20.492958 | K71: =K70+J71 -> 74.887324 | L71: =(Durban!J71*0.57+PMB!J71*0.08+RBay!J71*0.06+'Port Shepstone'!J71*0.03+Other!J71*0.03)/71*100 -> 22.990141 | M71: =M70+L71 -> 68.480282 | N71: =(Durban!L71*0.57+PMB!L71*0.08+RBay!L71*0.06+'Port Shepstone'!L71*0.03+Other!L71*0.03)/71*100 -> 21.83662 | O71: =O70+N71 -> 69.108451 | P71: =(Durban!N71*0.57+PMB!N71*0.08+RBay!N71*0.06+'Port Shepstone'!N71*0.03+Other!N71*0.03)/71*100 -> 20.450704 | Q71: =Q70+P71 -> 71.112676 | R71: =(Durban!P71*0.57+PMB!P71*0.08+RBay!P71*0.06+'Port Shepstone'!P71*0.03+Other!P71*0.03)/71*100 -> 15.948174 | S71: =S70+R71 -> 77.47474
A72: 10 | D72: =(Durban!B72*0.57+PMB!B72*0.08+RBay!B72*0.06+'Port Shepstone'!B72*0.03+Other!B72*0.03)/71*100 -> 42.769014 | E72: =E71+D72 -> 108.4507 | F72: =(Durban!D72*0.57+PMB!D72*0.08+RBay!D72*0.06+'Port Shepstone'!D72*0.03+Other!D72*0.03)/71*100 -> 32.809859 | G72: =G71+F72 -> 107.97746 | H72: =(Durban!F72*0.57+PMB!F72*0.08+RBay!F72*0.06+'Port Shepstone'!F72*0.03+Other!F72*0.03)/71*100 -> 32.425352 | I72: =I71+H72 -> 108.4507 | J72: =(Durban!H72*0.57+PMB!H72*0.08+RBay!H72*0.06+'Port Shepstone'!H72*0.03+Other!H72*0.03)/71*100 -> 25.112676 | K72: =K71+J72 -> 100 | L72: =(Durban!J72*0.57+PMB!J72*0.08+RBay!J72*0.06+'Port Shepstone'!J72*0.03+Other!J72*0.03)/71*100 -> 31.757746 | M72: =M71+L72 -> 100.23803 | N72: =(Durban!L72*0.57+PMB!L72*0.08+RBay!L72*0.06+'Port Shepstone'!L72*0.03+Other!L72*0.03)/71*100 -> 30.96338 | O72: =O71+N72 -> 100.07183 | P72: =(Durban!N72*0.57+PMB!N72*0.08+RBay!N72*0.06+'Port Shepstone'!N72*0.03+Other!N72*0.03)/71*100 -> 27.478873 | Q72: =Q71+P72 -> 98.591549 | R72: =(Durban!P72*0.57+PMB!P72*0.08+RBay!P72*0.06+'Port Shepstone'!P72*0.03+Other!P72*0.03)/71*100 -> 22.524415 | S72: =S71+R72 -> 99.999155
A74: New technology/R&D/Training? (1= least important & 10 = critical important)
A75: 1 | D75: =(Durban!B75*0.57+PMB!B75*0.08+RBay!B75*0.06+'Port Shepstone'!B75*0.03+Other!B75*0.03)/71*100 -> 0.52394366 | E75: =D75 -> 0.52394366 | F75: =(Durban!D75*0.57+PMB!D75*0.08+RBay!D75*0.06+'Port Shepstone'!D75*0.03+Other!D75*0.03)/71*100 -> 0 | G75: =F75 -> 0 | H75: =(Durban!F75*0.57+PMB!F75*0.08+RBay!F75*0.06+'Port Shepstone'!F75*0.03+Other!F75*0.03)/71*100 -> 1.2830986 | I75: =H75 -> 1.2830986 | J75: =(Durban!H75*0.57+PMB!H75*0.08+RBay!H75*0.06+'Port Shepstone'!H75*0.03+Other!H75*0.03)/71*100 -> 0.56619718 | K75: =J75 -> 0.56619718 | L75: =(Durban!J75*0.57+PMB!J75*0.08+RBay!J75*0.06+'Port Shepstone'!J75*0.03+Other!J75*0.03)/71*100 -> 0.36056338 | M75: =L75 -> 0.36056338 | N75: =(Durban!L75*0.57+PMB!L75*0.08+RBay!L75*0.06+'Port Shepstone'!L75*0.03+Other!L75*0.03)/71*100 -> 0.76901408 | O75: =N75 -> 0.76901408 | P75: =(Durban!N75*0.57+PMB!N75*0.08+RBay!N75*0.06+'Port Shepstone'!N75*0.03+Other!N75*0.03)/71*100 -> 2.4084507 | Q75: =P75 -> 2.4084507 | R75: =(Durban!P75*0.57+PMB!P75*0.08+RBay!P75*0.06+'Port Shepstone'!P75*0.03+Other!P75*0.03)/71*100 -> 0.19426906 | S75: =R75 -> 0.19426906
A76: 2 | D76: =(Durban!B76*0.57+PMB!B76*0.08+RBay!B76*0.06+'Port Shepstone'!B76*0.03+Other!B76*0.03)/71*100 -> 3.3042254 | E76: =E75+D76 -> 3.828169 | F76: =(Durban!D76*0.57+PMB!D76*0.08+RBay!D76*0.06+'Port Shepstone'!D76*0.03+Other!D76*0.03)/71*100 -> 4.0309859 | G76: =G75+F76 -> 4.0309859 | H76: =(Durban!F76*0.57+PMB!F76*0.08+RBay!F76*0.06+'Port Shepstone'!F76*0.03+Other!F76*0.03)/71*100 -> 3.9450704 | I76: =I75+H76 -> 5.228169 | J76: =(Durban!H76*0.57+PMB!H76*0.08+RBay!H76*0.06+'Port Shepstone'!H76*0.03+Other!H76*0.03)/71*100 -> 4.2535211 | K76: =K75+J76 -> 4.8197183 | L76: =(Durban!J76*0.57+PMB!J76*0.08+RBay!J76*0.06+'Port Shepstone'!J76*0.03+Other!J76*0.03)/71*100 -> 2.415493 | M76: =M75+L76 -> 2.7760563 | N76: =(Durban!L76*0.57+PMB!L76*0.08+RBay!L76*0.06+'Port Shepstone'!L76*0.03+Other!L76*0.03)/71*100 -> 1.1197183 | O76: =O75+N76 -> 1.8887324 | P76: =(Durban!N76*0.57+PMB!N76*0.08+RBay!N76*0.06+'Port Shepstone'!N76*0.03+Other!N76*0.03)/71*100 -> 0.8028169 | Q76: =Q75+P76 -> 3.2112676 | R76: =(Durban!P76*0.57+PMB!P76*0.08+RBay!P76*0.06+'Port Shepstone'!P76*0.03+Other!P76*0.03)/71*100 -> 5.7321127 | S76: =S75+R76 -> 5.9263817
A77: 3 | D77: =(Durban!B77*0.57+PMB!B77*0.08+RBay!B77*0.06+'Port Shepstone'!B77*0.03+Other!B77*0.03)/71*100 -> 1.8422535 | E77: =E76+D77 -> 5.6704225 | F77: =(Durban!D77*0.57+PMB!D77*0.08+RBay!D77*0.06+'Port Shepstone'!D77*0.03+Other!D77*0.03)/71*100 -> 3 | G77: =G76+F77 -> 7.0309859 | H77: =(Durban!F77*0.57+PMB!F77*0.08+RBay!F77*0.06+'Port Shepstone'!F77*0.03+Other!F77*0.03)/71*100 -> 2.7985915 | I77: =I76+H77 -> 8.0267606 | J77: =(Durban!H77*0.57+PMB!H77*0.08+RBay!H77*0.06+'Port Shepstone'!H77*0.03+Other!H77*0.03)/71*100 -> 2.4084507 | K77: =K76+J77 -> 7.228169 | L77: =(Durban!J77*0.57+PMB!J77*0.08+RBay!J77*0.06+'Port Shepstone'!J77*0.03+Other!J77*0.03)/71*100 -> 3.8929577 | M77: =M76+L77 -> 6.6690141 | N77: =(Durban!L77*0.57+PMB!L77*0.08+RBay!L77*0.06+'Port Shepstone'!L77*0.03+Other!L77*0.03)/71*100 -> 6.0197183 | O77: =O76+N77 -> 7.9084507 | P77: =(Durban!N77*0.57+PMB!N77*0.08+RBay!N77*0.06+'Port Shepstone'!N77*0.03+Other!N77*0.03)/71*100 -> 3.971831 | Q77: =Q76+P77 -> 7.1830986 | R77: =(Durban!P77*0.57+PMB!P77*0.08+RBay!P77*0.06+'Port Shepstone'!P77*0.03+Other!P77*0.03)/71*100 -> 6.9397183 | S77: =S76+R77 -> 12.8661
A78: 4 | D78: =(Durban!B78*0.57+PMB!B78*0.08+RBay!B78*0.06+'Port Shepstone'!B78*0.03+Other!B78*0.03)/71*100 -> 0.82394366 | E78: =E77+D78 -> 6.4943662 | F78: =(Durban!D78*0.57+PMB!D78*0.08+RBay!D78*0.06+'Port Shepstone'!D78*0.03+Other!D78*0.03)/71*100 -> 2.2901408 | G78: =G77+F78 -> 9.3211268 | H78: =(Durban!F78*0.57+PMB!F78*0.08+RBay!F78*0.06+'Port Shepstone'!F78*0.03+Other!F78*0.03)/71*100 -> 4.0985915 | I78: =I77+H78 -> 12.125352 | J78: =(Durban!H78*0.57+PMB!H78*0.08+RBay!H78*0.06+'Port Shepstone'!H78*0.03+Other!H78*0.03)/71*100 -> 6.743662 | K78: =K77+J78 -> 13.971831 | L78: =(Durban!J78*0.57+PMB!J78*0.08+RBay!J78*0.06+'Port Shepstone'!J78*0.03+Other!J78*0.03)/71*100 -> 5.2098592 | M78: =M77+L78 -> 11.878873 | N78: =(Durban!L78*0.57+PMB!L78*0.08+RBay!L78*0.06+'Port Shepstone'!L78*0.03+Other!L78*0.03)/71*100 -> 6.4380282 | O78: =O77+N78 -> 14.346479 | P78: =(Durban!N78*0.57+PMB!N78*0.08+RBay!N78*0.06+'Port Shepstone'!N78*0.03+Other!N78*0.03)/71*100 -> 4.915493 | Q78: =Q77+P78 -> 12.098592 | R78: =(Durban!P78*0.57+PMB!P78*0.08+RBay!P78*0.06+'Port Shepstone'!P78*0.03+Other!P78*0.03)/71*100 -> 6.3149199 | S78: =S77+R78 -> 19.18102
A79: 5 | D79: =(Durban!B79*0.57+PMB!B79*0.08+RBay!B79*0.06+'Port Shepstone'!B79*0.03+Other!B79*0.03)/71*100 -> 8.7957746 | E79: =E78+D79 -> 15.290141 | F79: =(Durban!D79*0.57+PMB!D79*0.08+RBay!D79*0.06+'Port Shepstone'!D79*0.03+Other!D79*0.03)/71*100 -> 6.9661972 | G79: =G78+F79 -> 16.287324 | H79: =(Durban!F79*0.57+PMB!F79*0.08+RBay!F79*0.06+'Port Shepstone'!F79*0.03+Other!F79*0.03)/71*100 -> 10.476056 | I79: =I78+H79 -> 22.601408 | J79: =(Durban!H79*0.57+PMB!H79*0.08+RBay!H79*0.06+'Port Shepstone'!H79*0.03+Other!H79*0.03)/71*100 -> 15.819718 | K79: =K78+J79 -> 29.791549 | L79: =(Durban!J79*0.57+PMB!J79*0.08+RBay!J79*0.06+'Port Shepstone'!J79*0.03+Other!J79*0.03)/71*100 -> 6.5732394 | M79: =M78+L79 -> 18.452113 | N79: =(Durban!L79*0.57+PMB!L79*0.08+RBay!L79*0.06+'Port Shepstone'!L79*0.03+Other!L79*0.03)/71*100 -> 6.4 | O79: =O78+N79 -> 20.746479 | P79: =(Durban!N79*0.57+PMB!N79*0.08+RBay!N79*0.06+'Port Shepstone'!N79*0.03+Other!N79*0.03)/71*100 -> 12.802817 | Q79: =Q78+P79 -> 24.901408 | R79: =(Durban!P79*0.57+PMB!P79*0.08+RBay!P79*0.06+'Port Shepstone'!P79*0.03+Other!P79*0.03)/71*100 -> 19.383317 | S79: =S78+R79 -> 38.564337
A80: 6 | D80: =(Durban!B80*0.57+PMB!B80*0.08+RBay!B80*0.06+'Port Shepstone'!B80*0.03+Other!B80*0.03)/71*100 -> 5.5873239 | E80: =E79+D80 -> 20.877465 | F80: =(Durban!D80*0.57+PMB!D80*0.08+RBay!D80*0.06+'Port Shepstone'!D80*0.03+Other!D80*0.03)/71*100 -> 5.7253521 | G80: =G79+F80 -> 22.012676 | H80: =(Durban!F80*0.57+PMB!F80*0.08+RBay!F80*0.06+'Port Shepstone'!F80*0.03+Other!F80*0.03)/71*100 -> 8.0591549 | I80: =I79+H80 -> 30.660563 | J80: =(Durban!H80*0.57+PMB!H80*0.08+RBay!H80*0.06+'Port Shepstone'!H80*0.03+Other!H80*0.03)/71*100 -> 2.7295775 | K80: =K79+J80 -> 32.521127 | L80: =(Durban!J80*0.57+PMB!J80*0.08+RBay!J80*0.06+'Port Shepstone'!J80*0.03+Other!J80*0.03)/71*100 -> 7.0521127 | M80: =M79+L80 -> 25.504225 | N80: =(Durban!L80*0.57+PMB!L80*0.08+RBay!L80*0.06+'Port Shepstone'!L80*0.03+Other!L80*0.03)/71*100 -> 7.5197183 | O80: =O79+N80 -> 28.266197 | P80: =(Durban!N80*0.57+PMB!N80*0.08+RBay!N80*0.06+'Port Shepstone'!N80*0.03+Other!N80*0.03)/71*100 -> 10.338028 | Q80: =Q79+P80 -> 35.239437 | R80: =(Durban!P80*0.57+PMB!P80*0.08+RBay!P80*0.06+'Port Shepstone'!P80*0.03+Other!P80*0.03)/71*100 -> 6.7240311 | S80: =S79+R80 -> 45.288368
A81: 7 | D81: =(Durban!B81*0.57+PMB!B81*0.08+RBay!B81*0.06+'Port Shepstone'!B81*0.03+Other!B81*0.03)/71*100 -> 21.309859 | E81: =E80+D81 -> 42.187324 | F81: =(Durban!D81*0.57+PMB!D81*0.08+RBay!D81*0.06+'Port Shepstone'!D81*0.03+Other!D81*0.03)/71*100 -> 11.530986 | G81: =G80+F81 -> 33.543662 | H81: =(Durban!F81*0.57+PMB!F81*0.08+RBay!F81*0.06+'Port Shepstone'!F81*0.03+Other!F81*0.03)/71*100 -> 15.525352 | I81: =I80+H81 -> 46.185915 | J81: =(Durban!H81*0.57+PMB!H81*0.08+RBay!H81*0.06+'Port Shepstone'!H81*0.03+Other!H81*0.03)/71*100 -> 13.971831 | K81: =K80+J81 -> 46.492958 | L81: =(Durban!J81*0.57+PMB!J81*0.08+RBay!J81*0.06+'Port Shepstone'!J81*0.03+Other!J81*0.03)/71*100 -> 18.691549 | M81: =M80+L81 -> 44.195775 | N81: =(Durban!L81*0.57+PMB!L81*0.08+RBay!L81*0.06+'Port Shepstone'!L81*0.03+Other!L81*0.03)/71*100 -> 20.070423 | O81: =O80+N81 -> 48.33662 | P81: =(Durban!N81*0.57+PMB!N81*0.08+RBay!N81*0.06+'Port Shepstone'!N81*0.03+Other!N81*0.03)/71*100 -> 10.521127 | Q81: =Q80+P81 -> 45.760563 | R81: =(Durban!P81*0.57+PMB!P81*0.08+RBay!P81*0.06+'Port Shepstone'!P81*0.03+Other!P81*0.03)/71*100 -> 7.6953764 | S81: =S80+R81 -> 52.983745
A82: 8 | D82: =(Durban!B82*0.57+PMB!B82*0.08+RBay!B82*0.06+'Port Shepstone'!B82*0.03+Other!B82*0.03)/71*100 -> 22.361972 | E82: =E81+D82 -> 64.549296 | F82: =(Durban!D82*0.57+PMB!D82*0.08+RBay!D82*0.06+'Port Shepstone'!D82*0.03+Other!D82*0.03)/71*100 -> 25.016901 | G82: =G81+F82 -> 58.560563 | H82: =(Durban!F82*0.57+PMB!F82*0.08+RBay!F82*0.06+'Port Shepstone'!F82*0.03+Other!F82*0.03)/71*100 -> 20.930986 | I82: =I81+H82 -> 67.116901 | J82: =(Durban!H82*0.57+PMB!H82*0.08+RBay!H82*0.06+'Port Shepstone'!H82*0.03+Other!H82*0.03)/71*100 -> 27.96338 | K82: =K81+J82 -> 74.456338 | L82: =(Durban!J82*0.57+PMB!J82*0.08+RBay!J82*0.06+'Port Shepstone'!J82*0.03+Other!J82*0.03)/71*100 -> 22.73662 | M82: =M81+L82 -> 66.932394 | N82: =(Durban!L82*0.57+PMB!L82*0.08+RBay!L82*0.06+'Port Shepstone'!L82*0.03+Other!L82*0.03)/71*100 -> 25.264789 | O82: =O81+N82 -> 73.601408 | P82: =(Durban!N82*0.57+PMB!N82*0.08+RBay!N82*0.06+'Port Shepstone'!N82*0.03+Other!N82*0.03)/71*100 -> 23.605634 | Q82: =Q81+P82 -> 69.366197 | R82: =(Durban!P82*0.57+PMB!P82*0.08+RBay!P82*0.06+'Port Shepstone'!P82*0.03+Other!P82*0.03)/71*100 -> 16.759509 | S82: =S81+R82 -> 69.743254
A83: 9 | D83: =(Durban!B83*0.57+PMB!B83*0.08+RBay!B83*0.06+'Port Shepstone'!B83*0.03+Other!B83*0.03)/71*100 -> 7.3056338 | E83: =E82+D83 -> 71.85493 | F83: =(Durban!D83*0.57+PMB!D83*0.08+RBay!D83*0.06+'Port Shepstone'!D83*0.03+Other!D83*0.03)/71*100 -> 17.139437 | G83: =G82+F83 -> 75.7 | H83: =(Durban!F83*0.57+PMB!F83*0.08+RBay!F83*0.06+'Port Shepstone'!F83*0.03+Other!F83*0.03)/71*100 -> 16.5 | I83: =I82+H83 -> 83.616901 | J83: =(Durban!H83*0.57+PMB!H83*0.08+RBay!H83*0.06+'Port Shepstone'!H83*0.03+Other!H83*0.03)/71*100 -> 6.4676056 | K83: =K82+J83 -> 80.923944 | L83: =(Durban!J83*0.57+PMB!J83*0.08+RBay!J83*0.06+'Port Shepstone'!J83*0.03+Other!J83*0.03)/71*100 -> 6.8690141 | M83: =M82+L83 -> 73.801408 | N83: =(Durban!L83*0.57+PMB!L83*0.08+RBay!L83*0.06+'Port Shepstone'!L83*0.03+Other!L83*0.03)/71*100 -> 12.892958 | O83: =O82+N83 -> 86.494366 | P83: =(Durban!N83*0.57+PMB!N83*0.08+RBay!N83*0.06+'Port Shepstone'!N83*0.03+Other!N83*0.03)/71*100 -> 14.450704 | Q83: =Q82+P83 -> 83.816901 | R83: =(Durban!P83*0.57+PMB!P83*0.08+RBay!P83*0.06+'Port Shepstone'!P83*0.03+Other!P83*0.03)/71*100 -> 13.845474 | S83: =S82+R83 -> 83.588728
A84: 10 | D84: =(Durban!B84*0.57+PMB!B84*0.08+RBay!B84*0.06+'Port Shepstone'!B84*0.03+Other!B84*0.03)/71*100 -> 36.595775 | E84: =E83+D84 -> 108.4507 | F84: =(Durban!D84*0.57+PMB!D84*0.08+RBay!D84*0.06+'Port Shepstone'!D84*0.03+Other!D84*0.03)/71*100 -> 32.750704 | G84: =G83+F84 -> 108.4507 | H84: =(Durban!F84*0.57+PMB!F84*0.08+RBay!F84*0.06+'Port Shepstone'!F84*0.03+Other!F84*0.03)/71*100 -> 24.833803 | I84: =I83+H84 -> 108.4507 | J84: =(Durban!H84*0.57+PMB!H84*0.08+RBay!H84*0.06+'Port Shepstone'!H84*0.03+Other!H84*0.03)/71*100 -> 19.076056 | K84: =K83+J84 -> 100 | L84: =(Durban!J84*0.57+PMB!J84*0.08+RBay!J84*0.06+'Port Shepstone'!J84*0.03+Other!J84*0.03)/71*100 -> 26.267606 | M84: =M83+L84 -> 100.06901 | N84: =(Durban!L84*0.57+PMB!L84*0.08+RBay!L84*0.06+'Port Shepstone'!L84*0.03+Other!L84*0.03)/71*100 -> 13.577465 | O84: =O83+N84 -> 100.07183 | P84: =(Durban!N84*0.57+PMB!N84*0.08+RBay!N84*0.06+'Port Shepstone'!N84*0.03+Other!N84*0.03)/71*100 -> 17.098592 | Q84: =Q83+P84 -> 100.91549 | R84: =(Durban!P84*0.57+PMB!P84*0.08+RBay!P84*0.06+'Port Shepstone'!P84*0.03+Other!P84*0.03)/71*100 -> 16.412118 | S84: =S83+R84 -> 100.00085
A86: Rates and Taxes? (1= least important & 10 = critical important)
A87: 1 | D87: =(Durban!B87*0.57+PMB!B87*0.08+RBay!B87*0.06+'Port Shepstone'!B87*0.03+Other!B87*0.03)/71*100 -> 3.2746479 | E87: =D87 -> 3.2746479 | F87: =(Durban!D87*0.57+PMB!D87*0.08+RBay!D87*0.06+'Port Shepstone'!D87*0.03+Other!D87*0.03)/71*100 -> 0 | G87: =F87 -> 0 | H87: =(Durban!F87*0.57+PMB!F87*0.08+RBay!F87*0.06+'Port Shepstone'!F87*0.03+Other!F87*0.03)/71*100 -> 2.6309859 | I87: =H87 -> 2.6309859 | J87: =(Durban!H87*0.57+PMB!H87*0.08+RBay!H87*0.06+'Port Shepstone'!H87*0.03+Other!H87*0.03)/71*100 -> 3.7774648 | K87: =J87 -> 3.7774648 | L87: =(Durban!J87*0.57+PMB!J87*0.08+RBay!J87*0.06+'Port Shepstone'!J87*0.03+Other!J87*0.03)/71*100 -> 0.94647887 | M87: =L87 -> 0.94647887 | N87: =(Durban!L87*0.57+PMB!L87*0.08+RBay!L87*0.06+'Port Shepstone'!L87*0.03+Other!L87*0.03)/71*100 -> 1.5 | O87: =N87 -> 1.5 | P87: =(Durban!N87*0.57+PMB!N87*0.08+RBay!N87*0.06+'Port Shepstone'!N87*0.03+Other!N87*0.03)/71*100 -> 2.7464789 | Q87: =P87 -> 2.7464789 | R87: =(Durban!P87*0.57+PMB!P87*0.08+RBay!P87*0.06+'Port Shepstone'!P87*0.03+Other!P87*0.03)/71*100 -> 0.19426906 | S87: =R87 -> 0.19426906
A88: 2 | D88: =(Durban!B88*0.57+PMB!B88*0.08+RBay!B88*0.06+'Port Shepstone'!B88*0.03+Other!B88*0.03)/71*100 -> 1.9464789 | E88: =E87+D88 -> 5.2211268 | F88: =(Durban!D88*0.57+PMB!D88*0.08+RBay!D88*0.06+'Port Shepstone'!D88*0.03+Other!D88*0.03)/71*100 -> 2.8140845 | G88: =G87+F88 -> 2.8140845 | H88: =(Durban!F88*0.57+PMB!F88*0.08+RBay!F88*0.06+'Port Shepstone'!F88*0.03+Other!F88*0.03)/71*100 -> 2.9704225 | I88: =I87+H88 -> 5.6014085 | J88: =(Durban!H88*0.57+PMB!H88*0.08+RBay!H88*0.06+'Port Shepstone'!H88*0.03+Other!H88*0.03)/71*100 -> 4.9577465 | K88: =K87+J88 -> 8.7352113 | L88: =(Durban!J88*0.57+PMB!J88*0.08+RBay!J88*0.06+'Port Shepstone'!J88*0.03+Other!J88*0.03)/71*100 -> 1.0704225 | M88: =M87+L88 -> 2.0169014 | N88: =(Durban!L88*0.57+PMB!L88*0.08+RBay!L88*0.06+'Port Shepstone'!L88*0.03+Other!L88*0.03)/71*100 -> 0.23661972 | O88: =O87+N88 -> 1.7366197 | P88: =(Durban!N88*0.57+PMB!N88*0.08+RBay!N88*0.06+'Port Shepstone'!N88*0.03+Other!N88*0.03)/71*100 -> 1.1408451 | Q88: =Q87+P88 -> 3.8873239 | R88: =(Durban!P88*0.57+PMB!P88*0.08+RBay!P88*0.06+'Port Shepstone'!P88*0.03+Other!P88*0.03)/71*100 -> 0.19426906 | S88: =S87+R88 -> 0.38853813
A89: 3 | D89: =(Durban!B89*0.57+PMB!B89*0.08+RBay!B89*0.06+'Port Shepstone'!B89*0.03+Other!B89*0.03)/71*100 -> 5.9915493 | E89: =E88+D89 -> 11.212676 | F89: =(Durban!D89*0.57+PMB!D89*0.08+RBay!D89*0.06+'Port Shepstone'!D89*0.03+Other!D89*0.03)/71*100 -> 2.8183099 | G89: =G88+F89 -> 5.6323944 | H89: =(Durban!F89*0.57+PMB!F89*0.08+RBay!F89*0.06+'Port Shepstone'!F89*0.03+Other!F89*0.03)/71*100 -> 2.8183099 | I89: =I88+H89 -> 8.4197183 | J89: =(Durban!H89*0.57+PMB!H89*0.08+RBay!H89*0.06+'Port Shepstone'!H89*0.03+Other!H89*0.03)/71*100 -> 6.4676056 | K89: =K88+J89 -> 15.202817 | L89: =(Durban!J89*0.57+PMB!J89*0.08+RBay!J89*0.06+'Port Shepstone'!J89*0.03+Other!J89*0.03)/71*100 -> 12.261972 | M89: =M88+L89 -> 14.278873 | N89: =(Durban!L89*0.57+PMB!L89*0.08+RBay!L89*0.06+'Port Shepstone'!L89*0.03+Other!L89*0.03)/71*100 -> 6.8732394 | O89: =O88+N89 -> 8.6098592 | P89: =(Durban!N89*0.57+PMB!N89*0.08+RBay!N89*0.06+'Port Shepstone'!N89*0.03+Other!N89*0.03)/71*100 -> 4.7183099 | Q89: =Q88+P89 -> 8.6056338 | R89: =(Durban!P89*0.57+PMB!P89*0.08+RBay!P89*0.06+'Port Shepstone'!P89*0.03+Other!P89*0.03)/71*100 -> 0.19426906 | S89: =S88+R89 -> 0.58280719
A90: 4 | D90: =(Durban!B90*0.57+PMB!B90*0.08+RBay!B90*0.06+'Port Shepstone'!B90*0.03+Other!B90*0.03)/71*100 -> 3.0338028 | E90: =E89+D90 -> 14.246479 | F90: =(Durban!D90*0.57+PMB!D90*0.08+RBay!D90*0.06+'Port Shepstone'!D90*0.03+Other!D90*0.03)/71*100 -> 1.284507 | G90: =G89+F90 -> 6.9169014 | H90: =(Durban!F90*0.57+PMB!F90*0.08+RBay!F90*0.06+'Port Shepstone'!F90*0.03+Other!F90*0.03)/71*100 -> 4.2760563 | I90: =I89+H90 -> 12.695775 | J90: =(Durban!H90*0.57+PMB!H90*0.08+RBay!H90*0.06+'Port Shepstone'!H90*0.03+Other!H90*0.03)/71*100 -> 6.743662 | K90: =K89+J90 -> 21.946479 | L90: =(Durban!J90*0.57+PMB!J90*0.08+RBay!J90*0.06+'Port Shepstone'!J90*0.03+Other!J90*0.03)/71*100 -> 3.9647887 | M90: =M89+L90 -> 18.243662 | N90: =(Durban!L90*0.57+PMB!L90*0.08+RBay!L90*0.06+'Port Shepstone'!L90*0.03+Other!L90*0.03)/71*100 -> 7.1873239 | O90: =O89+N90 -> 15.797183 | P90: =(Durban!N90*0.57+PMB!N90*0.08+RBay!N90*0.06+'Port Shepstone'!N90*0.03+Other!N90*0.03)/71*100 -> 1.3661972 | Q90: =Q89+P90 -> 9.971831 | R90: =(Durban!P90*0.57+PMB!P90*0.08+RBay!P90*0.06+'Port Shepstone'!P90*0.03+Other!P90*0.03)/71*100 -> 0.19426906 | S90: =S89+R90 -> 0.77707625
A91: 5 | D91: =(Durban!B91*0.57+PMB!B91*0.08+RBay!B91*0.06+'Port Shepstone'!B91*0.03+Other!B91*0.03)/71*100 -> 10.614085 | E91: =E90+D91 -> 24.860563 | F91: =(Durban!D91*0.57+PMB!D91*0.08+RBay!D91*0.06+'Port Shepstone'!D91*0.03+Other!D91*0.03)/71*100 -> 7.7661972 | G91: =G90+F91 -> 14.683099 | H91: =(Durban!F91*0.57+PMB!F91*0.08+RBay!F91*0.06+'Port Shepstone'!F91*0.03+Other!F91*0.03)/71*100 -> 12.816901 | I91: =I90+H91 -> 25.512676 | J91: =(Durban!H91*0.57+PMB!H91*0.08+RBay!H91*0.06+'Port Shepstone'!H91*0.03+Other!H91*0.03)/71*100 -> 13.135211 | K91: =K90+J91 -> 35.08169 | L91: =(Durban!J91*0.57+PMB!J91*0.08+RBay!J91*0.06+'Port Shepstone'!J91*0.03+Other!J91*0.03)/71*100 -> 1.7492958 | M91: =M90+L91 -> 19.992958 | N91: =(Durban!L91*0.57+PMB!L91*0.08+RBay!L91*0.06+'Port Shepstone'!L91*0.03+Other!L91*0.03)/71*100 -> 6.5971831 | O91: =O90+N91 -> 22.394366 | P91: =(Durban!N91*0.57+PMB!N91*0.08+RBay!N91*0.06+'Port Shepstone'!N91*0.03+Other!N91*0.03)/71*100 -> 16.394366 | Q91: =Q90+P91 -> 26.366197 | R91: =(Durban!P91*0.57+PMB!P91*0.08+RBay!P91*0.06+'Port Shepstone'!P91*0.03+Other!P91*0.03)/71*100 -> 7.7167946 | S91: =S90+R91 -> 8.4938708
A92: 6 | D92: =(Durban!B92*0.57+PMB!B92*0.08+RBay!B92*0.06+'Port Shepstone'!B92*0.03+Other!B92*0.03)/71*100 -> 9.8788732 | E92: =E91+D92 -> 34.739437 | F92: =(Durban!D92*0.57+PMB!D92*0.08+RBay!D92*0.06+'Port Shepstone'!D92*0.03+Other!D92*0.03)/71*100 -> 8.8309859 | G92: =G91+F92 -> 23.514085 | H92: =(Durban!F92*0.57+PMB!F92*0.08+RBay!F92*0.06+'Port Shepstone'!F92*0.03+Other!F92*0.03)/71*100 -> 6.7295775 | I92: =I91+H92 -> 32.242254 | J92: =(Durban!H92*0.57+PMB!H92*0.08+RBay!H92*0.06+'Port Shepstone'!H92*0.03+Other!H92*0.03)/71*100 -> 6.3690141 | K92: =K91+J92 -> 41.450704 | L92: =(Durban!J92*0.57+PMB!J92*0.08+RBay!J92*0.06+'Port Shepstone'!J92*0.03+Other!J92*0.03)/71*100 -> 9.743662 | M92: =M91+L92 -> 29.73662 | N92: =(Durban!L92*0.57+PMB!L92*0.08+RBay!L92*0.06+'Port Shepstone'!L92*0.03+Other!L92*0.03)/71*100 -> 7.5098592 | O92: =O91+N92 -> 29.904225 | P92: =(Durban!N92*0.57+PMB!N92*0.08+RBay!N92*0.06+'Port Shepstone'!N92*0.03+Other!N92*0.03)/71*100 -> 9.8732394 | Q92: =Q91+P92 -> 36.239437 | R92: =(Durban!P92*0.57+PMB!P92*0.08+RBay!P92*0.06+'Port Shepstone'!P92*0.03+Other!P92*0.03)/71*100 -> 15.440772 | S92: =S91+R92 -> 23.934643
A93: 7 | D93: =(Durban!B93*0.57+PMB!B93*0.08+RBay!B93*0.06+'Port Shepstone'!B93*0.03+Other!B93*0.03)/71*100 -> 10.288732 | E93: =E92+D93 -> 45.028169 | F93: =(Durban!D93*0.57+PMB!D93*0.08+RBay!D93*0.06+'Port Shepstone'!D93*0.03+Other!D93*0.03)/71*100 -> 12.25493 | G93: =G92+F93 -> 35.769014 | H93: =(Durban!F93*0.57+PMB!F93*0.08+RBay!F93*0.06+'Port Shepstone'!F93*0.03+Other!F93*0.03)/71*100 -> 15.164789 | I93: =I92+H93 -> 47.407042 | J93: =(Durban!H93*0.57+PMB!H93*0.08+RBay!H93*0.06+'Port Shepstone'!H93*0.03+Other!H93*0.03)/71*100 -> 12.791549 | K93: =K92+J93 -> 54.242254 | L93: =(Durban!J93*0.57+PMB!J93*0.08+RBay!J93*0.06+'Port Shepstone'!J93*0.03+Other!J93*0.03)/71*100 -> 11.932394 | M93: =M92+L93 -> 41.669014 | N93: =(Durban!L93*0.57+PMB!L93*0.08+RBay!L93*0.06+'Port Shepstone'!L93*0.03+Other!L93*0.03)/71*100 -> 9.0492958 | O93: =O92+N93 -> 38.953521 | P93: =(Durban!N93*0.57+PMB!N93*0.08+RBay!N93*0.06+'Port Shepstone'!N93*0.03+Other!N93*0.03)/71*100 -> 22.816901 | Q93: =Q92+P93 -> 59.056338 | R93: =(Durban!P93*0.57+PMB!P93*0.08+RBay!P93*0.06+'Port Shepstone'!P93*0.03+Other!P93*0.03)/71*100 -> 26.475313 | S93: =S92+R93 -> 50.409956
A94: 8 | D94: =(Durban!B94*0.57+PMB!B94*0.08+RBay!B94*0.06+'Port Shepstone'!B94*0.03+Other!B94*0.03)/71*100 -> 8.2535211 | E94: =E93+D94 -> 53.28169 | F94: =(Durban!D94*0.57+PMB!D94*0.08+RBay!D94*0.06+'Port Shepstone'!D94*0.03+Other!D94*0.03)/71*100 -> 24.380282 | G94: =G93+F94 -> 60.149296 | H94: =(Durban!F94*0.57+PMB!F94*0.08+RBay!F94*0.06+'Port Shepstone'!F94*0.03+Other!F94*0.03)/71*100 -> 20.843662 | I94: =I93+H94 -> 68.250704 | J94: =(Durban!H94*0.57+PMB!H94*0.08+RBay!H94*0.06+'Port Shepstone'!H94*0.03+Other!H94*0.03)/71*100 -> 21.816901 | K94: =K93+J94 -> 76.059155 | L94: =(Durban!J94*0.57+PMB!J94*0.08+RBay!J94*0.06+'Port Shepstone'!J94*0.03+Other!J94*0.03)/71*100 -> 16.073239 | M94: =M93+L94 -> 57.742254 | N94: =(Durban!L94*0.57+PMB!L94*0.08+RBay!L94*0.06+'Port Shepstone'!L94*0.03+Other!L94*0.03)/71*100 -> 17.194366 | O94: =O93+N94 -> 56.147887 | P94: =(Durban!N94*0.57+PMB!N94*0.08+RBay!N94*0.06+'Port Shepstone'!N94*0.03+Other!N94*0.03)/71*100 -> 14.830986 | Q94: =Q93+P94 -> 73.887324 | R94: =(Durban!P94*0.57+PMB!P94*0.08+RBay!P94*0.06+'Port Shepstone'!P94*0.03+Other!P94*0.03)/71*100 -> 14.816819 | S94: =S93+R94 -> 65.226775
A95: 9 | D95: =(Durban!B95*0.57+PMB!B95*0.08+RBay!B95*0.06+'Port Shepstone'!B95*0.03+Other!B95*0.03)/71*100 -> 12.987324 | E95: =E94+D95 -> 66.269014 | F95: =(Durban!D95*0.57+PMB!D95*0.08+RBay!D95*0.06+'Port Shepstone'!D95*0.03+Other!D95*0.03)/71*100 -> 27.238028 | G95: =G94+F95 -> 87.387324 | H95: =(Durban!F95*0.57+PMB!F95*0.08+RBay!F95*0.06+'Port Shepstone'!F95*0.03+Other!F95*0.03)/71*100 -> 11.807042 | I95: =I94+H95 -> 80.057746 | J95: =(Durban!H95*0.57+PMB!H95*0.08+RBay!H95*0.06+'Port Shepstone'!H95*0.03+Other!H95*0.03)/71*100 -> 10.577465 | K95: =K94+J95 -> 86.63662 | L95: =(Durban!J95*0.57+PMB!J95*0.08+RBay!J95*0.06+'Port Shepstone'!J95*0.03+Other!J95*0.03)/71*100 -> 17.573239 | M95: =M94+L95 -> 75.315493 | N95: =(Durban!L95*0.57+PMB!L95*0.08+RBay!L95*0.06+'Port Shepstone'!L95*0.03+Other!L95*0.03)/71*100 -> 18.077465 | O95: =O94+N95 -> 74.225352 | P95: =(Durban!N95*0.57+PMB!N95*0.08+RBay!N95*0.06+'Port Shepstone'!N95*0.03+Other!N95*0.03)/71*100 -> 12.549296 | Q95: =Q94+P95 -> 86.43662 | R95: =(Durban!P95*0.57+PMB!P95*0.08+RBay!P95*0.06+'Port Shepstone'!P95*0.03+Other!P95*0.03)/71*100 -> 7.4805342 | S95: =S94+R95 -> 72.707309
A96: 10 | D96: =(Durban!B96*0.57+PMB!B96*0.08+RBay!B96*0.06+'Port Shepstone'!B96*0.03+Other!B96*0.03)/71*100 -> 42.18169 | E96: =E95+D96 -> 108.4507 | F96: =(Durban!D96*0.57+PMB!D96*0.08+RBay!D96*0.06+'Port Shepstone'!D96*0.03+Other!D96*0.03)/71*100 -> 21.06338 | G96: =G95+F96 -> 108.4507 | H96: =(Durban!F96*0.57+PMB!F96*0.08+RBay!F96*0.06+'Port Shepstone'!F96*0.03+Other!F96*0.03)/71*100 -> 28.392958 | I96: =I95+H96 -> 108.4507 | J96: =(Durban!H96*0.57+PMB!H96*0.08+RBay!H96*0.06+'Port Shepstone'!H96*0.03+Other!H96*0.03)/71*100 -> 13.371831 | K96: =K95+J96 -> 100.00845 | L96: =(Durban!J96*0.57+PMB!J96*0.08+RBay!J96*0.06+'Port Shepstone'!J96*0.03+Other!J96*0.03)/71*100 -> 24.692958 | M96: =M95+L96 -> 100.00845 | N96: =(Durban!L96*0.57+PMB!L96*0.08+RBay!L96*0.06+'Port Shepstone'!L96*0.03+Other!L96*0.03)/71*100 -> 25.826761 | O96: =O95+N96 -> 100.05211 | P96: =(Durban!N96*0.57+PMB!N96*0.08+RBay!N96*0.06+'Port Shepstone'!N96*0.03+Other!N96*0.03)/71*100 -> 13.788732 | Q96: =Q95+P96 -> 100.22535 | R96: =(Durban!P96*0.57+PMB!P96*0.08+RBay!P96*0.06+'Port Shepstone'!P96*0.03+Other!P96*0.03)/71*100 -> 27.293536 | S96: =S95+R96 -> 100.00085
A98: Cost of money? (1= least important & 10 = critical important)
A99: 1 | D99: =(Durban!B99*0.57+PMB!B99*0.08+RBay!B99*0.06+'Port Shepstone'!B99*0.03+Other!B99*0.03)/71*100 -> 8.9704225 | E99: =D99 -> 8.9704225 | F99: =(Durban!D99*0.57+PMB!D99*0.08+RBay!D99*0.06+'Port Shepstone'!D99*0.03+Other!D99*0.03)/71*100 -> 0.24507042 | G99: =F99 -> 0.24507042 | H99: =(Durban!F99*0.57+PMB!F99*0.08+RBay!F99*0.06+'Port Shepstone'!F99*0.03+Other!F99*0.03)/71*100 -> 2.3788732 | I99: =H99 -> 2.3788732 | J99: =(Durban!H99*0.57+PMB!H99*0.08+RBay!H99*0.06+'Port Shepstone'!H99*0.03+Other!H99*0.03)/71*100 -> 1.6056338 | K99: =J99 -> 1.6056338 | L99: =(Durban!J99*0.57+PMB!J99*0.08+RBay!J99*0.06+'Port Shepstone'!J99*0.03+Other!J99*0.03)/71*100 -> 0.18028169 | M99: =L99 -> 0.18028169 | N99: =(Durban!L99*0.57+PMB!L99*0.08+RBay!L99*0.06+'Port Shepstone'!L99*0.03+Other!L99*0.03)/71*100 -> 0.86478873 | O99: =N99 -> 0.86478873 | P99: =(Durban!N99*0.57+PMB!N99*0.08+RBay!N99*0.06+'Port Shepstone'!N99*0.03+Other!N99*0.03)/71*100 -> 3.8169014 | Q99: =P99 -> 3.8169014 | R99: =(Durban!P99*0.57+PMB!P99*0.08+RBay!P99*0.06+'Port Shepstone'!P99*0.03+Other!P99*0.03)/71*100 -> 0 | S99: =R99 -> 0
A100: 2 | D100: =(Durban!B100*0.57+PMB!B100*0.08+RBay!B100*0.06+'Port Shepstone'!B100*0.03+Other!B100*0.03)/71*100 -> 2.1197183 | E100: =E99+D100 -> 11.090141 | F100: =(Durban!D100*0.57+PMB!D100*0.08+RBay!D100*0.06+'Port Shepstone'!D100*0.03+Other!D100*0.03)/71*100 -> 1.3647887 | G100: =G99+F100 -> 1.6098592 | H100: =(Durban!F100*0.57+PMB!F100*0.08+RBay!F100*0.06+'Port Shepstone'!F100*0.03+Other!F100*0.03)/71*100 -> 2.5267606 | I100: =I99+H100 -> 4.9056338 | J100: =(Durban!H100*0.57+PMB!H100*0.08+RBay!H100*0.06+'Port Shepstone'!H100*0.03+Other!H100*0.03)/71*100 -> 1.3690141 | K100: =K99+J100 -> 2.9746479 | L100: =(Durban!J100*0.57+PMB!J100*0.08+RBay!J100*0.06+'Port Shepstone'!J100*0.03+Other!J100*0.03)/71*100 -> 0.54084507 | M100: =M99+L100 -> 0.72112676 | N100: =(Durban!L100*0.57+PMB!L100*0.08+RBay!L100*0.06+'Port Shepstone'!L100*0.03+Other!L100*0.03)/71*100 -> 0.48450704 | O100: =O99+N100 -> 1.3492958 | P100: =(Durban!N100*0.57+PMB!N100*0.08+RBay!N100*0.06+'Port Shepstone'!N100*0.03+Other!N100*0.03)/71*100 -> 3.3943662 | Q100: =Q99+P100 -> 7.2112676 | R100: =(Durban!P100*0.57+PMB!P100*0.08+RBay!P100*0.06+'Port Shepstone'!P100*0.03+Other!P100*0.03)/71*100 -> 0.58280719 | S100: =S99+R100 -> 0.58280719
A101: 3 | D101: =(Durban!B101*0.57+PMB!B101*0.08+RBay!B101*0.06+'Port Shepstone'!B101*0.03+Other!B101*0.03)/71*100 -> 5.9323944 | E101: =E100+D101 -> 17.022535 | F101: =(Durban!D101*0.57+PMB!D101*0.08+RBay!D101*0.06+'Port Shepstone'!D101*0.03+Other!D101*0.03)/71*100 -> 1.8253521 | G101: =G100+F101 -> 3.4352113 | H101: =(Durban!F101*0.57+PMB!F101*0.08+RBay!F101*0.06+'Port Shepstone'!F101*0.03+Other!F101*0.03)/71*100 -> 1.9732394 | I101: =I100+H101 -> 6.8788732 | J101: =(Durban!H101*0.57+PMB!H101*0.08+RBay!H101*0.06+'Port Shepstone'!H101*0.03+Other!H101*0.03)/71*100 -> 3.2112676 | K101: =K100+J101 -> 6.1859155 | L101: =(Durban!J101*0.57+PMB!J101*0.08+RBay!J101*0.06+'Port Shepstone'!J101*0.03+Other!J101*0.03)/71*100 -> 0.58591549 | M101: =M100+L101 -> 1.3070423 | N101: =(Durban!L101*0.57+PMB!L101*0.08+RBay!L101*0.06+'Port Shepstone'!L101*0.03+Other!L101*0.03)/71*100 -> 1.7661972 | O101: =O100+N101 -> 3.115493 | P101: =(Durban!N101*0.57+PMB!N101*0.08+RBay!N101*0.06+'Port Shepstone'!N101*0.03+Other!N101*0.03)/71*100 -> 3.7323944 | Q101: =Q100+P101 -> 10.943662 | R101: =(Durban!P101*0.57+PMB!P101*0.08+RBay!P101*0.06+'Port Shepstone'!P101*0.03+Other!P101*0.03)/71*100 -> 6.3149199 | S101: =S100+R101 -> 6.8977271
A102: 4 | D102: =(Durban!B102*0.57+PMB!B102*0.08+RBay!B102*0.06+'Port Shepstone'!B102*0.03+Other!B102*0.03)/71*100 -> 0.53239437 | E102: =E101+D102 -> 17.55493 | F102: =(Durban!D102*0.57+PMB!D102*0.08+RBay!D102*0.06+'Port Shepstone'!D102*0.03+Other!D102*0.03)/71*100 -> 5.3112676 | G102: =G101+F102 -> 8.7464789 | H102: =(Durban!F102*0.57+PMB!F102*0.08+RBay!F102*0.06+'Port Shepstone'!F102*0.03+Other!F102*0.03)/71*100 -> 5.2464789 | I102: =I101+H102 -> 12.125352 | J102: =(Durban!H102*0.57+PMB!H102*0.08+RBay!H102*0.06+'Port Shepstone'!H102*0.03+Other!H102*0.03)/71*100 -> 2.2704225 | K102: =K101+J102 -> 8.456338 | L102: =(Durban!J102*0.57+PMB!J102*0.08+RBay!J102*0.06+'Port Shepstone'!J102*0.03+Other!J102*0.03)/71*100 -> 0.70985915 | M102: =M101+L102 -> 2.0169014 | N102: =(Durban!L102*0.57+PMB!L102*0.08+RBay!L102*0.06+'Port Shepstone'!L102*0.03+Other!L102*0.03)/71*100 -> 2.9605634 | O102: =O101+N102 -> 6.0760563 | P102: =(Durban!N102*0.57+PMB!N102*0.08+RBay!N102*0.06+'Port Shepstone'!N102*0.03+Other!N102*0.03)/71*100 -> 1.3661972 | Q102: =Q101+P102 -> 12.309859 | R102: =(Durban!P102*0.57+PMB!P102*0.08+RBay!P102*0.06+'Port Shepstone'!P102*0.03+Other!P102*0.03)/71*100 -> 12.658441 | S102: =S101+R102 -> 19.556168
A103: 5 | D103: =(Durban!B103*0.57+PMB!B103*0.08+RBay!B103*0.06+'Port Shepstone'!B103*0.03+Other!B103*0.03)/71*100 -> 12.359155 | E103: =E102+D103 -> 29.914085 | F103: =(Durban!D103*0.57+PMB!D103*0.08+RBay!D103*0.06+'Port Shepstone'!D103*0.03+Other!D103*0.03)/71*100 -> 8.543662 | G103: =G102+F103 -> 17.290141 | H103: =(Durban!F103*0.57+PMB!F103*0.08+RBay!F103*0.06+'Port Shepstone'!F103*0.03+Other!F103*0.03)/71*100 -> 9.8507042 | I103: =I102+H103 -> 21.976056 | J103: =(Durban!H103*0.57+PMB!H103*0.08+RBay!H103*0.06+'Port Shepstone'!H103*0.03+Other!H103*0.03)/71*100 -> 9.1211268 | K103: =K102+J103 -> 17.577465 | L103: =(Durban!J103*0.57+PMB!J103*0.08+RBay!J103*0.06+'Port Shepstone'!J103*0.03+Other!J103*0.03)/71*100 -> 4.5422535 | M103: =M102+L103 -> 6.5591549 | N103: =(Durban!L103*0.57+PMB!L103*0.08+RBay!L103*0.06+'Port Shepstone'!L103*0.03+Other!L103*0.03)/71*100 -> 5.0225352 | O103: =O102+N103 -> 11.098592 | P103: =(Durban!N103*0.57+PMB!N103*0.08+RBay!N103*0.06+'Port Shepstone'!N103*0.03+Other!N103*0.03)/71*100 -> 9.5915493 | Q103: =Q102+P103 -> 21.901408 | R103: =(Durban!P103*0.57+PMB!P103*0.08+RBay!P103*0.06+'Port Shepstone'!P103*0.03+Other!P103*0.03)/71*100 -> 14.254585 | S103: =S102+R103 -> 33.810753
A104: 6 | D104: =(Durban!B104*0.57+PMB!B104*0.08+RBay!B104*0.06+'Port Shepstone'!B104*0.03+Other!B104*0.03)/71*100 -> 10.788732 | E104: =E103+D104 -> 40.702817 | F104: =(Durban!D104*0.57+PMB!D104*0.08+RBay!D104*0.06+'Port Shepstone'!D104*0.03+Other!D104*0.03)/71*100 -> 4.6478873 | G104: =G103+F104 -> 21.938028 | H104: =(Durban!F104*0.57+PMB!F104*0.08+RBay!F104*0.06+'Port Shepstone'!F104*0.03+Other!F104*0.03)/71*100 -> 8.1014085 | I104: =I103+H104 -> 30.077465 | J104: =(Durban!H104*0.57+PMB!H104*0.08+RBay!H104*0.06+'Port Shepstone'!H104*0.03+Other!H104*0.03)/71*100 -> 15.338028 | K104: =K103+J104 -> 32.915493 | L104: =(Durban!J104*0.57+PMB!J104*0.08+RBay!J104*0.06+'Port Shepstone'!J104*0.03+Other!J104*0.03)/71*100 -> 3.1943662 | M104: =M103+L104 -> 9.7535211 | N104: =(Durban!L104*0.57+PMB!L104*0.08+RBay!L104*0.06+'Port Shepstone'!L104*0.03+Other!L104*0.03)/71*100 -> 8.4028169 | O104: =O103+N104 -> 19.501408 | P104: =(Durban!N104*0.57+PMB!N104*0.08+RBay!N104*0.06+'Port Shepstone'!N104*0.03+Other!N104*0.03)/71*100 -> 8.9577465 | Q104: =Q103+P104 -> 30.859155 | R104: =(Durban!P104*0.57+PMB!P104*0.08+RBay!P104*0.06+'Port Shepstone'!P104*0.03+Other!P104*0.03)/71*100 -> 0.99191841 | S104: =S103+R104 -> 34.802671
A105: 7 | D105: =(Durban!B105*0.57+PMB!B105*0.08+RBay!B105*0.06+'Port Shepstone'!B105*0.03+Other!B105*0.03)/71*100 -> 7.5169014 | E105: =E104+D105 -> 48.219718 | F105: =(Durban!D105*0.57+PMB!D105*0.08+RBay!D105*0.06+'Port Shepstone'!D105*0.03+Other!D105*0.03)/71*100 -> 14.935211 | G105: =G104+F105 -> 36.873239 | H105: =(Durban!F105*0.57+PMB!F105*0.08+RBay!F105*0.06+'Port Shepstone'!F105*0.03+Other!F105*0.03)/71*100 -> 12.397183 | I105: =I104+H105 -> 42.474648 | J105: =(Durban!H105*0.57+PMB!H105*0.08+RBay!H105*0.06+'Port Shepstone'!H105*0.03+Other!H105*0.03)/71*100 -> 13.650704 | K105: =K104+J105 -> 46.566197 | L105: =(Durban!J105*0.57+PMB!J105*0.08+RBay!J105*0.06+'Port Shepstone'!J105*0.03+Other!J105*0.03)/71*100 -> 10.383099 | M105: =M104+L105 -> 20.13662 | N105: =(Durban!L105*0.57+PMB!L105*0.08+RBay!L105*0.06+'Port Shepstone'!L105*0.03+Other!L105*0.03)/71*100 -> 7.7943662 | O105: =O104+N105 -> 27.295775 | P105: =(Durban!N105*0.57+PMB!N105*0.08+RBay!N105*0.06+'Port Shepstone'!N105*0.03+Other!N105*0.03)/71*100 -> 14.929577 | Q105: =Q104+P105 -> 45.788732 | R105: =(Durban!P105*0.57+PMB!P105*0.08+RBay!P105*0.06+'Port Shepstone'!P105*0.03+Other!P105*0.03)/71*100 -> 7.0919961 | S105: =S104+R105 -> 41.894667
A106: 8 | D106: =(Durban!B106*0.57+PMB!B106*0.08+RBay!B106*0.06+'Port Shepstone'!B106*0.03+Other!B106*0.03)/71*100 -> 17.659155 | E106: =E105+D106 -> 65.878873 | F106: =(Durban!D106*0.57+PMB!D106*0.08+RBay!D106*0.06+'Port Shepstone'!D106*0.03+Other!D106*0.03)/71*100 -> 23.952113 | G106: =G105+F106 -> 60.825352 | H106: =(Durban!F106*0.57+PMB!F106*0.08+RBay!F106*0.06+'Port Shepstone'!F106*0.03+Other!F106*0.03)/71*100 -> 17.508451 | I106: =I105+H106 -> 59.983099 | J106: =(Durban!H106*0.57+PMB!H106*0.08+RBay!H106*0.06+'Port Shepstone'!H106*0.03+Other!H106*0.03)/71*100 -> 20.532394 | K106: =K105+J106 -> 67.098592 | L106: =(Durban!J106*0.57+PMB!J106*0.08+RBay!J106*0.06+'Port Shepstone'!J106*0.03+Other!J106*0.03)/71*100 -> 18.677465 | M106: =M105+L106 -> 38.814085 | N106: =(Durban!L106*0.57+PMB!L106*0.08+RBay!L106*0.06+'Port Shepstone'!L106*0.03+Other!L106*0.03)/71*100 -> 14.119718 | O106: =O105+N106 -> 41.415493 | P106: =(Durban!N106*0.57+PMB!N106*0.08+RBay!N106*0.06+'Port Shepstone'!N106*0.03+Other!N106*0.03)/71*100 -> 15.380282 | Q106: =Q105+P106 -> 61.169014 | R106: =(Durban!P106*0.57+PMB!P106*0.08+RBay!P106*0.06+'Port Shepstone'!P106*0.03+Other!P106*0.03)/71*100 -> 9.2709471 | S106: =S105+R106 -> 51.165614
A107: 9 | D107: =(Durban!B107*0.57+PMB!B107*0.08+RBay!B107*0.06+'Port Shepstone'!B107*0.03+Other!B107*0.03)/71*100 -> 5.9084507 | E107: =E106+D107 -> 71.787324 | F107: =(Durban!D107*0.57+PMB!D107*0.08+RBay!D107*0.06+'Port Shepstone'!D107*0.03+Other!D107*0.03)/71*100 -> 18.216901 | G107: =G106+F107 -> 79.042254 | H107: =(Durban!F107*0.57+PMB!F107*0.08+RBay!F107*0.06+'Port Shepstone'!F107*0.03+Other!F107*0.03)/71*100 -> 18.41831 | I107: =I106+H107 -> 78.401408 | J107: =(Durban!H107*0.57+PMB!H107*0.08+RBay!H107*0.06+'Port Shepstone'!H107*0.03+Other!H107*0.03)/71*100 -> 13.833803 | K107: =K106+J107 -> 80.932394 | L107: =(Durban!J107*0.57+PMB!J107*0.08+RBay!J107*0.06+'Port Shepstone'!J107*0.03+Other!J107*0.03)/71*100 -> 21.484507 | M107: =M106+L107 -> 60.298592 | N107: =(Durban!L107*0.57+PMB!L107*0.08+RBay!L107*0.06+'Port Shepstone'!L107*0.03+Other!L107*0.03)/71*100 -> 19.538028 | O107: =O106+N107 -> 60.953521 | P107: =(Durban!N107*0.57+PMB!N107*0.08+RBay!N107*0.06+'Port Shepstone'!N107*0.03+Other!N107*0.03)/71*100 -> 13.873239 | Q107: =Q106+P107 -> 75.042254 | R107: =(Durban!P107*0.57+PMB!P107*0.08+RBay!P107*0.06+'Port Shepstone'!P107*0.03+Other!P107*0.03)/71*100 -> 20.160393 | S107: =S106+R107 -> 71.326008
...

Sheet Product2013
A1: Business Survey - Production Entities 2013
B2: PMB | D2: DURBAN | F2: RICHARDS BAY | H2: PORT SHEPSTONE | J2: REST OF KZN | L2: PROVINCIAL
B3: =D3 -> As a percentage | C3: =E3 -> Less than Ogive | D3: =F3 -> As a percentage | E3: =G3 -> Less than Ogive | F3: =H3 -> As a percentage | G3: =I3 -> Less than Ogive | H3: As a percentage | I3: Less than Ogive | J3: As a percentage | K3: Less than Ogive | L3: As a percentage | M3: Less than Ogive
A4: Industry by sector in which your business operates? | L4: =(0.08*B4+0.57*D4+0.06*F4+0.03*H4+0.03*J4)/77*100 -> 0
A5: Agriculture, Forestry, Hunting (Processing of Farm Products) | B5: 0 | D5: 0 | F5: 0 | H5: 0 | J5: 0 | L5: =(0.08*B5+0.57*D5+0.06*F5+0.03*H5+0.03*J5)/77*100 -> 0
A6: Farming (Basic production of agri products) | B6: 0 | D6: 0 | F6: 0 | H6: 0 | J6: 20 | L6: =(0.08*B6+0.57*D6+0.06*F6+0.03*H6+0.03*J6)/77*100 -> 0.77922078
A7: Mining | B7: 0 | D7: 0 | F7: 0 | H7: 0 | J7: 0 | L7: =(0.08*B7+0.57*D7+0.06*F7+0.03*H7+0.03*J7)/77*100 -> 0
A8: Quarrying | B8: 0 | F8: 0 | H8: 0 | J8: 0 | L8: =(0.08*B8+0.57*D8+0.06*F8+0.03*H8+0.03*J8)/77*100 -> 0
A9: Manufacturing | B9: 100 | D9: 25 | F9: 30 | H9: 0 | J9: 10 | L9: =(0.08*B9+0.57*D9+0.06*F9+0.03*H9+0.03*J9)/77*100 -> 31.623377
A10: Electricity, Gas & Water | B10: 0 | D10: 0 | F10: 0 | H10: 0 | J10: 0 | L10: =(0.08*B10+0.57*D10+0.06*F10+0.03*H10+0.03*J10)/77*100 -> 0
A11: Construction | B11: 0 | D11: 0 | F11: 0 | H11: 0 | J11: 0 | L11: =(0.08*B11+0.57*D11+0.06*F11+0.03*H11+0.03*J11)/77*100 -> 0
A12: Educational Institutions | B12: 0 | D12: 0 | F12: 0 | H12: 0 | J12: 0 | L12: =(0.08*B12+0.57*D12+0.06*F12+0.03*H12+0.03*J12)/77*100 -> 0
A13: Tourism, Catering & Accommodation | B13: 0 | D13: 0 | F13: 0 | H13: 50 | J13: 0 | L13: =(0.08*B13+0.57*D13+0.06*F13+0.03*H13+0.03*J13)/77*100 -> 1.9480519
A14: Wholesale & Retail | B14: 0 | D14: 0 | F14: 40 | H14: 50 | J14: 50 | L14: =(0.08*B14+0.57*D14+0.06*F14+0.03*H14+0.03*J14)/77*100 -> 7.012987
A15: Vehicle Sales | B15: 0 | D15: 0 | F15: 0 | H15: 0 | J15: 10 | L15: =(0.08*B15+0.57*D15+0.06*F15+0.03*H15+0.03*J15)/77*100 -> 0.38961039
A16: Transport, Storage & Communications | B16: 0 | D16: 0 | F16: 0 | H16: 0 | J16: 0 | L16: =(0.08*B16+0.57*D16+0.06*F16+0.03*H16+0.03*J16)/77*100 -> 0
A17: Banks & Financial | B17: 0 | D17: 0 | F17: 0 | H17: 0 | J17: 0 | L17: =(0.08*B17+0.57*D17+0.06*F17+0.03*H17+0.03*J17)/77*100 -> 0
A18: Legal | B18: 0 | D18: 0 | F18: 0 | H18: 0 | J18: 0 | L18: =(0.08*B18+0.57*D18+0.06*F18+0.03*H18+0.03*J18)/77*100 -> 0
A19: Insurance , Pension & Medical Aid Funds | B19: 0 | D19: 0 | F19: 0 | H19: 0 | J19: 0 | L19: =(0.08*B19+0.57*D19+0.06*F19+0.03*H19+0.03*J19)/77*100 -> 0
A20: Real Estate | B20: 0 | D20: 0 | F20: 10 | H20: 0 | J20: 0 | L20: =(0.08*B20+0.57*D20+0.06*F20+0.03*H20+0.03*J20)/77*100 -> 0.77922078
A21: Business Services | B21: 0 | D21: 0 | F21: 0 | H21: 0 | J21: 0 | L21: =(0.08*B21+0.57*D21+0.06*F21+0.03*H21+0.03*J21)/77*100 -> 0
A22: Central Government | B22: 0 | F22: 0 | H22: 0 | J22: 0 | L22: =(0.08*B22+0.57*D22+0.06*F22+0.03*H22+0.03*J22)/77*100 -> 0
A23: Local Government | B23: 0 | D23: 0 | F23: 0 | H23: 0 | J23: 0 | L23: =(0.08*B23+0.57*D23+0.06*F23+0.03*H23+0.03*J23)/77*100 -> 0
A24: Provincial Government | B24: 0 | D24: 0 | F24: 0 | H24: 0 | J24: 0 | L24: =(0.08*B24+0.57*D24+0.06*F24+0.03*H24+0.03*J24)/77*100 -> 0
A25: Social & Personal Services | B25: 0 | D25: 0 | F25: 0 | H25: 0 | J25: 0 | L25: =(0.08*B25+0.57*D25+0.06*F25+0.03*H25+0.03*J25)/77*100 -> 0
A26: IT | B26: 0 | D26: 0 | F26: 0 | H26: 0 | J26: 0 | L26: =(0.08*B26+0.57*D26+0.06*F26+0.03*H26+0.03*J26)/77*100 -> 0
A27: Taxis | B27: 0 | D27: 0 | F27: 0 | H27: 0 | J27: 0 | L27: =(0.08*B27+0.57*D27+0.06*F27+0.03*H27+0.03*J27)/77*100 -> 0
A28: Other | B28: 0 | D28: 75 | F28: 20 | H28: 0 | J28: 10 | L28: =(0.08*B28+0.57*D28+0.06*F28+0.03*H28+0.03*J28)/77*100 -> 57.467532
L30: 32.2
A31: 0 - 10 | B31: 0 | C31: =B31 -> 0 | D31: 50 | E31: =D31 -> 50 | F31: 20 | G31: =F31 -> 20 | H31: 100 | I31: =H31 -> 100 | J31: 20 | K31: =J31 -> 20 | L31: 25.8 | M31: =L31 -> 25.8
A32: 11. - 30 | B32: 100 | C32: =C31+B32 -> 100 | D32: 12.5 | E32: =E31+D32 -> 62.5 | F32: 40 | G32: =G31+F32 -> 60 | H32: 0 | I32: =I31+H32 -> 100 | J32: 20 | K32: =K31+J32 -> 40 | L32: 12.9 | M32: =M31+L32 -> 38.7
A33: 31 - 50 | B33: 0 | C33: =C32+B33 -> 100 | D33: 0 | E33: =E32+D33 -> 62.5 | F33: 20 | G33: =G32+F33 -> 80 | H33: 0 | I33: =I32+H33 -> 100 | J33: 20 | K33: =K32+J33 -> 60 | L33: 0 | M33: =M32+L33 -> 38.7
A34: 51 - 100 | B34: 0 | C34: =C33+B34 -> 100 | D34: 0 | E34: =E33+D34 -> 62.5 | F34: 0 | G34: =G33+F34 -> 80 | H34: 0 | I34: =I33+H34 -> 100 | J34: 0 | K34: =K33+J34 -> 60 | L34: 6.5 | M34: =M33+L34 -> 45.2
A35: 101 - 200 | B35: 0 | C35: =C34+B35 -> 100 | D35: 0 | E35: =E34+D35 -> 62.5 | F35: 10 | G35: =G34+F35 -> 90 | H35: 0 | I35: =I34+H35 -> 100 | J35: 10 | K35: =K34+J35 -> 70 | L35: 22.6 | M35: =M34+L35 -> 67.8
A36: > 200 | B36: 0 | C36: =C35+B36 -> 100 | D36: 37.5 | E36: =E35+D36 -> 100 | F36: 10 | G36: =G35+F36 -> 100 | H36: 0 | I36: =I35+H36 -> 100 | J36: 30 | K36: =K35+J36 -> 100 | M36: =M35+L36 -> 67.8
A38: Labour Relations? (1= least important & 10 = critical important) | L38: 9.7
A39: 1 | B39: 0 | C39: =B39 -> 0 | D39: 12.5 | E39: =D39 -> 12.5 | F39: 0 | G39: =F39 -> 0 | H39: 50 | I39: =H39 -> 50 | J39: 10 | K39: =J39 -> 10 | L39: 0 | M39: =L39 -> 0
A40: 2 | B40: 0 | C40: =C39+B40 -> 0 | D40: 0 | E40: =E39+D40 -> 12.5 | F40: 0 | G40: =G39+F40 -> 0 | H40: 0 | I40: =I39+H40 -> 50 | J40: 0 | K40: =K39+J40 -> 10 | L40: 3.2 | M40: =M39+L40 -> 3.2
A41: 3 | B41: 0 | C41: =C40+B41 -> 0 | D41: 0 | E41: =E40+D41 -> 12.5 | F41: 10 | G41: =G40+F41 -> 10 | H41: 0 | I41: =I40+H41 -> 50 | J41: 0 | K41: =K40+J41 -> 10 | L41: 6.5 | M41: =M40+L41 -> 9.7
A42: 4 | B42: 0 | C42: =C41+B42 -> 0 | D42: 0 | E42: =E41+D42 -> 12.5 | F42: 20 | G42: =G41+F42 -> 30 | H42: 0 | I42: =I41+H42 -> 50 | J42: 0 | K42: =K41+J42 -> 10 | L42: 3.2 | M42: =M41+L42 -> 12.9
A43: 5 | B43: 0 | C43: =C42+B43 -> 0 | D43: 12.5 | E43: =E42+D43 -> 25 | F43: 0 | G43: =G42+F43 -> 30 | H43: 0 | I43: =I42+H43 -> 50 | J43: 0 | K43: =K42+J43 -> 10 | L43: 3.2 | M43: =M42+L43 -> 16.1
A44: 6 | B44: 0 | C44: =C43+B44 -> 0 | D44: 0 | E44: =E43+D44 -> 25 | F44: 10 | G44: =G43+F44 -> 40 | H44: 0 | I44: =I43+H44 -> 50 | J44: 0 | K44: =K43+J44 -> 10 | L44: 12.9 | M44: =M43+L44 -> 29
A45: 7 | B45: 0 | C45: =C44+B45 -> 0 | D45: 12.5 | E45: =E44+D45 -> 37.5 | F45: 10 | G45: =G44+F45 -> 50 | H45: 0 | I45: =I44+H45 -> 50 | J45: 20 | K45: =K44+J45 -> 30 | L45: 22.6 | M45: =M44+L45 -> 51.6
A46: 8 | B46: 100 | C46: =C45+B46 -> 100 | D46: 25 | E46: =E45+D46 -> 62.5 | F46: 10 | G46: =G45+F46 -> 60 | H46: 50 | I46: =I45+H46 -> 100 | J46: 20 | K46: =K45+J46 -> 50 | L46: 9.7 | M46: =M45+L46 -> 61.3
A47: 9 | B47: 0 | C47: =C46+B47 -> 100 | D47: 0 | E47: =E46+D47 -> 62.5 | F47: 10 | G47: =G46+F47 -> 70 | H47: 0 | I47: =I46+H47 -> 100 | J47: 20 | K47: =K46+J47 -> 70 | L47: 29 | M47: =M46+L47 -> 90.3
A48: 10 | B48: 0 | C48: =C47+B48 -> 100 | D48: 37.5 | E48: =E47+D48 -> 100 | F48: 30 | G48: =G47+F48 -> 100 | H48: 0 | I48: =I47+H48 -> 100 | J48: 30 | K48: =K47+J48 -> 100 | M48: =M47+L48 -> 90.3
A50: Crime and Violence? (1= least important & 10 = critical important) | L50: 32
A51: 1 | B51: 0 | C51: =B51 -> 0 | D51: 12.5 | E51: =D51 -> 12.5 | F51: 0 | G51: =F51 -> 0 | H51: 0 | I51: =H51 -> 0 | J51: 0 | K51: =J51 -> 0 | L51: 0 | M51: =L51 -> 0
A52: 2 | B52: 0 | C52: =C51+B52 -> 0 | D52: 0 | E52: =E51+D52 -> 12.5 | F52: 0 | G52: =G51+F52 -> 0 | H52: 0 | I52: =I51+H52 -> 0 | J52: 0 | K52: =K51+J52 -> 0 | L52: 6.5 | M52: =M51+L52 -> 6.5
A53: 3 | B53: 100 | C53: =C52+B53 -> 100 | D53: 12.5 | E53: =E52+D53 -> 25 | F53: 0 | G53: =G52+F53 -> 0 | H53: 0 | I53: =I52+H53 -> 0 | J53: 0 | K53: =K52+J53 -> 0 | L53: 0 | M53: =M52+L53 -> 6.5
A54: 4 | B54: 0 | C54: =C53+B54 -> 100 | D54: 0 | E54: =E53+D54 -> 25 | F54: 0 | G54: =G53+F54 -> 0 | H54: 0 | I54: =I53+H54 -> 0 | J54: 0 | K54: =K53+J54 -> 0 | L54: 9.7 | M54: =M53+L54 -> 16.2
A55: 5 | B55: 0 | C55: =C54+B55 -> 100 | D55: 12.5 | E55: =E54+D55 -> 37.5 | F55: 10 | G55: =G54+F55 -> 10 | H55: 0 | I55: =I54+H55 -> 0 | J55: 10 | K55: =K54+J55 -> 10 | L55: 9.7 | M55: =M54+L55 -> 25.9
A56: 6 | B56: 0 | C56: =C55+B56 -> 100 | D56: 0 | E56: =E55+D56 -> 37.5 | F56: 20 | G56: =G55+F56 -> 30 | H56: 0 | I56: =I55+H56 -> 0 | J56: 10 | K56: =K55+J56 -> 20 | L56: 16.1 | M56: =M55+L56 -> 42
A57: 7 | B57: 0 | C57: =C56+B57 -> 100 | D57: 12.5 | E57: =E56+D57 -> 50 | F57: 10 | G57: =G56+F57 -> 40 | H57: 0 | I57: =I56+H57 -> 0 | J57: 30 | K57: =K56+J57 -> 50 | L57: 12.9 | M57: =M56+L57 -> 54.9
A58: 8 | B58: 0 | C58: =C57+B58 -> 100 | D58: 0 | E58: =E57+D58 -> 50 | F58: 30 | G58: =G57+F58 -> 70 | H58: 0 | I58: =I57+H58 -> 0 | J58: 10 | K58: =K57+J58 -> 60 | L58: 9.7 | M58: =M57+L58 -> 64.6
A59: 9 | B59: 0 | C59: =C58+B59 -> 100 | D59: 25 | E59: =E58+D59 -> 75 | F59: 0 | G59: =G58+F59 -> 70 | H59: 0 | I59: =I58+H59 -> 0 | J59: 10 | K59: =K58+J59 -> 70 | L59: 32.2 | M59: =M58+L59 -> 96.8
A60: 10 | B60: 0 | C60: =C59+B60 -> 100 | D60: 25 | E60: =E59+D60 -> 100 | F60: 30 | G60: =G59+F60 -> 100 | H60: 100 | I60: =I59+H60 -> 100 | J60: 30 | K60: =K59+J60 -> 100 | L60: 0 | M60: =M59+L60 -> 96.8
A62: Political Stability? (1= least important & 10 = critical important) | L62: =(0.08*B62+0.57*D62+0.06*F62+0.03*H62+0.03*J62)/77*100 -> 0
A63: 1 | B63: 0 | C63: =B63 -> 0 | D63: 0 | E63: =D63 -> 0 | F63: 0 | G63: =F63 -> 0 | H63: 0 | I63: =H63 -> 0 | J63: 0 | K63: =J63 -> 0 | L63: 0 | M63: =L63 -> 0
A64: 2 | B64: 0 | C64: =C63+B64 -> 0 | D64: 0 | E64: =E63+D64 -> 0 | F64: 0 | G64: =G63+F64 -> 0 | H64: 0 | I64: =I63+H64 -> 0 | J64: 0 | K64: =K63+J64 -> 0 | L64: 0 | M64: =M63+L64 -> 0
A65: 3 | B65: 0 | C65: =C64+B65 -> 0 | D65: 0 | E65: =E64+D65 -> 0 | F65: 0 | G65: =G64+F65 -> 0 | H65: 0 | I65: =I64+H65 -> 0 | J65: 0 | K65: =K64+J65 -> 0 | L65: 3.3 | M65: =M64+L65 -> 3.3
A66: 4 | B66: 0 | C66: =C65+B66 -> 0 | D66: 12.5 | E66: =E65+D66 -> 12.5 | F66: 0 | G66: =G65+F66 -> 0 | H66: 0 | I66: =I65+H66 -> 0 | J66: 0 | K66: =K65+J66 -> 0 | L66: 3.2 | M66: =M65+L66 -> 6.5
A67: 5 | B67: 0 | C67: =C66+B67 -> 0 | D67: 0 | E67: =E66+D67 -> 12.5 | F67: 0 | G67: =G66+F67 -> 0 | H67: 0 | I67: =I66+H67 -> 0 | J67: 10 | K67: =K66+J67 -> 10 | L67: 3.2 | M67: =M66+L67 -> 9.7
A68: 6 | B68: 0 | C68: =C67+B68 -> 0 | D68: 12.5 | E68: =E67+D68 -> 25 | F68: 0 | G68: =G67+F68 -> 0 | H68: 0 | I68: =I67+H68 -> 0 | J68: 0 | K68: =K67+J68 -> 10 | L68: 3.2 | M68: =M67+L68 -> 12.9
A69: 7 | B69: 0 | C69: =C68+B69 -> 0 | D69: 0 | E69: =E68+D69 -> 25 | F69: 0 | G69: =G68+F69 -> 0 | H69: 0 | I69: =I68+H69 -> 0 | J69: 10 | K69: =K68+J69 -> 20 | L69: 25.8 | M69: =M68+L69 -> 38.7
A70: 8 | B70: 100 | C70: =C69+B70 -> 100 | D70: 25 | E70: =E69+D70 -> 50 | F70: 40 | G70: =G69+F70 -> 40 | H70: 0 | I70: =I69+H70 -> 0 | J70: 10 | K70: =K69+J70 -> 30 | L70: 38.7 | M70: =M69+L70 -> 77.4
A71: 9 | B71: 0 | C71: =C70+B71 -> 100 | D71: 50 | E71: =E70+D71 -> 100 | F71: 30 | G71: =G70+F71 -> 70 | H71: 50 | I71: =I70+H71 -> 50 | J71: 40 | K71: =K70+J71 -> 70 | L71: 22.6 | M71: =M70+L71 -> 100
A72: 10 | B72: 0 | C72: =C71+B72 -> 100 | D72: 0 | E72: =E71+D72 -> 100 | F72: 30 | G72: =G71+F72 -> 100 | H72: 50 | I72: =I71+H72 -> 100 | J72: 30 | K72: =K71+J72 -> 100 | M72: =M71+L72 -> 100
A74: New technology/R&D/Training? (1= least important & 10 = critical important) | L74: 3.1
A75: 1 | B75: 0 | C75: =B75 -> 0 | D75: 0 | E75: =D75 -> 0 | F75: 10 | G75: =F75 -> 10 | H75: 0 | I75: =H75 -> 0 | J75: 0 | K75: =J75 -> 0 | L75: 0 | M75: =L75 -> 0
A76: 2 | B76: 0 | C76: =C75+B76 -> 0 | D76: 0 | E76: =E75+D76 -> 0 | F76: 0 | G76: =G75+F76 -> 10 | H76: 0 | I76: =I75+H76 -> 0 | J76: 0 | K76: =K75+J76 -> 0 | L76: 9.7 | M76: =M75+L76 -> 9.7
A77: 3 | B77: 0 | C77: =C76+B77 -> 0 | D77: 0 | E77: =E76+D77 -> 0 | F77: 10 | G77: =G76+F77 -> 20 | H77: 50 | I77: =I76+H77 -> 50 | J77: 0 | K77: =K76+J77 -> 0 | L77: 3.2 | M77: =M76+L77 -> 12.9
A78: 4 | B78: 0 | C78: =C77+B78 -> 0 | D78: 0 | E78: =E77+D78 -> 0 | F78: 0 | G78: =G77+F78 -> 20 | H78: 0 | I78: =I77+H78 -> 50 | J78: 10 | K78: =K77+J78 -> 10 | L78: 3.2 | M78: =M77+L78 -> 16.1
A79: 5 | B79: 0 | C79: =C78+B79 -> 0 | D79: 0 | E79: =E78+D79 -> 0 | F79: 0 | G79: =G78+F79 -> 20 | H79: 0 | I79: =I78+H79 -> 50 | J79: 10 | K79: =K78+J79 -> 20 | L79: 6.5 | M79: =M78+L79 -> 22.6
A80: 6 | B80: 100 | C80: =C79+B80 -> 100 | D80: 0 | E80: =E79+D80 -> 0 | F80: 0 | G80: =G79+F80 -> 20 | H80: 0 | I80: =I79+H80 -> 50 | J80: 10 | K80: =K79+J80 -> 30 | L80: 22.6 | M80: =M79+L80 -> 45.2
A81: 7 | B81: 0 | C81: =C80+B81 -> 100 | D81: 25 | E81: =E80+D81 -> 25 | F81: 40 | G81: =G80+F81 -> 60 | H81: 0 | I81: =I80+H81 -> 50 | J81: 10 | K81: =K80+J81 -> 40 | L81: 25.8 | M81: =M80+L81 -> 71
A82: 8 | B82: 0 | C82: =C81+B82 -> 100 | D82: 37.5 | E82: =E81+D82 -> 62.5 | F82: 20 | G82: =G81+F82 -> 80 | H82: 50 | I82: =I81+H82 -> 100 | J82: 10 | K82: =K81+J82 -> 50 | L82: 6.5 | M82: =M81+L82 -> 77.5
A83: 9 | B83: 0 | C83: =C82+B83 -> 100 | D83: 12.5 | E83: =E82+D83 -> 75 | F83: 0 | G83: =G82+F83 -> 80 | H83: 0 | I83: =I82+H83 -> 100 | J83: 20 | K83: =K82+J83 -> 70 | L83: 19.4 | M83: =M82+L83 -> 96.9
A84: 10 | B84: 0 | C84: =C83+B84 -> 100 | D84: 25 | E84: =E83+D84 -> 100 | F84: 20 | G84: =G83+F84 -> 100 | H84: 0 | I84: =I83+H84 -> 100 | J84: 10 | K84: =K83+J84 -> 80 | M84: =M83+L84 -> 96.9
C85: 0 | J85: 20
A86: Rates and Taxes? (1= least important & 10 = critical important) | L86: 0
A87: 1 | B87: 0 | C87: =B87 -> 0 | D87: 0 | E87: =D87 -> 0 | F87: 0 | G87: =F87 -> 0 | H87: 0 | I87: =H87 -> 0 | J87: 0 | K87: =J87 -> 0 | L87: 0 | M87: =L87 -> 0
A88: 2 | B88: 0 | C88: =C87+B88 -> 0 | D88: 0 | E88: =E87+D88 -> 0 | F88: 0 | G88: =G87+F88 -> 0 | H88: 0 | I88: =I87+H88 -> 0 | J88: 0 | K88: =K87+J88 -> 0 | L88: 6.4 | M88: =M87+L88 -> 6.4
A89: 3 | B89: 0 | C89: =C88+B89 -> 0 | D89: 12.5 | E89: =E88+D89 -> 12.5 | F89: 0 | G89: =G88+F89 -> 0 | H89: 0 | I89: =I88+H89 -> 0 | J89: 10 | K89: =K88+J89 -> 10 | L89: 0 | M89: =M88+L89 -> 6.4
A90: 4 | B90: 0 | C90: =C89+B90 -> 0 | D90: 0 | E90: =E89+D90 -> 12.5 | F90: 0 | G90: =G89+F90 -> 0 | H90: 0 | I90: =I89+H90 -> 0 | J90: 0 | K90: =K89+J90 -> 10 | L90: 9.7 | M90: =M89+L90 -> 16.1
A91: 5 | B91: 0 | C91: =C90+B91 -> 0 | D91: 12.5 | E91: =E90+D91 -> 25 | F91: 10 | G91: =G90+F91 -> 10 | H91: 0 | I91: =I90+H91 -> 0 | J91: 10 | K91: =K90+J91 -> 20 | L91: 9.7 | M91: =M90+L91 -> 25.8
A92: 6 | B92: 0 | C92: =C91+B92 -> 0 | D92: 12.5 | E92: =E91+D92 -> 37.5 | F92: 20 | G92: =G91+F92 -> 30 | H92: 0 | I92: =I91+H92 -> 0 | J92: 0 | K92: =K91+J92 -> 20 | L92: 9.7 | M92: =M91+L92 -> 35.5
A93: 7 | B93: 0 | C93: =C92+B93 -> 0 | D93: 12.5 | E93: =E92+D93 -> 50 | F93: 10 | G93: =G92+F93 -> 40 | H93: 50 | I93: =I92+H93 -> 50 | J93: 0 | K93: =K92+J93 -> 20 | L93: 19.4 | M93: =M92+L93 -> 54.9
A94: 8 | B94: 0 | C94: =C93+B94 -> 0 | D94: 0 | E94: =E93+D94 -> 50 | F94: 30 | G94: =G93+F94 -> 70 | H94: 50 | I94: =I93+H94 -> 100 | J94: 20 | K94: =K93+J94 -> 40 | L94: 3.2 | M94: =M93+L94 -> 58.1
A95: 9 | B95: 0 | C95: =C94+B95 -> 0 | D95: 0 | E95: =E94+D95 -> 50 | F95: 10 | G95: =G94+F95 -> 80 | H95: 0 | I95: =I94+H95 -> 100 | J95: 0 | K95: =K94+J95 -> 40 | L95: 41.9 | M95: =M94+L95 -> 100
A96: 10 | B96: 100 | C96: =C95+B96 -> 100 | D96: 50 | E96: =E95+D96 -> 100 | F96: 20 | G96: =G95+F96 -> 100 | H96: 0 | I96: =I95+H96 -> 100 | J96: 60 | K96: =K95+J96 -> 100 | M96: =M95+L96 -> 100
A98: Cost of money? (1= least important & 10 = critical important) | L98: 3.2
A99: 1 | B99: 0 | C99: =B99 -> 0 | D99: 12.5 | E99: =D99 -> 12.5 | F99: 0 | G99: =F99 -> 0 | H99: 0 | I99: =H99 -> 0 | J99: 0 | K99: =J99 -> 0 | L99: 3.2 | M99: =L99 -> 3.2
A100: 2 | B100: 0 | C100: =C99+B100 -> 0 | D100: 0 | E100: =E99+D100 -> 12.5 | F100: 0 | G100: =G99+F100 -> 0 | H100: 0 | I100: =I99+H100 -> 0 | J100: 10 | K100: =K99+J100 -> 10 | L100: 6.5 | M100: =M99+L100 -> 9.7
A101: 3 | B101: 0 | C101: =C100+B101 -> 0 | D101: 12.5 | E101: =E100+D101 -> 25 | F101: 0 | G101: =G100+F101 -> 0 | H101: 0 | I101: =I100+H101 -> 0 | J101: 10 | K101: =K100+J101 -> 20 | L101: 3.2 | M101: =M100+L101 -> 12.9
A102: 4 | B102: 0 | C102: =C101+B102 -> 0 | D102: 0 | E102: =E101+D102 -> 25 | F102: 10 | G102: =G101+F102 -> 10 | H102: 0 | I102: =I101+H102 -> 0 | J102: 0 | K102: =K101+J102 -> 20 | L102: 0 | M102: =M101+L102 -> 12.9
A103: 5 | B103: 0 | C103: =C102+B103 -> 0 | D103: 0 | E103: =E102+D103 -> 25 | F103: 0 | G103: =G102+F103 -> 10 | H103: 0 | I103: =I102+H103 -> 0 | J103: 0 | K103: =K102+J103 -> 20 | L103: 0 | M103: =M102+L103 -> 12.9
A104: 6 | B104: 0 | C104: =C103+B104 -> 0 | D104: 0 | E104: =E103+D104 -> 25 | F104: 0 | G104: =G103+F104 -> 10 | H104: 0 | I104: =I103+H104 -> 0 | J104: 0 | K104: =K103+J104 -> 20 | L104: 9.7 | M104: =M103+L104 -> 22.6
A105: 7 | B105: 0 | C105: =C104+B105 -> 0 | D105: 12.5 | E105: =E104+D105 -> 37.5 | F105: 10 | G105: =G104+F105 -> 20 | H105: 50 | I105: =I104+H105 -> 50 | J105: 0 | K105: =K104+J105 -> 20 | L105: 29 | M105: =M104+L105 -> 51.6
A106: 8 | B106: 0 | C106: =C105+B106 -> 0 | D106: 25 | E106: =E105+D106 -> 62.5 | F106: 30 | G106: =G105+F106 -> 50 | H106: 50 | I106: =I105+H106 -> 100 | J106: 30 | K106: =K105+J106 -> 50 | L106: 0 | M106: =M105+L106 -> 51.6
...

Sheet Product2012
A1: Business Survey - Production Entities 2012
B2: PMB | D2: DURBAN | F2: RICHARDS BAY | H2: PORT SHEPSTONE | J2: REST OF KZN | L2: PROVINCIAL
B3: =D3 -> As a percentage | C3: =E3 -> Less than Ogive | D3: =F3 -> As a percentage | E3: =G3 -> Less than Ogive | F3: =H3 -> As a percentage | G3: =I3 -> Less than Ogive | H3: As a percentage | I3: Less than Ogive | J3: As a percentage | K3: Less than Ogive | L3: As a percentage | M3: Less than Ogive
A4: Industry by sector in which your business operates? | L4: =(0.08*B4+0.57*D4+0.06*F4+0.03*H4+0.03*J4)/77*100 -> 0
A5: Agriculture, Forestry, Hunting (Processing of Farm Products) | B5: 0 | D5: 0 | F5: 0 | H5: 0 | J5: 5.9 | L5: =(0.08*B5+0.57*D5+0.06*F5+0.03*H5+0.03*J5)/77*100 -> 0.22987013
A6: Farming (Basic production of agri products) | B6: 0 | D6: 0 | F6: 0 | H6: 0 | J6: 0 | L6: =(0.08*B6+0.57*D6+0.06*F6+0.03*H6+0.03*J6)/77*100 -> 0
A7: Mining | B7: 0 | D7: 0 | F7: 0 | H7: 0 | J7: 0 | L7: =(0.08*B7+0.57*D7+0.06*F7+0.03*H7+0.03*J7)/77*100 -> 0
A8: Quarrying | B8: 0 | F8: 0 | H8: 0 | J8: 0 | L8: =(0.08*B8+0.57*D8+0.06*F8+0.03*H8+0.03*J8)/77*100 -> 0
A9: Manufacturing | B9: 31.8 | D9: 24.2 | F9: 14.3 | H9: 0 | J9: 5.9 | L9: =(0.08*B9+0.57*D9+0.06*F9+0.03*H9+0.03*J9)/77*100 -> 22.562338
A10: Electricity, Gas & Water | B10: 4.5 | D10: 0 | F10: 0 | H10: 0 | J10: 5.9 | L10: =(0.08*B10+0.57*D10+0.06*F10+0.03*H10+0.03*J10)/77*100 -> 0.6974026
A11: Construction | B11: 0 | D11: 3.2 | F11: 28.5 | H11: 0 | J11: 5.9 | L11: =(0.08*B11+0.57*D11+0.06*F11+0.03*H11+0.03*J11)/77*100 -> 4.8194805
A12: Educational Institutions | B12: 4.5 | D12: 4.8 | F12: 14.3 | H12: 0 | J12: 0 | L12: =(0.08*B12+0.57*D12+0.06*F12+0.03*H12+0.03*J12)/77*100 -> 5.1350649
A13: Tourism, Catering & Accommodation | B13: 9.1 | D13: 6.5 | F13: 0 | H13: 66.7 | J13: 17.6 | L13: =(0.08*B13+0.57*D13+0.06*F13+0.03*H13+0.03*J13)/77*100 -> 9.0415584
A14: Wholesale & Retail | B14: 0 | D14: 11.3 | F14: 14.3 | H14: 0 | J14: 23.5 | L14: =(0.08*B14+0.57*D14+0.06*F14+0.03*H14+0.03*J14)/77*100 -> 10.394805
A15: Vehicle Sales | B15: 0 | D15: 0 | F15: 0 | H15: 0 | J15: 5.9 | L15: =(0.08*B15+0.57*D15+0.06*F15+0.03*H15+0.03*J15)/77*100 -> 0.22987013
A16: Transport, Storage & Communications | B16: 0 | D16: 4.8 | F16: 0 | H16: 0 | J16: 0 | L16: =(0.08*B16+0.57*D16+0.06*F16+0.03*H16+0.03*J16)/77*100 -> 3.5532468
A17: Banks & Financial | B17: 0 | D17: 3.3 | F17: 0 | H17: 0 | J17: 5.9 | L17: =(0.08*B17+0.57*D17+0.06*F17+0.03*H17+0.03*J17)/77*100 -> 2.6727273
A18: Legal | B18: 4.5 | D18: 0 | F18: 14.3 | H18: 0 | J18: 0 | L18: =(0.08*B18+0.57*D18+0.06*F18+0.03*H18+0.03*J18)/77*100 -> 1.5818182
A19: Insurance , Pension & Medical Aid Funds | B19: 0 | D19: 0 | F19: 0 | H19: 0 | J19: 0 | L19: =(0.08*B19+0.57*D19+0.06*F19+0.03*H19+0.03*J19)/77*100 -> 0
A20: Real Estate | B20: 0 | D20: 3.2 | F20: 0 | H20: 0 | J20: 0 | L20: =(0.08*B20+0.57*D20+0.06*F20+0.03*H20+0.03*J20)/77*100 -> 2.3688312
A21: Business Services | B21: 4.7 | D21: 14.5 | F21: 0 | H21: 16.6 | J21: 0 | L21: =(0.08*B21+0.57*D21+0.06*F21+0.03*H21+0.03*J21)/77*100 -> 11.868831
A22: Central Government | B22: 0 | F22: 0 | H22: 0 | J22: 0 | L22: =(0.08*B22+0.57*D22+0.06*F22+0.03*H22+0.03*J22)/77*100 -> 0
